Workbook

Sheet AMFI Methodology
A1: Stress Test
A2: Pro-rata liquidation after removing bottom 20% of portfolio based on scrip liquidity (considering 10% PV with 3x volumes)
A3: Sample Working
A4: After removing 20% bottom liquid portfolio - Highlighted in red
A5: No. of days for 100% Pro-rata | B5: =J14 -> 66.666667
A6: No. of days for 50% Pro-rata | B6: =B5*50% -> 33.333333 | C6: 50% portfolio
A7: No. of days for 25% Pro-rata | B7: =B5*25% -> 16.666667 | C7: 25% portfolio
E8: =SUM(E11:E25) -> 13050 | F8: =E11/E8 -> 0.11494253
A10: Scheme Name | B10: Date | C10: Instrument Name | D10: Holding (%) | E10: Market Value (Crs) | F10: No of Shares | G10: Combined Volume of Shares | H10: 3x Volumes | I10: 10% of 3x volume | J10: No. of Days (10% Participation) | K10: Cummulative holding | L10: Scheme AUM
A11: ABC Midcap Fund | B11: 45322 | C11: Security 1 | D11: 10 | E11: =L11*D11% -> 1500 | F11: 7700000 | G11: 300000 | H11: =G11*3 -> 900000 | I11: =H11*10% -> 90000 | J11: =F11/I11 -> 85.555556 | K11: =D11 -> 10 | L11: 15000
A12: ABC Midcap Fund | B12: 45322 | C12: Security 2 | D12: 7 | E12: =L12*D12% -> 1050 | F12: 23000000 | G12: 1000000 | H12: =G12*3 -> 3000000 | I12: =H12*10% -> 300000 | J12: =F12/I12 -> 76.666667 | K12: =K11+D12 -> 17 | L12: 15000
A13: ABC Midcap Fund | B13: 45322 | C13: Security 3 | D13: 3 | E13: =L13*D13% -> 450 | F13: 35000000 | G13: 1700000 | H13: =G13*3 -> 5100000 | I13: =H13*10% -> 510000 | J13: =F13/I13 -> 68.627451 | K13: =K12+D13 -> 20 | L13: 15000
A14: ABC Midcap Fund | B14: 45322 | C14: Security 4 | D14: 10 | E14: =L14*D14% -> 1500 | F14: 5000000 | G14: 250000 | H14: =G14*3 -> 750000 | I14: =H14*10% -> 75000 | J14: =F14/I14 -> 66.666667 | K14: =K13+D14 -> 30 | L14: 15000
A15: ABC Midcap Fund | B15: 45322 | C15: Security 5 | D15: 9 | E15: =L15*D15% -> 1350 | F15: 45000000 | G15: 2800000 | H15: =G15*3 -> 8400000 | I15: =H15*10% -> 840000 | J15: =F15/I15 -> 53.571429 | K15: =K14+D15 -> 39 | L15: 15000
A16: ABC Midcap Fund | B16: 45322 | C16: Security 6 | D16: 10 | E16: =L16*D16% -> 1500 | F16: 24000000 | G16: 1500000 | H16: =G16*3 -> 4500000 | I16: =H16*10% -> 450000 | J16: =F16/I16 -> 53.333333 | K16: =K15+D16 -> 49 | L16: 15000
A17: ABC Midcap Fund | B17: 45322 | C17: Security 7 | D17: 5 | E17: =L17*D17% -> 750 | F17: 5000000 | G17: 1500000 | H17: =G17*3 -> 4500000 | I17: =H17*10% -> 450000 | J17: =F17/I17 -> 11.111111 | K17: =K16+D17 -> 54 | L17: 15000
A18: ABC Midcap Fund | B18: 45322 | C18: Security 8 | D18: 6 | E18: =L18*D18% -> 900 | F18: 10000000 | G18: 4500000 | H18: =G18*3 -> 13500000 | I18: =H18*10% -> 1350000 | J18: =F18/I18 -> 7.4074074 | K18: =K17+D18 -> 60 | L18: 15000
A19: ABC Midcap Fund | B19: 45322 | C19: Security 9 | D19: 12 | E19: =L19*D19% -> 1800 | F19: 18000000 | G19: 8500000 | H19: =G19*3 -> 25500000 | I19: =H19*10% -> 2550000 | J19: =F19/I19 -> 7.0588235 | K19: =K18+D19 -> 72 | L19: 15000
A20: ABC Midcap Fund | B20: 45322 | C20: Security 10 | D20: 8 | E20: =L20*D20% -> 1200 | F20: 9000000 | G20: 8000000 | H20: =G20*3 -> 24000000 | I20: =H20*10% -> 2400000 | J20: =F20/I20 -> 3.75 | K20: =K19+D20 -> 80 | L20: 15000
A21: ABC Midcap Fund | B21: 45322 | C21: Nifty Long_Current Month (Futures) | D21: 5 | E21: =L21*D21% -> 750 | F21: 3200000 | G21: 3000000 | H21: =G21*3 -> 9000000 | I21: =H21*10% -> 900000 | J21: =F21/I21 -> 3.5555556 | K21: =K20+D21 -> 85 | L21: 15000
A22: ABC Midcap Fund | B22: 45322 | C22: Nifty Short_Current Month (Futures) | D22: -5 | E22: =L22*D22% -> -750 | F22: 2000000 | G22: 3000000 | H22: =G22*3 -> 9000000 | I22: =H22*10% -> 900000 | J22: =F22/I22 -> 2.2222222 | K22: =K21-D22 -> 90 | L22: 15000
A23: ABC Midcap Fund | B23: 45322 | C23: Security 10 Short (Futures) | D23: -3 | E23: =L23*D23% -> -450 | F23: 2700000 | G23: 5000000 | H23: =G23*3 -> 15000000 | I23: =H23*10% -> 1500000 | J23: =F23/I23 -> 1.8 | K23: =K22 -> 90 | L23: 15000
A24: ABC Midcap Fund | B24: 45322 | C24: Security 11 Long (Futures) | D24: 5 | E24: =L24*D24% -> 750 | F24: 3000000 | G24: 7500000 | H24: =G24*3 -> 22500000 | I24: =H24*10% -> 2250000 | J24: =F24/I24 -> 1.3333333 | K24: =K23+D24 -> 95 | L24: 15000
A25: ABC Midcap Fund | B25: 45322 | C25: Cash | D25: 5 | E25: =L25*D25% -> 750 | F25: - | G25: 0 | H25: =G25*3 -> 0 | I25: =H25*10% -> 0 | J25: 0 | K25: =K24+D25 -> 100 | L25: 15000
A26: Total | D26: =SUM(D11:D20)+D21+D24+D25-D22 -> 100 | E26: =SUM(E11:E25) -> 13050 | L26: 15000
A28: Methodology
A29: No of days to liquidate each stock in the portfolio is calculated above.
A30: For this 3 times the combined volumes on NSE and BSE has been considered.
A31: Assuming a participation of 10%, number of days to liquidate each stock is calculated.
A32: No. of days for 100% pro rata is the most illiquid stock after excluding top illiquid stocks in the portfolio (comprising upto 20% of the AUM).
A33: No. of days for 50% and 25% Pro-rata is 50% and 25% of No. of days for 100% Pro-rata respectively.

Sheet Pls Chk
C2: 25 | D2: 50 | E2: 75 | F2: 100 | G2: 125 | H2: 150 | I2: 200 | J2: 250 | K2: 500 | L2: 1000 | M2: 2500 | N2: 5000
B3: Midcap | C3: =COUNTIFS(#REF!,">="&C$2) -> #REF! | D3: =COUNTIFS(#REF!,"<="&D$2,#REF!,">"&C$2) -> #REF! | E3: =COUNTIFS(#REF!,"<="&E$2,#REF!,">"&D$2) -> #REF! | F3: =COUNTIFS(#REF!,"<="&F$2,#REF!,">"&E$2) -> #REF! | G3: =COUNTIFS(#REF!,"<="&G$2,#REF!,">"&F$2) -> #REF! | H3: =COUNTIFS(#REF!,"<="&H$2,#REF!,">"&G$2) -> #REF! | I3: =COUNTIFS(#REF!,"<="&I$2,#REF!,">"&H$2) -> #REF! | J3: =COUNTIFS(#REF!,"<="&J$2,#REF!,">"&I$2) -> #REF! | K3: =COUNTIFS(#REF!,"<="&K$2,#REF!,">"&J$2) -> #REF! | L3: =COUNTIFS(#REF!,"<="&L$2,#REF!,">"&K$2) -> #REF! | N3: =COUNTIFS(#REF!,"<="&N$2,#REF!,">"&L$2) -> #REF!
B4: Weights | C4: =SUMIFS(#REF!,#REF!,"<="&C$2)% -> #REF! | D4: =SUMIFS(#REF!,#REF!,">"&C$2,#REF!,"<="&D$2)% -> #REF! | E4: =SUMIFS(#REF!,#REF!,">"&D$2,#REF!,"<="&E$2)% -> #REF! | F4: =SUMIFS(#REF!,#REF!,">"&E$2,#REF!,"<="&F$2)% -> #REF! | G4: =SUMIFS(#REF!,#REF!,">"&F$2,#REF!,"<="&G$2)% -> #REF! | H4: =SUMIFS(#REF!,#REF!,">"&G$2,#REF!,"<="&H$2)% -> #REF! | I4: =SUMIFS(#REF!,#REF!,">"&H$2,#REF!,"<="&I$2)% -> #REF! | J4: =SUMIFS(#REF!,#REF!,">"&I$2,#REF!,"<="&J$2)% -> #REF! | K4: =SUMIFS(#REF!,#REF!,">"&J$2,#REF!,"<="&K$2)% -> #REF! | L4: =SUMIFS(#REF!,#REF!,">"&K$2,#REF!,"<="&L$2)% -> #REF! | N4: =SUMIFS(#REF!,#REF!,">"&L$2,#REF!,"<="&N$2)% -> #REF! | O4: =SUM(C4:N4) -> #REF!
B8: P/E Rante | C8: 25 | D8: 50 | E8: 75 | F8: 100 | G8: 125 | H8: 150 | I8: 200 | J8: 250 | K8: 500 | L8: 1000 | M8: 2500 | N8: 5000
B9: Smallcap | C9: =COUNTIFS(#REF!,">="&C$8) -> #REF! | D9: =COUNTIFS(#REF!,"<="&D$8,#REF!,">"&C$8) -> #REF! | E9: =COUNTIFS(#REF!,"<="&E$8,#REF!,">"&D$8) -> #REF! | F9: =COUNTIFS(#REF!,"<="&F$8,#REF!,">"&E$8) -> #REF! | G9: =COUNTIFS(#REF!,"<="&G$8,#REF!,">"&F$8) -> #REF! | H9: =COUNTIFS(#REF!,"<="&H$8,#REF!,">"&G$8) -> #REF! | I9: =COUNTIFS(#REF!,"<="&I$8,#REF!,">"&H$8) -> #REF! | J9: =COUNTIFS(#REF!,"<="&J$8,#REF!,">"&I$8) -> #REF! | K9: =COUNTIFS(#REF!,"<="&K$8,#REF!,">"&J$8) -> #REF! | ... M9: =COUNTIFS(#REF!,"<="&M$8,#REF!,">"&L$8) -> #REF! | N9: =COUNTIFS(#REF!,"<="&N$8,#REF!,">"&L$8) -> #REF!
B10: Weights | C10: =SUMIFS(#REF!,#REF!,"<="&C$8)% -> #REF! | D10: =SUMIFS(#REF!,#REF!,">"&C$8,#REF!,"<="&D$8)% -> #REF! | E10: =SUMIFS(#REF!,#REF!,">"&D$8,#REF!,"<="&E$8)% -> #REF! | F10: =SUMIFS(#REF!,#REF!,">"&E$8,#REF!,"<="&F$8)% -> #REF! | G10: =SUMIFS(#REF!,#REF!,">"&F$8,#REF!,"<="&G$8)% -> #REF! | H10: =SUMIFS(#REF!,#REF!,">"&G$8,#REF!,"<="&H$8)% -> #REF! | I10: =SUMIFS(#REF!,#REF!,">"&H$8,#REF!,"<="&I$8)% -> #REF! | J10: =SUMIFS(#REF!,#REF!,">"&I$8,#REF!,"<="&J$8)% -> #REF! | K10: =SUMIFS(#REF!,#REF!,">"&J$8,#REF!,"<="&K$8)% -> #REF! | ... N10: =SUMIFS(#REF!,#REF!,">"&M$8,#REF!,"<="&N$8)% -> #REF! | O10: =SUM(C10:N10) -> #REF!
C14: LIC MF Midcap Fund | J14: LIC MF Smallcap Fund
B15: ISIN | C15: Security Name | D15: % Holding | E15: EPS | F15: PE Ratio | I15: ISIN | J15: Security Name | K15: % Holding | L15: EPS | M15: PE Ratio | U15: Smallcap
B16: INE908D01010 | C16: SHAKTI PUMPS (INDIA) LTD | D16: 5.5187 | E16: 76.910004 | F16: 55.609804 | I16: INE717A01029 | J16: KENNAMETAL INDIA LTD | K16: 2.7999 | L16: 39.91 | M16: 84.690554 | U16: Nof Stocks
B17: INE221J01015 | C17: SHARDA CROPCHEM LTD | D17: 1.3292 | E17: 3.53 | F17: 160.77903 | I17: INE0LCL01028 | J17: AVALON TECHNOLOGIES LTD. | K17: 1.3899 | L17: 4.29 | M17: 121.66667
B18: INE384C01016 | C18: YUKEN INDIA LIMITED | D18: 0.4193 | E18: 14.75 | F18: 87.813559 | I18: INE025R01021 | J18: ARTEMIS MEDICARE SERVICES LTD | K18: 1.7444 | L18: 3.619796 | M18: 72.865987
B19: INE317I01021 | C19: METRO BRANDS LIMITED | D19: 1.2614 | E19: 15.18 | F19: 89.054674 | I19: INE999A01023 | J19: KSB LIMITED | K19: 2.3201 | L19: 11.994 | M19: 80.177589
B20: INE955V01021 | C20: ARVIND FASHIONS LTD | D20: 1.4191 | E20: 6.0700002 | F20: 135.75597 | I20: INE955V01021 | J20: ARVIND FASHIONS LTD | K20: 2.4402 | L20: 6.0700002 | M20: 135.75597
B21: INE470A01017 | C21: 3M INDIA LTD | D21: 1.7658 | E21: 517.90002 | F21: 75.855955 | I21: INE464A01036 | J21: BHARAT BIJLEE LIMITED | K21: 2.7436 | L21: 58.145 | M21: 86.540543
B22: INE913H01037 | C22: ENDURANCE TECHNOLOGIES LTD | D22: 1.7818 | E22: 48.380001 | F22: 53.759815 | I22: INE254N01026 | J22: HINDUSTAN FOODS LIMITED | K22: 0.7892 | L22: 8.2299995 | M22: 71.38518
B23: INE342J01019 | C23: ZF COMMERCIAL VEHICLE CTRL SYS IND LTD. | D23: 1.863 | E23: 213.41 | F23: 74.187714 | I23: INE278M01019 | J23: NAVKAR CORPORATION LTD | K23: 1.9786 | L23: -0.12 | M23: 388.3243
B24: INE405E01023 | C24: UNO MINDA LTD | D24: 3.444 | E24: 15.36 | F24: 67.773439 | I24: INE908D01010 | J24: SHAKTI PUMPS (INDIA) LTD | K24: 4.0699 | L24: 76.910004 | M24: 55.609804
B25: INE474Q01031 | C25: GLOBAL HEALTH LTD. | D25: 1.418 | E25: 17.799999 | F25: 69.769667 | I25: INE221J01015 | J25: SHARDA CROPCHEM LTD | K25: 0.9856 | L25: 3.53 | M25: 160.77903
B26: INE671A01010 | C26: HONEYWELL AUTOMATION INDIA LTD | D26: 1.2553 | E26: 567.09686 | F26: 96.027597 | I26: INE419M01027 | J26: TD POWER SYSTEMS LTD | K26: 1.809 | L26: 7.5799999 | M26: 54.802111
B27: INE513A01022 | C27: SCHAEFFLER INDIA LTD | D27: 1.9259 | E27: 57.5 | F27: 74.214784 | I27: INE200A01026 | J27: GE T&D INDIA LTD | K27: 1.0091 | L27: 7.0700002 | M27: 224.19378
B28: INE151A01013 | C28: TATA COMMUNICATIONS LTD | D28: 1.7557 | E28: 33.98 | F28: 58.585934 | I28: INE285A01027 | J28: ELGI EQUIPMENTS LTD | K28: 1.4937 | L28: 9.8599997 | M28: 70.263693
... B50: INE263A01024 | C50: BHARAT ELECTRONICS LTD | D50: 2.9627 | E50: 5.4499998 | F50: 57.990825 | I50: INE067A01029 | J50: CG POWER AND INDUSTRIAL SOLUTIONS LTD | K50: 0.9908 | L50: 9.3400002 | M50: 129.12281
B51: INE758T01015 | C51: ZOMATO LTD | D51: 1.6517 | E51: 0.41 | F51: 559.63414

Sheet Portfolio Data
A1: Fund ID | B1: FUND NAME | C1: ISIN | D1: Security Desc | E1: ISSUER_NAME | F1: INV_TYPE | G1: Maturity Date | H1: HOLDING | I1: YTM | J1: Market Price | K1: Accrued Interest | L1: SEC_RATING_SHORT_TERM | M1: RATING_PROV | N1: SEC_RATING_LONG_TERM | O1: RATING PROV | P1: ASS_INDUSTRY | Q1: MAT_VALUE | R1: Maturity In Years | S1: Total Face Value | T1: NAV_DATE | U1: GTI | V1: SEC CODE | W1: SEC_CURR | X1: WT COST | Y1: Book Cost | Z1: AMORT_COST | AA1: Prev Market Price | AB1: % Price Var | AC1: Mkt Val- Sec curr | AD1: MKT_VAL_FUND_CURR | AE1: YTD Amort-Sec Curr | AF1: Ureal G/L-Currt Day | AG1: Ureal G/L-Prev Day | AH1: Ureal G/L Per Day | AI1: Realised Gain/Loss | AJ1: TNA | AK1: Percentage of TNA | AL1: SEC_CODE_AMC | AM1: PRICE_SOURCE | AN1: ISSUER_ID | AO1: BASIC_MAIN_INDUS | AP1: INT_RATE | AQ1: LAST_COUPON_DT | AR1: NEXT_COUPON_DT | AS1: DAYS_TO_MAT | AT1: INT_FREQ | AU1: PRICE_DT | AV1: SECQUOTPLACE | AW1: Face Value | AX1: Put/Call | AY1: Listed/Unlisted | AZ1: Closing FX rate | BA1: Rating_Crisil | BB1: Rating_ICRA | BC1: Yield_Crisils | BD1: Yield_ICRAs | BE1: Price_Crisils | BF1: Price_ICRAs | BG1: Fund_Type | BH1: Fund Code_Client | BI1: Modified Duration CRISIL | BJ1: Modified Duration ICRA | BK1: Aggregated Modified Duration | BL1: Value of incl Market Value + Accrued Int | BM1: Percentage of TNA Incl. Accrued interest | BN1: Sector | BO1: Aggregated MacD | BP1: Total Amount | BQ1: Amt Outstanding | BR1: Bespoke Pct | BS1: Bespoke Flag | BT1: Annualised_Yield
A2: LDBOND | B2: LIC MF Medium to Long Duration Fund | C2: INE040A08807 | D2: 8% HDFC BANK LTD NCD RED 27-07-2032 | E2: HDFC Bank Ltd. | F2: Investment - Corporate Bonds / Debentures | G2: 48422 | H2: 1000000 | I2: 0.072 | J2: 104.3431 | K2: 6093150.7 | L2: AAA | M2: CRISIL | N2: AAA | O2: CRISIL | P2: Private Sector Bank | Q2: 100000000 | R2: 7.25 | S2: 100000000 | T2: 45777 | U2: 202 | V2: 147277 | W2: INR | X2: 100.25 | Y2: 100250000 | AA2: 104.4715 | AB2: -0.12 | AC2: 104343100 | AD2: 104343100 | AE2: 0 | AF2: 4093100 | AG2: 4221500 | AH2: -128400 | AJ2: 1.9805488e+09 | AK2: 5.2684 | AL2: BBG018YWGNF9 | AM2: SLV | AN2: 6884 | AO2: Banks | AP2: 8 | AQ2: 45500 | AR2: 45865 | AS2: 2645 | AT2: Year | AU2: 45777 | AV2: CBV | AW2: 100 | AY2: LISTED | AZ2: 1 | BA2: CRISIL AAA | BB2: [ICRA]AAA | BC2: 0.0719 | BD2: 0.0721 | BE2: 104.3996 | BF2: 104.2865 | BG2: Debt | BH2: LIC33 | BI2: 5.12229 | BJ2: 5.12029 | BK2: 5.12129 | BL2: 1.1043625e+08 | BM2: 5.576 | BN2: Financial Services | BO2: 5.49003 | BQ2: 110000000000 | BR2: 0.09 | BS2: N
A3: LDBOND | B3: LIC MF Medium to Long Duration Fund | C3: INE936D07190 | D3: 7.43% JAMNAGAR UTI& PWR SR PPD8 24-10-34 | E3: Jamnagar Utilities & Power Pvt. Ltd. | F3: Investment - Corporate Bonds / Debentures | G3: 49241 | H3: 1000000 | I3: 0.0726 | J3: 101.0721 | K3: 3847315.1 | L3: AAA | M3: CRISIL | N3: AAA | O3: CRISIL | P3: Power Generation | Q3: 100000000 | R3: 9.49 | S3: 100000000 | T3: 45777 | U3: 202 | V3: 176167 | W3: INR | X3: 100 | Y3: 100000000 | AA3: 101.0723 | AB3: 0 | AC3: 101072100 | AD3: 101072100 | AE3: 0 | AF3: 1072100 | AG3: 1072300 | AH3: -200 | AJ3: 1.9805488e+09 | AK3: 5.1032 | AL3: BBG01QB93M61 | AM3: SLV | AN3: 772543 | AO3: Power | AP3: 7.43 | AQ3: 45589 | AR3: 45954 | AS3: 3464 | AT3: Year | AU3: 45777 | AV3: CBV | AW3: 100 | AY3: LISTED | AZ3: 1 | BA3: CRISIL AAA | BB3: CRISIL AAA | BC3: 0.0729 | BD3: 0.0723 | BE3: 100.8697 | BF3: 101.2745 | BG3: Debt | BH3: LIC33 | BI3: 6.42527 | BJ3: 6.43436 | BK3: 6.42982 | BL3: 1.0491942e+08 | BM3: 5.2975 | BN3: Power | BO3: 6.89662 | BQ3: 100000000000 | BR3: 6.25 | BS3: N
A4: LDBOND | B4: LIC MF Medium to Long Duration Fund | C4: IN0020240126 | D4: 6.79% GOVT OF INDIA RED 07-10-2034 | E4: Government of India | F4: Investment - Government Bonds | G4: 49224 | H4: 500000 | I4: 0.06359 | J4: 103.02 | K4: 226333.33 | L4: SOV | M4: SOVEREIGN | N4: SOV | O4: SOVEREIGN | P4: Government of India | Q4: 50000000 | R4: 9.31 | S4: 50000000 | T4: 45777 | U4: 203 | V4: 175034 | W4: INR | X4: 100.0193 | Y4: 50009643 | AA4: 103.1427 | AB4: -0.12 | AC4: 51510000 | AD4: 51510000 | AE4: 0 | AF4: 1500357.1 | AG4: 1561707.1 | AH4: -61350 | AJ4: 1.9805488e+09 | AK4: 2.6008 | AL4: BBG01Q35RT30 | AM4: SLV | AN4: 73639 | AO4: Government of India | AP4: 6.79 | AQ4: 45754 | AR4: 45937 | AS4: 3397 | AT4: Half-year | AU4: 45777 | AV4: CBV | AW4: 100 | AY4: LISTED | AZ4: 1 | BA4: Sovereign | BB4: Sovereign | BC4: 0.06359 | BD4: 0.06359 | BE4: 103.0199 | BF4: 103.0201 | BG4: Debt | BH4: LIC33 | BI4: 6.90654 | BJ4: 6.90655 | BK4: 6.90655 | BL4: 51736333 | BM4: 2.6122 | BN4: Government of India | BO4: 7.12612 | BT4: 0.0646
A5: LDBOND | B5: LIC MF Medium to Long Duration Fund | C5: IN0020240019 | D5: 7.10% GOVT OF INDIA RED 08-04-2034 | E5: Government of India | F5: Investment - Government Bonds | G5: 49042 | H5: 4050000 | I5: 0.06367 | J5: 104.9345 | K5: 1837125 | L5: SOV | M5: SOVEREIGN | N5: SOV | O5: SOVEREIGN | P5: Government of India | Q5: 405000000 | R5: 8.82 | S5: 405000000 | T5: 45777 | U5: 203 | V5: 168644 | W5: INR | X5: 102.4646 | Y5: 4.1498152e+08 | AA5: 105.013 | AB5: -0.07 | AC5: 424984725 | AD5: 424984725 | AE5: 0 | AF5: 10003207 | AG5: 10321132 | AH5: -317925 | AJ5: 1.9805488e+09 | AK5: 21.4579 | AL5: BBG01M86JP48 | AM5: SLV | AN5: 73639 | AO5: Government of India | AP5: 7.1 | AQ5: 45755 | AR5: 45938 | AS5: 3218 | AT5: Half-year | AU5: 45777 | AV5: CBV | AW5: 100 | AY5: LISTED | AZ5: 1 | BA5: Sovereign | BB5: Sovereign | BC5: 0.06367 | BD5: 0.06367 | BE5: 104.9346 | BF5: 104.9344 | BG5: Debt | BH5: LIC33 | BI5: 6.58768 | BJ5: 6.58767 | BK5: 6.58768 | BL5: 426821850 | BM5: 21.5507 | BN5: Government of India | BO5: 6.79738 | BT5: 0.06468
A6: LDBOND | B6: LIC MF Medium to Long Duration Fund | C6: IN0020230085 | D6: 7.18% GOVT OF INDIA RED 14-08-2033 | E6: Government of India | F6: Investment - Government Bonds | G6: 48805 | H6: 1250000 | I6: 0.06351 | J6: 105.2655 | K6: 1919652.8 | L6: SOV | M6: SOVEREIGN | N6: SOV | O6: SOVEREIGN | P6: Government of India | Q6: 125000000 | R6: 8.18 | S6: 125000000 | T6: 45777 | U6: 203 | V6: 160576 | W6: INR | X6: 100.0096 | Y6: 1.2501199e+08 | AA6: 105.312 | AB6: -0.04 | AC6: 131581875 | AD6: 131581875 | AE6: 0 | AF6: 6569882.1 | AG6: 6628007.1 | AH6: -58125 | AJ6: 1.9805488e+09 | AK6: 6.6437 | AL6: BBG01HT0LQW3 | AM6: SLV | AN6: 73639 | AO6: Government of India | AP6: 7.18 | AQ6: 45702 | AR6: 45883 | AS6: 2984 | AT6: Half-year | AU6: 45777 | AV6: CBV | AW6: 100 | AY6: LISTED | AZ6: 1 | BA6: Sovereign | BB6: Sovereign | BC6: 0.06351 | BD6: 0.06351 | BE6: 105.2656 | BF6: 105.2653 | BG6: Debt | BH6: LIC33 | BI6: 6.15649 | BJ6: 6.15649 | BK6: 6.15649 | BL6: 1.3350153e+08 | BM6: 6.7406 | BN6: Government of India | BO6: 6.35198 | BT6: 0.06452
A7: LDBOND | B7: LIC MF Medium to Long Duration Fund | C7: IN1520220055 | D7: 7.8% GUJARAT SDL RED 20-07-2032 | E7: State Government of Gujarat | F7: Investment - State Development Loans | G7: 48415 | H7: 2500000 | I7: 0.06657 | J7: 106.453 | K7: 5470833.3 | L7: SOV | M7: SOVEREIGN | N7: SOV | O7: SOVEREIGN | P7: Government of India | Q7: 250000000 | R7: 7.12 | S7: 250000000 | T7: 45777 | U7: 227 | V7: 146896 | W7: INR | X7: 102.4656 | Y7: 256164000 | AA7: 106.4805 | AB7: -0.03 | AC7: 266132500 | AD7: 266132500 | AE7: 0 | AF7: 9968500 | AG7: 10037250 | AH7: -68750 | AJ7: 1.9805488e+09 | AK7: 13.4373 | AL7: BBG018W6VWQ9 | AM7: SLV | AN7: 8133 | AO7: Government of India | AP7: 7.8 | AQ7: 45677 | AR7: 45858 | AS7: 2600 | AT7: Half-year | AU7: 45777 | AV7: CBV | AW7: 100 | AY7: LISTED | AZ7: 1 | BA7: Sovereign | BB7: Sovereign | BC7: 0.06644 | BD7: 0.0667 | BE7: 106.5298 | BF7: 106.3762 | BG7: Debt | BH7: LIC33 | BI7: 5.41834 | BJ7: 5.41631 | BK7: 5.41732 | BL7: 2.7160333e+08 | BM7: 13.7135 | BN7: Government of India | BO7: 5.59764 | BT7: 0.06768
A8: LDBOND | B8: LIC MF Medium to Long Duration Fund | C8: IN2220240401 | D8: 7.12% MAHARASHTRA SDL RED 05-02-2036 | E8: State Government of Maharashtra | F8: Investment - State Development Loans | G8: 49710 | H8: 1000000 | I8: 0.06726 | J8: 102.9721 | K8: 1700888.9 | L8: SOV | M8: SOVEREIGN | N8: SOV | O8: SOVEREIGN | P8: Government of India | Q8: 100000000 | R8: 10.62 | S8: 100000000 | T8: 45777 | U8: 227 | V8: 180360 | W8: INR | X8: 100.59 | Y8: 100590000 | AA8: 102.8543 | AB8: 0.11 | AC8: 102972100 | AD8: 102972100 | AE8: 0 | AF8: 2382100 | AG8: 2264300 | AH8: 117800 | AJ8: 1.9805488e+09 | AK8: 5.1992 | AL8: BBG01S3KMK55 | AM8: SLV | AN8: 8142 | AO8: Government of India | AP8: 7.12 | AQ8: 45693 | AR8: 45874 | AS8: 3875 | AT8: Half-year | AU8: 45777 | AV8: CBV | AW8: 100 | AY8: LISTED | AZ8: 1 | BA8: Sovereign | BB8: Sovereign | BC8: 0.06731 | BD8: 0.0672 | BE8: 102.9293 | BF8: 103.0149 | BG8: Debt | BH8: LIC33 | BI8: 7.37311 | BJ8: 7.37495 | BK8: 7.37403 | BL8: 1.0467299e+08 | BM8: 5.285 | BN8: Government of India | BO8: 7.622 | BT8: 0.06839
A9: LDBOND | B9: LIC MF Medium to Long Duration Fund | C9: IN2220220114 | D9: 7.64% MAHARASHTRA SDL RED 28-09-2032 | E9: State Government of Maharashtra | F9: Investment - State Development Loans | G9: 48485 | H9: 1500000 | I9: 0.06652 | J9: 105.6949 | K9: 1050500 | L9: SOV | M9: SOVEREIGN | N9: SOV | O9: SOVEREIGN | P9: Government of India | Q9: 150000000 | R9: 7.31 | S9: 150000000 | T9: 45777 | U9: 227 | V9: 151713 | W9: INR | X9: 100.58 | Y9: 150870000 | AA9: 105.6836 | AB9: 0.01 | AC9: 158542350 | AD9: 158542350 | AE9: 0 | AF9: 7672350 | AG9: 7655400 | AH9: 16950 | AJ9: 1.9805488e+09 | AK9: 8.005 | AL9: BBG019TX0861 | AM9: SLV | AN9: 8142 | AO9: Government of India | AP9: 7.64 | AQ9: 45744 | AR9: 45928 | AS9: 2668 | AT9: Half-year | AU9: 45777 | AV9: CBV | AW9: 100 | AY9: LISTED | AZ9: 1 | BA9: Sovereign | BB9: Sovereign | BC9: 0.06635 | BD9: 0.0667 | BE9: 105.8007 | BF9: 105.5891 | BG9: Debt | BH9: LIC33 | BI9: 5.62051 | BJ9: 5.61774 | BK9: 5.61912 | BL9: 159592850 | BM9: 8.058 | BN9: Government of India | BO9: 5.80602 | BT9: 0.06763
A10: LDBOND | B10: LIC MF Medium to Long Duration Fund | C10: IN2220220205 | D10: 7.7% MAHARASHTRA SDL RED 08-03-2033 | E10: State Government of Maharashtra | F10: Investment - State Development Loans | G10: 48646 | H10: 3250000 | I10: 0.0668 | J10: 106.1415 | K10: 3684236.1 | L10: SOV | M10: SOVEREIGN | N10: SOV | O10: SOVEREIGN | P10: Government of India | Q10: 325000000 | R10: 7.75 | S10: 325000000 | T10: 45777 | U10: 227 | V10: 154831 | W10: INR | X10: 100.07 | Y10: 325227500 | AA10: 106.2382 | AB10: -0.09 | AC10: 344959875 | AD10: 344959875 | AE10: 0 | AF10: 19732375 | AG10: 20046650 | AH10: -314275 | AJ10: 1.9805488e+09 | AK10: 17.4174 | AL10: BBG01FQH8BJ6 | AM10: SLV | AN10: 8142 | AO10: Government of India | AP10: 7.7 | AQ10: 45724 | AR10: 45908 | AS10: 2828 | AT10: Half-year | AU10: 45777 | AV10: CBV | AW10: 100 | AY10: LISTED | AZ10: 1 | BA10: Sovereign | BB10: Sovereign | BC10: 0.0668 | BD10: 0.0668 | BE10: 106.141 | BF10: 106.1419 | BG10: Debt | BH10: LIC33 | BI10: 5.84016 | BJ10: 5.84017 | BK10: 5.84016 | BL10: 3.4864411e+08 | BM10: 17.6034 | BN10: Government of India | BO10: 6.03523 | BT10: 0.06792
A11: LDBOND | B11: LIC MF Medium to Long Duration Fund | C11: IN2220230139 | D11: 7.71% MAHARASHTRA SDL RED 08-11-2033 | E11: State Government of Maharashtra | F11: Investment - State Development Loans | G11: 48891 | H11: 1250000 | I11: 0.0668 | J11: 106.607 | K11: 4631354.2 | L11: SOV | M11: SOVEREIGN | N11: SOV | O11: SOVEREIGN | P11: Government of India | Q11: 125000000 | R11: 8.41 | S11: 125000000 | T11: 45777 | U11: 227 | V11: 163099 | W11: INR | X11: 100.2178 | Y11: 1.2527228e+08 | AA11: 106.7095 | AB11: -0.1 | AC11: 133258750 | AD11: 133258750 | AE11: 0 | AF11: 7986465.9 | AG11: 8114590.9 | AH11: -128125 | AJ11: 1.9805488e+09 | AK11: 6.7284 | AL11: BBG01K1CW2Z8 | AM11: SLV | AN11: 8142 | AO11: Government of India | AP11: 7.71 | AQ11: 45604 | AR11: 45785 | AS11: 3068 | AT11: Half-year | AU11: 45777 | AV11: CBV | AW11: 100 | AY11: LISTED | AZ11: 1 | BA11: Sovereign | BB11: Sovereign | BC11: 0.0668 | BD11: 0.0668 | BE11: 106.6065 | BF11: 106.6075 | BG11: Debt | BH11: LIC33 | BI11: 6.05635 | BJ11: 6.05636 | BK11: 6.05635 | BL11: 1.378901e+08 | BM11: 6.9622 | BN11: Government of India | BO11: 6.25864 | BT11: 0.06792
A12: LDBOND | B12: LIC MF Medium to Long Duration Fund | C12: IN2220220072 | D12: 7.72% MAHARASHTRA SDL RED 25-05-2034 | E12: State Government of Maharashtra | F12: Investment - State Development Loans | G12: 49089 | H12: 300000 | I12: 0.0669 | J12: 106.9108 | K12: 1003600 | L12: SOV | M12: SOVEREIGN | N12: SOV | O12: SOVEREIGN | P12: Government of India | Q12: 30000000 | R12: 8.95 | S12: 30000000 | T12: 45777 | U12: 227 | V12: 168121 | W12: INR | X12: 102.0291 | Y12: 30608730 | AA12: 106.9471 | AB12: -0.03 | AC12: 32073240 | AD12: 32073240 | AE12: 0 | AF12: 1464510 | AG12: 1475400 | AH12: -10890 | AJ12: 1.9805488e+09 | AK12: 1.6194 | AL12: BBG017Q9Y3Y4 | AM12: SLV | AN12: 8142 | AO12: Government of India | AP12: 7.72 | AQ12: 45621 | AR12: 45802 | AS12: 3265 | AT12: Half-year | AU12: 45777 | AV12: CBV | AW12: 100 | AY12: LISTED | AZ12: 1 | BA12: Sovereign | BB12: Sovereign | BC12: 0.0668 | BD12: 0.067 | BE12: 106.9808 | BF12: 106.8407 | BG12: Debt | BH12: LIC33 | BI12: 6.35731 | BJ12: 6.35484 | BK12: 6.35608 | BL12: 33076840 | BM12: 1.6701 | BN12: Government of India | BO12: 6.56869 | BT12: 0.06802
A13: LDBOND | B13: LIC MF Medium to Long Duration Fund | C13: INTREP020525 | D13: TREPS_RED_02.05.2025 | E13: Clearing Corporation of India Ltd. | F13: Investment - TREPS | G13: 45779 | H13: 939970.96 | J13: 99.98357 | K13: 0 | P13: Others | Q13: 93997096 | R13: 0.01 | S13: 93997096 | T13: 45777 | U13: 247 | V13: 178347 | W13: INR | X13: 99.9671 | Y13: 93966214 | Z13: 93981655 | AC13: 93981655 | AD13: 93981655 | AE13: 15440.9 | AF13: 0 | AH13: 0 | AJ13: 1.9805488e+09 | AK13: 4.7452 | AL13: BBG01TS2WWP7 | AM13: UNL | AN13: 73640 | AO13: Others | AS13: 2 | AU13: 45777 | AV13: UNL | AW13: 100 | AY13: UNLISTED | AZ13: 1 | BG13: Debt | BH13: LIC33 | BL13: 93981655 | BM13: 4.7452 | BN13: Others
A14: LDBOND | B14: LIC MF Medium to Long Duration Fund | C14: INF0RQ622028 | D14: SBI CDMDF--A2 | E14: SBI Funds Management Ltd. | F14: Investment CDMDF | H14: 455.106 | J14: 11118.122 | K14: 0 | P14: AIF | R14: 0 | S14: 4551060 | T14: 45777 | U14: 620 | V14: 162785 | W14: INR | X14: 10021.338 | Y14: 4560771.2 | AA14: 11115.958 | AB14: 0.02 | AC14: 5059924.2 | AD14: 5059924.2 | AE14: 0 | AF14: 499153.01 | AG14: 498168.16 | AH14: 984.85 | AJ14: 1.9805488e+09 | AK14: 0.2555 | AL14: BBG01JXKFGP7 | AM14: UNL | AN14: 797694 | AO14: AIF | AS14: 0 | AU14: 45777 | AV14: UNL | AW14: 10000 | AY14: UNLISTED | AZ14: 1 | BG14: Debt | BH14: LIC33 | BL14: 5059924.2 | BM14: 0.2555 | BN14: AIF
A15: LDBOND | B15: LIC MF Medium to Long Duration Fund | F15: Other Net Assets | P15: MISCELLANEOUS | R15: 0 | T15: 45777 | AC15: 30076605 | AD15: 30076605 | AH15: 0 | AK15: 1.5186 | AO15: MISCELLANEOUS | AY15: LISTED | AZ15: 1 | BG15: Debt | BH15: LIC33 | BL15: -1388383.9 | BM15: -0.0699 | BN15: MISCELLANEOUS
A16: LDGETF | B16: LIC MF Nifty 8-13 yr G-Sec ETF | C16: IN0020240126 | D16: 6.79% GOVT OF INDIA RED 07-10-2034 | E16: Government of India | F16: Investment - Government Bonds | G16: 49224 | H16: 119800000 | I16: 0.06359 | J16: 103.02 | K16: 54248328 | L16: SOV | M16: SOVEREIGN | N16: SOV | O16: SOVEREIGN | P16: Government of India | Q16: 11980000000 | R16: 9.31 | S16: 11980000000 | T16: 45777 | U16: 203 | V16: 175034 | W16: INR | X16: 100.4482 | Y16: 1.2033694e+10 | AA16: 103.1427 | AB16: -0.12 | AC16: 12341796000 | AD16: 12341796000 | AE16: 0 | AF16: 3.0810151e+08 | AG16: 3.2283077e+08 | AH16: -14729260 | AJ16: 2.5253379e+10 | AK16: 48.8719 | AL16: BBG01Q35RT30 | AM16: SLV | AN16: 73639 | AO16: Government of India | AP16: 6.79 | AQ16: 45754 | AR16: 45937 | AS16: 3397 | AT16: Half-year | AU16: 45777 | AV16: CBV | AW16: 100 | AY16: LISTED | AZ16: 1 | BA16: Sovereign | BB16: Sovereign | BC16: 0.06359 | BD16: 0.06359 | BE16: 103.0199 | BF16: 103.0201 | BG16: Debt | BH16: LIC168 | BI16: 6.90654 | BJ16: 6.90655 | BK16: 6.90655 | BL16: 1.2396044e+10 | BM16: 49.0867 | BN16: Government of India | BO16: 7.12612 | BT16: 0.0646
A17: LDGETF | B17: LIC MF Nifty 8-13 yr G-Sec ETF | C17: IN0020240019 | D17: 7.10% GOVT OF INDIA RED 08-04-2034 | E17: Government of India | F17: Investment - Government Bonds | G17: 49042 | H17: 62654000 | I17: 0.06367 | J17: 104.9345 | K17: 28420551 | L17: SOV | M17: SOVEREIGN | N17: SOV | O17: SOVEREIGN | P17: Government of India | Q17: 6265400000 | R17: 8.82 | S17: 6265400000 | T17: 45777 | U17: 203 | V17: 168644 | W17: INR | X17: 101.234 | Y17: 6.3427122e+09 | AA17: 105.013 | AB17: -0.07 | AC17: 6574566163 | AD17: 6574566163 | AE17: 0 | AF17: 2.3185395e+08 | AG17: 2.3677229e+08 | AH17: -4918339 | AJ17: 2.5253379e+10 | AK17: 26.0344 | AL17: BBG01M86JP48 | AM17: SLV | AN17: 73639 | AO17: Government of India | AP17: 7.1 | AQ17: 45755 | AR17: 45938 | AS17: 3218 | AT17: Half-year | AU17: 45777 | AV17: CBV | AW17: 100 | AY17: LISTED | AZ17: 1 | BA17: Sovereign | BB17: Sovereign | BC17: 0.06367 | BD17: 0.06367 | BE17: 104.9346 | BF17: 104.9344 | BG17: Debt | BH17: LIC168 | BI17: 6.58768 | BJ17: 6.58767 | BK17: 6.58768 | BL17: 6.6029867e+09 | BM17: 26.1469 | BN17: Government of India | BO17: 6.79738 | BT17: 0.06468
A18: LDGETF | B18: LIC MF Nifty 8-13 yr G-Sec ETF | C18: IN0020230085 | D18: 7.18% GOVT OF INDIA RED 14-08-2033 | E18: Government of India | F18: Investment - Government Bonds | G18: 48805 | H18: 58071100 | I18: 0.06351 | J18: 105.2655 | K18: 89161134 | L18: SOV | M18: SOVEREIGN | N18: SOV | O18: SOVEREIGN | P18: Government of India | Q18: 5807110000 | R18: 8.18 | S18: 5807110000 | T18: 45777 | U18: 203 | V18: 160576 | W18: INR | X18: 100.4509 | Y18: 5.8332961e+09 | AA18: 105.312 | AB18: -0.04 | AC18: 6.1128834e+09 | AD18: 6.1128834e+09 | AE18: 0 | AF18: 2.7958727e+08 | AG18: 2.8714864e+08 | AH18: -7561374.3 | AI18: 4949068.2 | AJ18: 2.5253379e+10 | AK18: 24.2062 | AL18: BBG01HT0LQW3 | AM18: SLV | AN18: 73639 | AO18: Government of India | AP18: 7.18 | AQ18: 45702 | AR18: 45883 | AS18: 2984 | AT18: Half-year | AU18: 45777 | AV18: CBV | AW18: 100 | AY18: LISTED | AZ18: 1 | BA18: Sovereign | BB18: Sovereign | BC18: 0.06351 | BD18: 0.06351 | BE18: 105.2656 | BF18: 105.2653 | BG18: Debt | BH18: LIC168 | BI18: 6.15649 | BJ18: 6.15649 | BK18: 6.15649 | BL18: 6.2020445e+09 | BM18: 24.5593 | BN18: Government of India | BO18: 6.35198 | BT18: 0.06452
A19: LDGETF | B19: LIC MF Nifty 8-13 yr G-Sec ETF | C19: INTREP020525 | D19: TREPS_RED_02.05.2025 | E19: Clearing Corporation of India Ltd. | F19: Investment - TREPS | G19: 45779 | H19: 348440.38 | J19: 99.98357 | K19: 0 | P19: Others | Q19: 34844037 | R19: 0.01 | S19: 34844037 | T19: 45777 | U19: 247 | V19: 178347 | W19: INR | X19: 99.9671 | Y19: 34832590 | Z19: 34838314 | AC19: 34838314 | AD19: 34838314 | AE19: 5723.83 | AF19: 0 | AH19: 0 | AJ19: 2.5253379e+10 | AK19: 0.138 | AL19: BBG01TS2WWP7 | AM19: UNL | AN19: 73640 | AO19: Others | AS19: 2 | AU19: 45777 | AV19: UNL | AW19: 100 | AY19: UNLISTED | AZ19: 1 | BG19: Debt | BH19: LIC168 | BL19: 34838314 | BM19: 0.138 | BN19: Others
A20: LDGETF | B20: LIC MF Nifty 8-13 yr G-Sec ETF | F20: Other Net Assets | P20: MISCELLANEOUS | R20: 0 | T20: 45777 | AC20: 1.8929487e+08 | AD20: 1.8929487e+08 | AH20: 0 | AK20: 0.7495 | AO20: MISCELLANEOUS | AY20: LISTED | AZ20: 1 | BG20: Debt | BH20: LIC168 | BL20: 17464853 | BM20: 0.0691 | BN20: MISCELLANEOUS
A21: LDGSEC | B21: LIC MF Gilt Fund | C21: IN0020250018 | D21: 6.9% GOVT OF INDIA RED 15-04-2065 | E21: Government of India | F21: Investment - Government Bonds | G21: 60372 | H21: 1500000 | I21: 0.06795 | J21: 101.4394 | K21: 460000 | L21: SOV | M21: SOVEREIGN | N21: SOV | O21: SOVEREIGN | P21: Government of India | Q21: 150000000 | R21: 39.41 | S21: 150000000 | T21: 45777 | U21: 203 | V21: 182808 | W21: INR | X21: 100.3 | Y21: 150450000 | AA21: 101.5177 | AB21: -0.08 | AC21: 152159100 | AD21: 152159100 | AE21: 0 | AF21: 1709100 | AG21: 1826550 | AH21: -117450 | AJ21: 9.2412355e+08 | AK21: 16.4652 | AL21: BBG01TB005Q2 | AM21: SLV | AN21: 73639 | AO21: Government of India | AP21: 6.9 | AQ21: 45762 | AR21: 45945 | AS21: 14385 | AT21: Half-year | AU21: 45777 | AV21: CBV | AW21: 100 | AY21: LISTED | AZ21: 1 | BA21: Sovereign | BB21: Sovereign | BC21: 0.06795 | BD21: 0.06795 | BE21: 101.4382 | BF21: 101.4405 | BG21: Debt | BH21: LIC34 | BI21: 13.62222 | BJ21: 13.63185 | BK21: 13.63185 | BL21: 152619100 | BM21: 16.515 | BN21: Government of India | BO21: 14.09496 | BT21: 0.0691
A22: LDGSEC | B22: LIC MF Gilt Fund | C22: IN0020240175 | D22: 6.98% GOVT OF INDIA SGRB RED 16-12-2054 | E22: Government of India | F22: Investment - Government Bonds | G22: 56599 | H22: 500000 | I22: 0.06782 | J22: 102.4999 | K22: 1308750 | L22: SOV | M22: SOVEREIGN | N22: SOV | O22: SOVEREIGN | P22: Government of India | Q22: 50000000 | R22: 29.22 | S22: 50000000 | T22: 45777 | U22: 203 | V22: 182919 | W22: INR | X22: 101.41 | Y22: 50705000 | AA22: 102.7998 | AB22: -0.29 | AC22: 51249950 | AD22: 51249950 | AE22: 0 | AF22: 544950 | AG22: 694900 | AH22: -149950 | AJ22: 9.2412355e+08 | AK22: 5.5458 | AL22: BBG01R6PXDK0 | AM22: SLV | AN22: 73639 | AO22: Government of India | AP22: 6.98 | AQ22: 45642 | AR22: 45824 | AS22: 10666 | AT22: Half-year | AU22: 45777 | AV22: CBV | AW22: 100 | AY22: LISTED | AZ22: 1 | BA22: Sovereign | BB22: Sovereign | BC22: 0.06782 | BD22: 0.06782 | BE22: 102.4999 | BF22: 102.4999 | BG22: Debt | BH22: LIC34 | BI22: 12.32551 | BJ22: 12.32551 | BK22: 12.32551 | BL22: 52558700 | BM22: 5.6874 | BN22: Government of India | BO22: 12.74349 | BT22: 0.06897
A23: LDGSEC | B23: LIC MF Gilt Fund | C23: IN0020240019 | D23: 7.10% GOVT OF INDIA RED 08-04-2034 | E23: Government of India | F23: Investment - Government Bonds | G23: 49042 | H23: 200000 | I23: 0.06367 | J23: 104.9345 | K23: 90722.22 | L23: SOV | M23: SOVEREIGN | N23: SOV | O23: SOVEREIGN | P23: Government of India | Q23: 20000000 | R23: 8.82 | S23: 20000000 | T23: 45777 | U23: 203 | V23: 168644 | W23: INR | X23: 102.0187 | Y23: 20403747 | AA23: 105.013 | AB23: -0.07 | AC23: 20986900 | AD23: 20986900 | AE23: 0 | AF23: 583153.13 | AG23: 598853.13 | AH23: -15700 | AJ23: 9.2412355e+08 | AK23: 2.271 | AL23: BBG01M86JP48 | AM23: SLV | AN23: 73639 | AO23: Government of India | AP23: 7.1 | AQ23: 45755 | AR23: 45938 | AS23: 3218 | AT23: Half-year | AU23: 45777 | AV23: CBV | AW23: 100 | AY23: LISTED | AZ23: 1 | BA23: Sovereign | BB23: Sovereign | BC23: 0.06367 | BD23: 0.06367 | BE23: 104.9346 | BF23: 104.9344 | BG23: Debt | BH23: LIC34 | BI23: 6.58768 | BJ23: 6.58767 | BK23: 6.58768 | BL23: 21077622 | BM23: 2.2808 | BN23: Government of India | BO23: 6.79738 | BT23: 0.06468
A24: LDGSEC | B24: LIC MF Gilt Fund | C24: IN0020240027 | D24: 7.23% GOVT OF INDIA RED 15-04-2039 | E24: Government of India | F24: Investment - Government Bonds | G24: 50875 | H24: 1000000 | I24: 0.06456 | J24: 107.041 | K24: 321333.33 | L24: SOV | M24: SOVEREIGN | N24: SOV | O24: SOVEREIGN | P24: Government of India | Q24: 100000000 | R24: 13.77 | S24: 100000000 | T24: 45777 | U24: 203 | V24: 168826 | W24: INR | X24: 103.545 | Y24: 103545000 | AA24: 107.0947 | AB24: -0.05 | AC24: 107041000 | AD24: 107041000 | AE24: 0 | AF24: 3496000 | AG24: 3549700 | AH24: -53700 | AJ24: 9.2412355e+08 | AK24: 11.583 | AL24: BBG01MBTPT21 | AM24: SLV | AN24: 73639 | AO24: Government of India | AP24: 7.23 | AQ24: 45762 | AR24: 45945 | AS24: 5025 | AT24: Half-year | AU24: 45777 | AV24: CBV | AW24: 100 | AY24: LISTED | AZ24: 1 | BA24: Sovereign | BB24: Sovereign | BC24: 0.06456 | BD24: 0.06456 | BE24: 107.041 | BF24: 107.041 | BG24: Debt | BH24: LIC34 | BI24: 8.87856 | BJ24: 8.87856 | BK24: 8.87856 | BL24: 1.0736233e+08 | BM24: 11.6177 | BN24: Government of India | BO24: 9.16518 | BT24: 0.06561
A25: LDGSEC | B25: LIC MF Gilt Fund | C25: IN0020230051 | D25: 7.30% GOVT OF INDIA RED 19-06-2053 | E25: Government of India | F25: Investment - Government Bonds | G25: 56054 | H25: 1250000 | I25: 0.06781 | J25: 106.4731 | K25: 3345833.3 | L25: SOV | M25: SOVEREIGN | N25: SOV | O25: SOVEREIGN | P25: Government of India | Q25: 125000000 | R25: 27.75 | S25: 125000000 | T25: 45777 | U25: 203 | V25: 158644 | W25: INR | X25: 101.794 | Y25: 127242500 | AA25: 106.5995 | AB25: -0.12 | AC25: 133091375 | AD25: 133091375 | AE25: 0 | AF25: 5848875 | AG25: 6006875 | AH25: -158000 | AJ25: 9.2412355e+08 | AK25: 14.4019 | AL25: BBG01GZZ8QY4 | AM25: SLV | AN25: 73639 | AO25: Government of India | AP25: 7.3 | AQ25: 45645 | AR25: 45827 | AS25: 10129 | AT25: Half-year | AU25: 45777 | AV25: CBV | AW25: 100 | AY25: LISTED | AZ25: 1 | BA25: Sovereign | BB25: Sovereign | BC25: 0.06781 | BD25: 0.06781 | BE25: 106.4729 | BF25: 106.4733 | BG25: Debt | BH25: LIC34 | BI25: 12.02681 | BJ25: 12.02684 | BK25: 12.02684 | BL25: 1.3643721e+08 | BM25: 14.764 | BN25: Government of India | BO25: 12.43459 | BT25: 0.06896
A26: LDGSEC | B26: LIC MF Gilt Fund | C26: IN0020240035 | D26: 7.34% GOVT OF INDIA RED 22-04-2064 | E26: Government of India | F26: Investment - Government Bonds | G26: 60014 | H26: 2750000 | I26: 0.06811 | J26: 107.2003 | K26: 504625 | L26: SOV | M26: SOVEREIGN | N26: SOV | O26: SOVEREIGN | P26: Government of India | Q26: 275000000 | R26: 38.44 | S26: 275000000 | T26: 45777 | U26: 203 | V26: 169651 | W26: INR | X26: 103.8324 | Y26: 2.8553897e+08 | AA26: 107.3224 | AB26: -0.11 | AC26: 294800825 | AD26: 294800825 | AE26: 0 | AF26: 9261854.4 | AG26: 9597629.4 | AH26: -335775 | AJ26: 9.2412355e+08 | AK26: 31.9006 | AL26: BBG01MFT8NR2 | AM26: SLV | AN26: 73639 | AO26: Government of India | AP26: 7.34 | AQ26: 45769 | AR26: 45952 | AS26: 14032 | AT26: Half-year | AU26: 45777 | AV26: CBV | AW26: 100 | AY26: LISTED | AZ26: 1 | BA26: Sovereign | BB26: Sovereign | BC26: 0.06811 | BD26: 0.06811 | BE26: 107.2003 | BF26: 107.2003 | BG26: Debt | BH26: LIC34 | BI26: 13.45299 | BJ26: 13.45299 | BK26: 13.45299 | BL26: 295305450 | BM26: 31.9552 | BN26: Government of India | BO26: 13.9111 | BT26: 0.06926
A27: LDGSEC | B27: LIC MF Gilt Fund | C27: IN2220230139 | D27: 7.71% MAHARASHTRA SDL RED 08-11-2033 | E27: State Government of Maharashtra | F27: Investment - State Development Loans | G27: 48891 | H27: 250000 | I27: 0.0668 | J27: 106.607 | K27: 926270.83 | L27: SOV | M27: SOVEREIGN | N27: SOV | O27: SOVEREIGN | P27: Government of India | Q27: 25000000 | R27: 8.41 | S27: 25000000 | T27: 45777 | U27: 227 | V27: 163099 | W27: INR | X27: 100.6731 | Y27: 25168275 | AA27: 106.7095 | AB27: -0.1 | AC27: 26651750 | AD27: 26651750 | AE27: 0 | AF27: 1483475 | AG27: 1509100 | AH27: -25625 | AJ27: 9.2412355e+08 | AK27: 2.884 | AL27: BBG01K1CW2Z8 | AM27: SLV | AN27: 8142 | AO27: Government of India | AP27: 7.71 | AQ27: 45604 | AR27: 45785 | AS27: 3068 | AT27: Half-year | AU27: 45777 | AV27: CBV | AW27: 100 | AY27: LISTED | AZ27: 1 | BA27: Sovereign | BB27: Sovereign | BC27: 0.0668 | BD27: 0.0668 | BE27: 106.6065 | BF27: 106.6075 | BG27: Debt | BH27: LIC34 | BI27: 6.05635 | BJ27: 6.05636 | BK27: 6.05635 | BL27: 27578021 | BM27: 2.9842 | BN27: Government of India | BO27: 6.25864 | BT27: 0.06792
A28: LDGSEC | B28: LIC MF Gilt Fund | C28: IN2220220072 | D28: 7.72% MAHARASHTRA SDL RED 25-05-2034 | E28: State Government of Maharashtra | F28: Investment - State Development Loans | G28: 49089 | H28: 200000 | I28: 0.0669 | J28: 106.9108 | K28: 669066.67 | L28: SOV | M28: SOVEREIGN | N28: SOV | O28: SOVEREIGN | P28: Government of India | Q28: 20000000 | R28: 8.95 | S28: 20000000 | T28: 45777 | U28: 227 | V28: 168121 | W28: INR | X28: 102.0291 | Y28: 20405820 | AA28: 106.9471 | AB28: -0.03 | AC28: 21382160 | AD28: 21382160 | AE28: 0 | AF28: 976340 | AG28: 983600 | AH28: -7260 | AJ28: 9.2412355e+08 | AK28: 2.3138 | AL28: BBG017Q9Y3Y4 | AM28: SLV | AN28: 8142 | AO28: Government of India | AP28: 7.72 | AQ28: 45621 | AR28: 45802 | AS28: 3265 | AT28: Half-year | AU28: 45777 | AV28: CBV | AW28: 100 | AY28: LISTED | AZ28: 1 | BA28: Sovereign | BB28: Sovereign | BC28: 0.0668 | BD28: 0.067 | BE28: 106.9808 | BF28: 106.8407 | BG28: Debt | BH28: LIC34 | BI28: 6.35731 | BJ28: 6.35484 | BK28: 6.35608 | BL28: 22051227 | BM28: 2.3862 | BN28: Government of India | BO28: 6.56869 | BT28: 0.06802
A29: LDGSEC | B29: LIC MF Gilt Fund | C29: INTREP020525 | D29: TREPS_RED_02.05.2025 | E29: Clearing Corporation of India Ltd. | F29: Investment - TREPS | G29: 45779 | H29: 1097666.8 | J29: 99.98357 | K29: 0 | P29: Others | Q29: 1.0976668e+08 | R29: 0.01 | S29: 1.0976668e+08 | T29: 45777 | U29: 247 | V29: 178347 | W29: INR | X29: 99.9671 | Y29: 1.0973061e+08 | Z29: 1.0974865e+08 | AC29: 1.0974865e+08 | AD29: 1.0974865e+08 | AE29: 18031.33 | AF29: 0 | AH29: 0 | AJ29: 9.2412355e+08 | AK29: 11.876 | AL29: BBG01TS2WWP7 | AM29: UNL | AN29: 73640 | AO29: Others | AS29: 2 | AU29: 45777 | AV29: UNL | AW29: 100 | AY29: UNLISTED | AZ29: 1 | BG29: Debt | BH29: LIC34 | BL29: 1.0974865e+08 | BM29: 11.876 | BN29: Others
A30: LDGSEC | B30: LIC MF Gilt Fund | F30: Other Net Assets | P30: MISCELLANEOUS | R30: 0 | T30: 45777 | AC30: 7011848.4 | AD30: 7011848.4 | AH30: 0 | AK30: 0.7587 | AO30: MISCELLANEOUS | AY30: LISTED | AZ30: 1 | BG30: Debt | BH30: LIC34 | BL30: -614753.02 | BM30: -0.0665 | BN30: MISCELLANEOUS
A31: LDINPF | B31: LIC MF Banking & PSU Fund | C31: INE238AD6AM2 | D31: AXIS BANK LTD CD RED 04-02-2026 | E31: Axis Bank Ltd. | F31: Investment - Certificate of Deposit | G31: 46057 | H31: 1500000 | I31: 0.06712 | J31: 95.1202 | K31: 0 | L31: A1+ | M31: CRISIL | N31: AAA | O31: CRISIL | P31: Private Sector Bank | Q31: 150000000 | R31: 0.77 | S31: 150000000 | T31: 45777 | U31: 209 | V31: 180164 | W31: INR | X31: 94.0911 | Y31: 141136650 | Z31: 1.421246e+08 | AA31: 95.1175 | AB31: 0 | AC31: 142680300 | AD31: 142680300 | AE31: 987952.5 | AF31: 555697.5 | AG31: 579874.5 | AH31: -24177 | AJ31: 1.828812e+10 | AK31: 0.7802 | AL31: BBG01S4ML894 | AM31: SLV | AN31: 6155 | AO31: Banks | AS31: 280 | AU31: 45777 | AV31: UNL | AW31: 100 | AY31: UNLISTED | AZ31: 1 | BA31: CRISIL A1+ | BB31: [ICRA]A1+ | BC31: 0.06713 | BD31: 0.0671 | BE31: 95.1192 | BF31: 95.1212 | BG31: Debt | BH31: LIC72 | BL31: 142680300 | BM31: 0.7802 | BN31: Financial Services | BQ31: 0 | BR31: 0 | BS31: N
A32: LDINPF | B32: LIC MF Banking & PSU Fund | C32: INE238AD6918 | D32: AXIS BANK LTD CD RED 09-09-2025 | E32: Axis Bank Ltd. | F32: Investment - Certificate of Deposit | G32: 45909 | H32: 5000000 | I32: 0.0666 | J32: 97.6656 | K32: 0 | L32: A1+ | M32: CRISIL | N32: AAA | O32: CRISIL | P32: Private Sector Bank | Q32: 500000000 | R32: 0.36 | S32: 500000000 | T32: 45777 | U32: 209 | V32: 174375 | W32: INR | X32: 97.4954 | Y32: 487477000 | Z32: 488365155 | AA32: 97.658 | AB32: 0.01 | AC32: 488328000 | AD32: 488328000 | AE32: 888155 | AF32: -37155 | AG32: 13660 | AH32: -50815 | AJ32: 1.828812e+10 | AK32: 2.6702 | AL32: BBG01PMJX402 | AM32: SLV | AN32: 6155 | AO32: Banks | AS32: 132 | AU32: 45777 | AV32: UNL | AW32: 100 | AY32: UNLISTED | AZ32: 1 | BA32: CRISIL A1+ | BB32: [ICRA]A1+ | BC32: 0.0666 | BD32: 0.0666 | BE32: 97.6656 | BF32: 97.6655 | BG32: Debt | BH32: LIC72 | BL32: 488328000 | BM32: 2.6702 | BN32: Financial Services | BQ32: 41000000000 | BR32: 4.878 | BS32: N
A33: LDINPF | B33: LIC MF Banking & PSU Fund | C33: INE476A16ZA9 | D33: CANARA BANK CD RED 03-09-2025 | E33: Canara Bank | F33: Investment - Certificate of Deposit | G33: 45903 | H33: 2500000 | I33: 0.0663 | J33: 97.7799 | K33: 0 | L33: A1+ | M33: CRISIL | N33: AAA | O33: CRISIL | P33: Public Sector Bank | Q33: 250000000 | R33: 0.35 | S33: 250000000 | T33: 45777 | U33: 209 | V33: 175518 | W33: INR | X33: 97.5995 | Y33: 243998750 | Z33: 2.4444329e+08 | AA33: 97.7741 | AB33: 0.01 | AC33: 244449750 | AD33: 244449750 | AE33: 444537.5 | AF33: 6462.5 | AG33: 36417.5 | AH33: -29955 | AJ33: 1.828812e+10 | AK33: 1.3367 | AL33: BBG01PKKFS08 | AM33: SLV | AN33: 6343 | AO33: Banks | AS33: 126 | AU33: 45777 | AV33: UNL | AW33: 100 | AY33: UNLISTED | AZ33: 1 | BA33: CRISIL A1+ | BB33: CRISIL A1+ | BC33: 0.0663 | BD33: 0.0663 | BE33: 97.7799 | BF33: 97.7799 | BG33: Debt | BH33: LIC72 | BL33: 244449750 | BM33: 1.3367 | BN33: Financial Services | BQ33: 22500000000 | BR33: 1.111 | BS33: N
A34: LDINPF | B34: LIC MF Banking & PSU Fund | C34: INE476A16ZT9 | D34: CANARA BANK CD RED 18-12-2025 | E34: Canara Bank | F34: Investment - Certificate of Deposit | G34: 46009 | H34: 5000000 | I34: 0.0669 | J34: 95.938 | K34: 0 | L34: A1+ | M34: CRISIL | N34: AAA | O34: CRISIL | P34: Public Sector Bank | Q34: 500000000 | R34: 0.64 | S34: 500000000 | T34: 45777 | U34: 209 | V34: 178041 | W34: INR | X34: 95.8984 | Y34: 479492000 | Z34: 479668035 | AA34: 95.9153 | AB34: 0.02 | AC34: 479690000 | AD34: 479690000 | AE34: 176035 | AF34: 21965 | AG34: -3520 | AH34: 25485 | AJ34: 1.828812e+10 | AK34: 2.623 | AL34: BBG01R9R9W73 | AM34: SLV | AN34: 6343 | AO34: Banks | AS34: 232 | AU34: 45777 | AV34: UNL | AW34: 100 | AY34: UNLISTED | AZ34: 1 | BA34: CRISIL A1+ | BB34: CRISIL A1+ | BC34: 0.0669 | BD34: 0.0669 | BE34: 95.938 | BF34: 95.938 | BG34: Debt | BH34: LIC72 | BL34: 479690000 | BM34: 2.623 | BN34: Financial Services | BQ34: 30100000000 | BR34: 1.661 | BS34: N
A35: LDINPF | B35: LIC MF Banking & PSU Fund | C35: INE040A16FY5 | D35: HDFC BANK CD RED 04-12-2025 | E35: HDFC Bank Ltd. | F35: Investment - Certificate of Deposit | G35: 45995 | H35: 1500000 | I35: 0.067 | J35: 96.1693 | K35: 0 | L35: A1+ | M35: CRISIL | N35: AAA | O35: CRISIL | P35: Private Sector Bank | Q35: 150000000 | R35: 0.6 | S35: 150000000 | T35: 45777 | U35: 209 | V35: 177493 | W35: INR | X35: 92.9887 | Y35: 139483050 | Z35: 143747457 | AA35: 96.1545 | AB35: 0.02 | AC35: 144253950 | AD35: 144253950 | AE35: 4264407 | AF35: 506493 | AG35: 513106.5 | AH35: -6613.5 | AJ35: 1.828812e+10 | AK35: 0.7888 | AL35: BBG01R3GZY34 | AM35: SLV | AN35: 6884 | AO35: Banks | AS35: 218 | AU35: 45777 | AV35: UNL | AW35: 100 | AY35: UNLISTED | AZ35: 1 | BA35: CRISIL A1+ | BB35: CARE A1+ | BC35: 0.067 | BD35: 0.067 | BE35: 96.1693 | BF35: 96.1693 | BG35: Debt | BH35: LIC72 | BL35: 144253950 | BM35: 0.7888 | BN35: Financial Services | BQ35: 152500000000 | BR35: 0.524 | BS35: N
A36: LDINPF | B36: LIC MF Banking & PSU Fund | C36: INE562A16NV8 | D36: INDIAN BANK CD RED 08-01-2026 | E36: Indian Bank | F36: Investment - Certificate of Deposit | G36: 46030 | H36: 4000000 | I36: 0.0667 | J36: 95.5977 | K36: 0 | L36: A1+ | M36: CRISIL | N36: AAA | O36: CRISIL | P36: Public Sector Bank | Q36: 400000000 | R36: 0.69 | S36: 400000000 | T36: 45777 | U36: 209 | V36: 182151 | W36: INR | X36: 94.5544 | Y36: 378217600 | Z36: 380807116 | AA36: 95.6123 | AB36: -0.02 | AC36: 382390800 | AD36: 382390800 | AE36: 2589516 | AF36: 1583684 | AG36: 1718244 | AH36: -134560 | AJ36: 1.828812e+10 | AK36: 2.0909 | AL36: BBG01RP0YR77 | AM36: SLV | AN36: 73286 | AO36: Banks | AS36: 253 | AU36: 45777 | AV36: UNL | AW36: 100 | AY36: UNLISTED | AZ36: 1 | BA36: CRISIL A1+ | BB36: CRISIL A1+ | BC36: 0.0667 | BD36: 0.0667 | BE36: 95.5976 | BF36: 95.5977 | BG36: Debt | BH36: LIC72 | BL36: 382390800 | BM36: 2.0909 | BN36: Financial Services | BQ36: 40000000000 | BR36: 2.5 | BS36: N
A37: LDINPF | B37: LIC MF Banking & PSU Fund | C37: INE028A08281 | D37: 7.39% BANK OF BARODA NCD RED 17-08-29 | E37: Bank of Baroda | F37: Investment - Corporate Bonds / Debentures | G37: 47347 | H37: 5000000 | I37: 0.06885 | J37: 101.7732 | K37: 26016849 | L37: AAA | M37: ICRA | N37: AAA | O37: ICRA | P37: Public Sector Bank | Q37: 500000000 | R37: 4.3 | S37: 500000000 | T37: 45777 | U37: 202 | V37: 148070 | W37: INR | X37: 100 | Y37: 500000000 | AA37: 101.8106 | AB37: -0.04 | AC37: 508866000 | AD37: 508866000 | AE37: 0 | AF37: 8866000 | AG37: 9053000 | AH37: -187000 | AJ37: 1.828812e+10 | AK37: 2.7825 | AL37: BBG0196W1PD1 | AM37: SLV | AN37: 6194 | AO37: Banks | AP37: 7.39 | AQ37: 45521 | AR37: 45886 | AS37: 1570 | AT37: Year | AU37: 45777 | AV37: CBV | AW37: 100 | AY37: LISTED | AZ37: 1 | BA37: [ICRA]AAA | BB37: [ICRA]AAA | BC37: 0.0688 | BD37: 0.0689 | BE37: 101.7915 | BF37: 101.7548 | BG37: Debt | BH37: LIC72 | BI37: 3.42522 | BJ37: 3.42477 | BK37: 3.42499 | BL37: 5.3488285e+08 | BM37: 2.9248 | BN37: Financial Services | BO37: 3.6608 | BQ37: 10000000000 | BR37: 5 | BS37: N
A38: LDINPF | B38: LIC MF Banking & PSU Fund | C38: INE514E08FH3 | D38: 7.02% EXIM BANK NCD RED SR T 25-11-2031 | E38: Export Import Bank of India | F38: Investment - Corporate Bonds / Debentures | G38: 48177 | H38: 5000000 | I38: 0.06836 | J38: 100.8938 | K38: 15097808 | L38: AAA | M38: CRISIL | N38: AAA | O38: CRISIL | P38: Financial Institution | Q38: 500000000 | R38: 6.58 | S38: 500000000 | T38: 45777 | U38: 202 | V38: 94676 | W38: INR | X38: 99.4406 | Y38: 497203000 | AA38: 100.8942 | AB38: 0 | AC38: 504469000 | AD38: 504469000 | AE38: 0 | AF38: 7266000 | AG38: 7268000 | AH38: -2000 | AJ38: 1.828812e+10 | AK38: 2.7585 | AL38: BBG00HDPFFR3 | AM38: SLV | AN38: 6648 | AO38: Finance | AP38: 7.02 | AQ38: 45621 | AR38: 45986 | AS38: 2400 | AT38: Year | AU38: 45777 | AV38: CBV | AW38: 100 | AY38: LISTED | AZ38: 1 | BA38: CRISIL AAA | BB38: [ICRA]AAA | BC38: 0.06821 | BD38: 0.0685 | BE38: 100.9686 | BF38: 100.819 | BG38: Debt | BH38: LIC72 | BI38: 4.99985 | BJ38: 4.99749 | BK38: 4.99867 | BL38: 5.1956681e+08 | BM38: 2.841 | BN38: Financial Services | BO38: 5.34036
A39: LDINPF | B39: LIC MF Banking & PSU Fund | C39: INE514E08GD0 | D39: 7.14% EXIM BOND SR AA01 NCD 13-12-2029 | E39: Export Import Bank of India | F39: Investment - Corporate Bonds / Debentures | G39: 47465 | H39: 2500000 | I39: 0.06791 | J39: 101.2917 | K39: 6797671.2 | L39: AAA | M39: CRISIL | N39: AAA | O39: CRISIL | P39: Financial Institution | Q39: 250000000 | R39: 4.62 | S39: 250000000 | T39: 45777 | U39: 202 | V39: 177985 | W39: INR | X39: 100 | Y39: 250000000 | AA39: 101.3315 | AB39: -0.04 | AC39: 253229250 | AD39: 253229250 | AE39: 0 | AF39: 3229250 | AG39: 3328750 | AH39: -99500 | AJ39: 1.828812e+10 | AK39: 1.3847 | AL39: BBG01R76TPW6 | AM39: SLV | AN39: 6648 | AO39: Finance | AP39: 7.14 | AQ39: 45639 | AR39: 46004 | AS39: 1688 | AT39: Year | AU39: 45777 | AV39: CBV | AW39: 100 | AY39: LISTED | AZ39: 1 | BA39: CRISIL AAA | BB39: [ICRA]AAA | BC39: 0.06791 | BD39: 0.0679 | BE39: 101.2893 | BF39: 101.294 | BG39: Debt | BH39: LIC72 | BI39: 3.74625 | BJ39: 3.74631 | BK39: 3.74628 | BL39: 2.6002692e+08 | BM39: 1.4218 | BN39: Financial Services | BO39: 4.00067
A40: LDINPF | B40: LIC MF Banking & PSU Fund | C40: INE514E08GB4 | D40: 7.45% EXIM BOND SR Z01 NCD 12-04-2028 | E40: Export Import Bank of India | F40: Investment - Corporate Bonds / Debentures | G40: 46855 | H40: 5500000 | I40: 0.0681 | J40: 101.6477 | K40: 8756301.4 | L40: AAA | M40: CRISIL | N40: AAA | O40: CRISIL | P40: Financial Institution | Q40: 550000000 | R40: 2.95 | S40: 550000000 | T40: 45777 | U40: 202 | V40: 166757 | W40: INR | X40: 100.0914 | Y40: 5.5050288e+08 | AA40: 101.7756 | AB40: -0.13 | AC40: 559062350 | AD40: 559062350 | AE40: 0 | AF40: 8559466.7 | AG40: 9262916.7 | AH40: -703450 | AJ40: 1.828812e+10 | AK40: 3.057 | AL40: BBG01LDV4ZK5 | AM40: SLV | AN40: 6648 | AO40: Finance | AP40: 7.45 | AQ40: 45700 | AR40: 46065 | AS40: 1078 | AT40: Year | AU40: 45777 | AV40: CBV | AW40: 100 | AY40: LISTED | AZ40: 1 | BA40: CRISIL AAA | BB40: [ICRA]AAA | BC40: 0.06809 | BD40: 0.0681 | BE40: 101.6487 | BF40: 101.6466 | BG40: Debt | BH40: LIC72 | BI40: 2.54421 | BJ40: 2.54419 | BK40: 2.5442 | BL40: 5.6781865e+08 | BM40: 3.1048 | BN40: Financial Services | BO40: 2.71745
A41: LDINPF | B41: LIC MF Banking & PSU Fund | C41: INE031A08962 | D41: 6.90% HUDCO NCD RED 23-04-2032 | E41: Housing & Urban Development Corp Ltd. | F41: Investment - Corporate Bonds / Debentures | G41: 48327 | H41: 5000000 | I41: 0.06898 | J41: 100.0071 | K41: 756164.38 | L41: AAA | M41: ICRA | N41: AAA | O41: ICRA | P41: Financial Institution | Q41: 500000000 | R41: 6.99 | S41: 500000000 | T41: 45777 | U41: 202 | V41: 182946 | W41: INR | X41: 100 | Y41: 500000000 | AA41: 100.0196 | AB41: -0.01 | AC41: 500035500 | AD41: 500035500 | AE41: 0 | AF41: 35500 | AG41: 98000 | AH41: -62500 | AJ41: 1.828812e+10 | AK41: 2.7342 | AL41: BBG01TNFWWV6 | AM41: SLV | AN41: 75838 | AO41: Finance | AP41: 6.9 | AQ41: 45770 | AR41: 46135 | AS41: 2550 | AT41: Year | AU41: 45777 | AV41: CBV | AW41: 100 | AY41: LISTED | AZ41: 1 | BA41: [ICRA]AAA | BB41: [ICRA]AAA | BC41: 0.06896 | BD41: 0.069 | BE41: 100.0191 | BF41: 99.9951 | BG41: Debt | BH41: LIC72 | BI41: 5.38801 | BJ41: 5.38763 | BK41: 5.38782 | BL41: 5.0079166e+08 | BM41: 2.7383 | BN41: Financial Services | BO41: 5.75945 | BQ41: 24300000000 | BR41: 2.057 | BS41: N
A42: LDINPF | B42: LIC MF Banking & PSU Fund | C42: INE031A08939 | D42: 7.29% HUDCO SR E 2024 NCD RED 12-02-2035 | E42: Housing & Urban Development Corp Ltd. | F42: Investment - Corporate Bonds / Debentures | G42: 49352 | H42: 2500000 | I42: 0.06928 | J42: 102.4753 | K42: 3894657.5 | L42: AAA | M42: ICRA | N42: AAA | O42: ICRA | P42: Financial Institution | Q42: 250000000 | R42: 9.79 | S42: 250000000 | T42: 45777 | U42: 202 | V42: 180636 | W42: INR | X42: 100 | Y42: 250000000 | AA42: 102.4762 | AB42: 0 | AC42: 256188250 | AD42: 256188250 | AE42: 0 | AF42: 6188250 | AG42: 6190500 | AH42: -2250 | AJ42: 1.828812e+10 | AK42: 1.4008 | AL42: BBG01S855Y89 | AM42: SLV | AN42: 75838 | AO42: Finance | AP42: 7.29 | AQ42: 45700 | AR42: 46065 | AS42: 3575 | AT42: Year | AU42: 45777 | AV42: CBV | AW42: 100 | AY42: LISTED | AZ42: 1 | BA42: [ICRA]AAA | BB42: [ICRA]AAA | BC42: 0.06925 | BD42: 0.0693 | BE42: 102.4929 | BF42: 102.4576 | BG42: Debt | BH42: LIC72 | BI42: 6.78752 | BJ42: 6.78675 | BK42: 6.78713 | BL42: 2.6008291e+08 | BM42: 1.4221 | BN42: Financial Services | BO42: 7.25731 | BQ42: 29100000000 | BR42: 0.859 | BS42: N
A43: LDINPF | B43: LIC MF Banking & PSU Fund | C43: INE031A08947 | D43: 7.37% HUDCO SR F2024 NCD 12-03-2035 | E43: Housing & Urban Development Corp Ltd. | F43: Investment - Corporate Bonds / Debentures | G43: 49380 | H43: 2500000 | I43: 0.06928 | J43: 103.0593 | K43: 2523972.6 | L43: AAA | M43: ICRA | N43: AAA | O43: ICRA | P43: Financial Institution | Q43: 250000000 | R43: 9.87 | S43: 250000000 | T43: 45777 | U43: 202 | V43: 181801 | W43: INR | X43: 100 | Y43: 250000000 | AA43: 103.0604 | AB43: 0 | AC43: 257648250 | AD43: 257648250 | AE43: 0 | AF43: 7648250 | AG43: 7651000 | AH43: -2750 | AJ43: 1.828812e+10 | AK43: 1.4088 | AL43: BBG01SSVBD89 | AM43: SLV | AN43: 75838 | AO43: Finance | AP43: 7.37 | AQ43: 45728 | AR43: 46093 | AS43: 3603 | AT43: Year | AU43: 45777 | AV43: CBV | AW43: 100 | AY43: LISTED | AZ43: 1 | BA43: [ICRA]AAA | BB43: [ICRA]AAA | BC43: 0.06925 | BD43: 0.0693 | BE43: 103.0771 | BF43: 103.0415 | BG43: Debt | BH43: LIC72 | BI43: 6.84638 | BJ43: 6.84561 | BK43: 6.84599 | BL43: 2.6017222e+08 | BM43: 1.4226 | BN43: Financial Services | BO43: 7.32025 | BQ43: 28425000000 | BR43: 0.879 | BS43: N
A44: LDINPF | B44: LIC MF Banking & PSU Fund | C44: INE242A08569 | D44: 7.25% INDIAN OIL CORP SR XXVII 05-01-30 | E44: Indian Oil Corporation Ltd. | F44: Investment - Corporate Bonds / Debentures | G44: 47488 | H44: 1423000 | I44: 0.0673 | J44: 101.9807 | K44: 3250482.9 | L44: AAA | M44: CRISIL | N44: AAA | O44: CRISIL | P44: Refineries & Marketing | Q44: 142300000 | R44: 4.69 | S44: 142300000 | T44: 45777 | U44: 202 | V44: 179106 | W44: INR | X44: 100 | Y44: 142300000 | AA44: 101.982 | AB44: 0 | AC44: 1.4511854e+08 | AD44: 1.4511854e+08 | AE44: 0 | AF44: 2818536.1 | AG44: 2820386 | AH44: -1849.9 | AJ44: 1.828812e+10 | AK44: 0.7935 | AL44: BBG01RL08F67 | AM44: SLV | AN44: 7041 | AO44: Petroleum Products | AP44: 7.25 | AQ44: 45663 | AR44: 46028 | AS44: 1711 | AT44: Year | AU44: 45777 | AV44: CBV | AW44: 100 | AY44: LISTED | AZ44: 1 | BA44: CRISIL AAA | BB44: CRISIL AAA | BC44: 0.0674 | BD44: 0.0672 | BE44: 101.941 | BF44: 102.0203 | BG44: Debt | BH44: LIC72 | BI44: 3.80207 | BJ44: 3.80305 | BK44: 3.80256 | BL44: 1.4836902e+08 | BM44: 0.8113 | BN44: Oil, Gas & Consumable Fuels | BO44: 4.05848 | BQ44: 25000000000 | BR44: 0.569 | BS44: N
A45: LDINPF | B45: LIC MF Banking & PSU Fund | C45: INE242A08437 | D45: 7.41% IOC NCD RED 22-10-2029 | E45: Indian Oil Corporation Ltd. | F45: Investment - Corporate Bonds / Debentures | G45: 47413 | H45: 2500000 | I45: 0.0675 | J45: 102.4187 | K45: 9693904.1 | L45: AAA | M45: FITCH | N45: AAA | O45: FITCH | P45: Refineries & Marketing | Q45: 250000000 | R45: 4.48 | S45: 250000000 | T45: 45777 | U45: 202 | V45: 115572 | W45: INR | X45: 100.7234 | Y45: 251808500 | AA45: 102.4583 | AB45: -0.04 | AC45: 256046750 | AD45: 256046750 | AE45: 0 | AF45: 4238250 | AG45: 4337250 | AH45: -99000 | AJ45: 1.828812e+10 | AK45: 1.4001 | AL45: BBG00QKMBCN7 | AM45: SLV | AN45: 7041 | AO45: Petroleum Products | AP45: 7.41 | AQ45: 45587 | AR45: 45952 | AS45: 1636 | AT45: Year | AU45: 45777 | AV45: CBV | AW45: 100 | AY45: LISTED | AZ45: 1 | BA45: CRISIL AAA | BB45: CRISIL AAA | BC45: 0.0676 | BD45: 0.0674 | BE45: 102.3804 | BF45: 102.457 | BG45: Debt | BH45: LIC72 | BI45: 3.59894 | BJ45: 3.59988 | BK45: 3.59941 | BL45: 2.6574065e+08 | BM45: 1.4531 | BN45: Oil, Gas & Consumable Fuels | BO45: 3.84237 | BQ45: 30000000000 | BR45: 0.833 | BS45: N
A46: LDINPF | B46: LIC MF Banking & PSU Fund | C46: INE053F08411 | D46: 7.37% IRFC SR 181 NCD RED 31-07-2029 | E46: Indian Railway Finance Corporation Ltd. | F46: Investment - Corporate Bonds / Debentures | G46: 47330 | H46: 4500000 | I46: 0.0679 | J46: 102.1084 | K46: 1453808.2 | L46: AAA | M46: CRISIL | N46: AAA | O46: CRISIL | P46: Financial Institution | Q46: 450000000 | R46: 4.25 | S46: 450000000 | T46: 45777 | U46: 202 | V46: 173000 | W46: INR | X46: 100.6498 | Y46: 452924100 | AA46: 102.1465 | AB46: -0.04 | AC46: 459487800 | AD46: 459487800 | AE46: 0 | AF46: 6563700 | AG46: 6735150 | AH46: -171450 | AJ46: 1.828812e+10 | AK46: 2.5125 | AL46: BBG01P1DM703 | AM46: SLV | AN46: 73211 | AO46: Finance | AP46: 7.37 | AQ46: 45762 | AR46: 46127 | AS46: 1553 | AT46: Year | AU46: 45777 | AV46: CBV | AW46: 100 | AY46: LISTED | AZ46: 1 | BA46: CRISIL AAA | BB46: [ICRA]AAA | BC46: 0.0679 | BD46: 0.0679 | BE46: 102.1084 | BF46: 102.1084 | BG46: Debt | BH46: LIC72 | BI46: 3.54791 | BJ46: 3.54791 | BK46: 3.54791 | BL46: 4.6094161e+08 | BM46: 2.5204 | BN46: Financial Services | BO46: 3.78882 | BQ46: 59200000000 | BR46: 1.689 | BS46: N
A47: LDINPF | B47: LIC MF Banking & PSU Fund | C47: INE053F08320 | D47: 7.45% IRFC NCD SR17 B NCD RED 13-10-2028 | E47: Indian Railway Finance Corporation Ltd. | F47: Investment - Corporate Bonds / Debentures | G47: 47039 | H47: 5000000 | I47: 0.0676 | J47: 102.1004 | K47: 1632876.7 | L47: AAA | M47: CRISIL | N47: AAA | O47: CRISIL | P47: Financial Institution | Q47: 500000000 | R47: 3.46 | S47: 500000000 | T47: 45777 | U47: 202 | V47: 159131 | W47: INR | X47: 99.8019 | Y47: 499009250 | AA47: 102.1057 | AB47: -0.01 | AC47: 510502000 | AD47: 510502000 | AE47: 0 | AF47: 11492750 | AG47: 11519250 | AH47: -26500 | AJ47: 1.828812e+10 | AK47: 2.7914 | AL47: BBG01H6TDY57 | AM47: SLV | AN47: 73211 | AO47: Finance | AP47: 7.45 | AQ47: 45762 | AR47: 46127 | AS47: 1262 | AT47: Year | AU47: 45777 | AV47: CBV | AW47: 100 | AY47: LISTED | AZ47: 1 | BA47: CRISIL AAA | BB47: [ICRA]AAA | BC47: 0.06761 | BD47: 0.0676 | BE47: 102.0992 | BF47: 102.1016 | BG47: Debt | BH47: LIC72 | BI47: 2.9562 | BJ47: 2.95622 | BK47: 2.95621 | BL47: 5.1213488e+08 | BM47: 2.8004 | BN47: Financial Services | BO47: 3.15606 | BQ47: 19400000000 | BR47: 2.577 | BS47: N
A48: LDINPF | B48: LIC MF Banking & PSU Fund | C48: INE053F08353 | D48: 7.57% INDIAN RAILWAY FIN NCD 18-04-2029 | E48: Indian Railway Finance Corporation Ltd. | F48: Investment - Corporate Bonds / Debentures | G48: 47226 | H48: 2500000 | I48: 0.0679 | J48: 102.62 | K48: 10266164 | L48: AAA | M48: CRISIL | N48: AAA | O48: CRISIL | P48: Financial Institution | Q48: 250000000 | R48: 3.97 | S48: 250000000 | T48: 45777 | U48: 202 | V48: 166035 | W48: INR | X48: 100 | Y48: 250000000 | AA48: 102.656 | AB48: -0.04 | AC48: 256550000 | AD48: 256550000 | AE48: 0 | AF48: 6550000 | AG48: 6640000 | AH48: -90000 | AJ48: 1.828812e+10 | AK48: 1.4028 | AL48: BBG01L0L0Z34 | AM48: SLV | AN48: 73211 | AO48: Finance | AP48: 7.57 | AQ48: 45580 | AR48: 45945 | AS48: 1449 | AT48: Year | AU48: 45777 | AV48: CBV | AW48: 100 | AY48: LISTED | AZ48: 1 | BA48: CRISIL AAA | BB48: [ICRA]AAA | BC48: 0.0679 | BD48: 0.0679 | BE48: 102.62 | BF48: 102.62 | BG48: Debt | BH48: LIC72 | BI48: 3.22301 | BJ48: 3.22301 | BK48: 3.22301 | BL48: 2.6681616e+08 | BM48: 1.459 | BN48: Financial Services | BO48: 3.44185 | BQ48: 25000000000 | BR48: 1 | BS48: N
A49: LDINPF | B49: LIC MF Banking & PSU Fund | C49: INE936D07190 | D49: 7.43% JAMNAGAR UTI& PWR SR PPD8 24-10-34 | E49: Jamnagar Utilities & Power Pvt. Ltd. | F49: Investment - Corporate Bonds / Debentures | G49: 49241 | H49: 5000000 | I49: 0.0726 | J49: 101.0721 | K49: 19236575 | L49: AAA | M49: CRISIL | N49: AAA | O49: CRISIL | P49: Power Generation | Q49: 500000000 | R49: 9.49 | S49: 500000000 | T49: 45777 | U49: 202 | V49: 176167 | W49: INR | X49: 100 | Y49: 500000000 | AA49: 101.0723 | AB49: 0 | AC49: 505360500 | AD49: 505360500 | AE49: 0 | AF49: 5360500 | AG49: 5361500 | AH49: -1000 | AJ49: 1.828812e+10 | AK49: 2.7633 | AL49: BBG01QB93M61 | AM49: SLV | AN49: 772543 | AO49: Power | AP49: 7.43 | AQ49: 45589 | AR49: 45954 | AS49: 3464 | AT49: Year | AU49: 45777 | AV49: CBV | AW49: 100 | AY49: LISTED | AZ49: 1 | BA49: CRISIL AAA | BB49: CRISIL AAA | BC49: 0.0729 | BD49: 0.0723 | BE49: 100.8697 | BF49: 101.2745 | BG49: Debt | BH49: LIC72 | BI49: 6.42527 | BJ49: 6.43436 | BK49: 6.42982 | BL49: 5.2459708e+08 | BM49: 2.8685 | BN49: Power | BO49: 6.89662 | BQ49: 100000000000 | BR49: 6.25 | BS49: N
A50: LDINPF | B50: LIC MF Banking & PSU Fund | C50: INE261F08BX4 | D50: 7.43% NABARD GOI SERV NCD RED 31-01-2030 | E50: National Bk for Agriculture & Rural Dev. | F50: Investment - Corporate Bonds / Debentures | G50: 47514 | H50: 2500000 | I50: 0.06916 | J50: 102.5096 | K50: 4580137 | L50: AAA | M50: ICRA | N50: AAA | O50: ICRA | P50: Financial Institution | Q50: 250000000 | R50: 4.76 | S50: 250000000 | T50: 45777 | U50: 202 | V50: 116735 | W50: INR | X50: 100.2153 | Y50: 250538250 | AA50: 102.4912 | AB50: 0.02 | AC50: 256274000 | AD50: 256274000 | AE50: 0 | AF50: 5735750 | AG50: 5689750 | AH50: 46000 | AJ50: 1.828812e+10 | AK50: 1.4013 | AL50: BBG00RLS6WF2 | AM50: SLV | AN50: 7490 | AO50: Finance | AP50: 7.43 | AQ50: 45688 | AR50: 45869 | AS50: 1737 | AT50: Half-year | AU50: 45777 | AV50: CBV | AW50: 100 | AY50: LISTED | AZ50: 1 | BA50: [ICRA]AAA | BB50: [ICRA]AAA | BC50: 0.0692 | BD50: 0.0691 | BE50: 102.4899 | BF50: 102.5293 | BG50: Debt | BH50: LIC72 | BI50: 3.89612 | BJ50: 3.89647 | BK50: 3.89563 | BL50: 2.6085414e+08 | BM50: 1.4264 | BN50: Financial Services | BO50: 4.03034 | BQ50: 69526000000 | BR50: 0.359 | BS50: N
A51: LDINPF | B51: LIC MF Banking & PSU Fund | C51: INE261F08EK5 | D51: 7.44% NABARD NCD SR 25C RED 24.02.2028 | E51: National Bk for Agriculture & Rural Dev. | F51: Investment - Corporate Bonds / Debentures | G51: 46807 | H51: 5000000 | I51: 0.06929 | J51: 101.2332 | K51: 6726575.3 | L51: AAA | M51: CRISIL | N51: AAA | O51: CRISIL | P51: Financial Institution | Q51: 500000000 | R51: 2.82 | S51: 500000000 | T51: 45777 | U51: 202 | V51: 174732 | W51: INR | X51: 100.0221 | Y51: 5.0011067e+08 | AA51: 101.3071 | AB51: -0.07 | AC51: 506166000 | AD51: 506166000 | AE51: 0 | AF51: 6055333.3 | AG51: 6424833.3 | AH51: -369500 | AJ51: 1.828812e+10 | AK51: 2.7677 | AL51: BBG01PZJ8YZ2 | AM51: SLV | AN51: 7490 | AO51: Finance | AP51: 7.44 | AQ51: 45712 | AR51: 46077 | AS51: 1030 | AT51: Year | AU51: 45777 | AV51: CBV | AW51: 100 | AY51: LISTED | AZ51: 1 | BA51: CRISIL AAA | BB51: [ICRA]AAA | BC51: 0.06929 | BD51: 0.06929 | BE51: 101.2332 | BF51: 101.2331 | BG51: Debt | BH51: LIC72 | BI51: 2.44804 | BJ51: 2.44804 | BK51: 2.44804 | BL51: 5.1289258e+08 | BM51: 2.8045 | BN51: Financial Services | BO51: 2.61766 | BQ51: 196740000000 | BR51: 0.254 | BS51: N
A52: LDINPF | B52: LIC MF Banking & PSU Fund | C52: INE261F08EO7 | D52: 7.48% NABARD NCD SR 25G RED 15-09-2028 | E52: National Bk for Agriculture & Rural Dev. | F52: Investment - Corporate Bonds / Debentures | G52: 47011 | H52: 1500000 | I52: 0.06911 | J52: 101.6989 | K52: 1321808.2 | L52: AAA | M52: CRISIL | N52: AAA | O52: CRISIL | P52: Financial Institution | Q52: 150000000 | R52: 3.38 | S52: 150000000 | T52: 45777 | U52: 202 | V52: 183256 | W52: INR | X52: 101.6543 | Y52: 152481450 | AC52: 152548350 | AD52: 152548350 | AE52: 0 | AF52: 66900 | AH52: 66900 | AJ52: 1.828812e+10 | AK52: 0.8341 | AL52: BBG01SXJ6KX2 | AM52: SLV | AN52: 7490 | AO52: Finance | AP52: 7.48 | AQ52: 45736 | AR52: 45915 | AS52: 1234 | AT52: Year | AU52: 45777 | AV52: CBV | AW52: 100 | AY52: LISTED | AZ52: 1 | BA52: CRISIL AAA | BB52: CRISIL AAA | BC52: 0.06911 | BD52: 0.06911 | BE52: 101.6989 | BF52: 101.6988 | BG52: Debt | BH52: LIC72 | BI52: 2.87662 | BJ52: 2.87661 | BK52: 2.87662 | BL52: 1.5387016e+08 | BM52: 0.8414 | BN52: Financial Services | BO52: 3.07541 | BQ52: 280000000000 | BR52: 0.178 | BS52: N
A53: LDINPF | B53: LIC MF Banking & PSU Fund | C53: INE261F08EM1 | D53: 7.53% NABARD NCD SR 25E RED 24-03-28 | E53: National Bk for Agriculture & Rural Dev. | F53: Investment - Corporate Bonds / Debentures | G53: 46836 | H53: 5000000 | I53: 0.06928 | J53: 101.5102 | K53: 3919726 | L53: AAA | M53: ICRA | N53: AAA | O53: ICRA | P53: Financial Institution | Q53: 500000000 | R53: 2.9 | S53: 500000000 | T53: 45777 | U53: 202 | V53: 179373 | W53: INR | X53: 100.0473 | Y53: 500236500 | AA53: 101.5829 | AB53: -0.07 | AC53: 507551000 | AD53: 507551000 | AE53: 0 | AF53: 7314500 | AG53: 7678000 | AH53: -363500 | AJ53: 1.828812e+10 | AK53: 2.7753 | AL53: BBG01RQ26MZ3 | AM53: SLV | AN53: 7490 | AO53: Finance | AP53: 7.53 | AQ53: 45740 | AR53: 46105 | AS53: 1059 | AT53: Year | AU53: 45777 | AV53: CBV | AW53: 100 | AY53: LISTED | AZ53: 1 | BA53: [ICRA]AAA | BB53: [ICRA]AAA | BC53: 0.06928 | BD53: 0.06928 | BE53: 101.5102 | BF53: 101.5102 | BG53: Debt | BH53: LIC72 | BI53: 2.51798 | BJ53: 2.51798 | BK53: 2.51798 | BL53: 5.1147073e+08 | BM53: 2.7967 | BN53: Financial Services | BO53: 2.69241 | BQ53: 139120000000 | BR53: 0.359 | BS53: N
A54: LDINPF | B54: LIC MF Banking & PSU Fund | C54: INE906B07GP0 | D54: 8.27% NHAI NCD RED 28-03-2029 | E54: National Highways Authority of India | F54: Investment - Corporate Bonds / Debentures | G54: 47205 | H54: 2500000 | I54: 0.06745 | J54: 105.0666 | K54: 1925890.4 | L54: AAA | M54: CRISIL | N54: AAA | O54: CRISIL | P54: Civil Construction | Q54: 250000000 | R54: 3.91 | S54: 250000000 | T54: 45777 | U54: 202 | V54: 105484 | W54: INR | X54: 103.3108 | Y54: 258277000 | AA54: 105.1049 | AB54: -0.04 | AC54: 262666500 | AD54: 262666500 | AE54: 0 | AF54: 4389500 | AG54: 4485250 | AH54: -95750 | AJ54: 1.828812e+10 | AK54: 1.4363 | AL54: BBG00NQHDLG5 | AM54: SLV | AN54: 78531 | AO54: Construction | AP54: 8.27 | AQ54: 45744 | AR54: 46109 | AS54: 1428 | AT54: Year | AU54: 45777 | AV54: CBV | AW54: 100 | AY54: LISTED | AZ54: 1 | BA54: CRISIL AAA | BB54: [ICRA]AAA | BC54: 0.0673 | BD54: 0.0676 | BE54: 105.1184 | BF54: 105.0148 | BG54: Debt | BH54: LIC72 | BI54: 3.26375 | BJ54: 3.26261 | BK54: 3.26318 | BL54: 2.6459239e+08 | BM54: 1.4468 | BN54: Construction | BO54: 3.48328
A55: LDINPF | B55: LIC MF Banking & PSU Fund | C55: INE557F08GC8 | D55: 7.29% NAT HSG BANK NCD RED 04-07-2031 | E55: National Housing Bank | F55: Investment - Corporate Bonds / Debentures | G55: 48033 | H55: 5000000 | I55: 0.06791 | J55: 102.443 | K55: 9387123.3 | L55: AAA | M55: CARE | N55: AAA | O55: CARE | P55: Financial Institution | Q55: 500000000 | R55: 6.18 | S55: 500000000 | T55: 45777 | U55: 202 | V55: 179965 | W55: INR | X55: 100.7793 | Y55: 503896250 | AA55: 102.4121 | AB55: 0.03 | AC55: 512215000 | AD55: 512215000 | AE55: 0 | AF55: 8318750 | AG55: 8164250 | AH55: 154500 | AJ55: 1.828812e+10 | AK55: 2.8008 | AL55: BBG01RZXH4L8 | AM55: SLV | AN55: 7511 | AO55: Finance | AP55: 7.29 | AQ55: 45684 | AR55: 46049 | AS55: 2256 | AT55: Year | AU55: 45777 | AV55: CBV | AW55: 100 | AY55: LISTED | AZ55: 1 | BA55: IND AAA | BB55: CARE AAA | BC55: 0.06793 | BD55: 0.0679 | BE55: 102.4368 | BF55: 102.4492 | BG55: Debt | BH55: LIC72 | BI55: 4.78509 | BJ55: 4.78527 | BK55: 4.78518 | BL55: 5.2160212e+08 | BM55: 2.8521 | BN55: Financial Services | BO55: 5.11015 | BQ55: 34800000000 | BR55: 1.436 | BS55: N
A56: LDINPF | B56: LIC MF Banking & PSU Fund | C56: INE848E07AR7 | D56: 7.50% NHPC SER Y STRPP D NCD 07-10-2028 | E56: NHPC Ltd. | F56: Investment - Corporate Bonds / Debentures | G56: 47033 | H56: 4500000 | I56: 0.0666 | J56: 102.4454 | K56: 19047945 | L56: AAA | M56: ICRA | N56: AAA | O56: ICRA | P56: Power Generation | Q56: 450000000 | R56: 3.44 | S56: 450000000 | T56: 45777 | U56: 202 | V56: 172116 | W56: INR | X56: 100.1065 | Y56: 450479250 | AA56: 102.4503 | AB56: 0 | AC56: 461004300 | AD56: 461004300 | AE56: 0 | AF56: 10525050 | AG56: 10547100 | AH56: -22050 | AJ56: 1.828812e+10 | AK56: 2.5208 | AL56: BBG00QJBJ9F1 | AM56: SLV | AN56: 73488 | AO56: Power | AP56: 7.5 | AQ56: 45572 | AR56: 45937 | AS56: 1256 | AT56: Year | AU56: 45777 | AV56: CBV | AW56: 100 | AY56: LISTED | AZ56: 1 | BA56: [ICRA]AAA | BB56: [ICRA]AAA | BC56: 0.06661 | BD56: 0.0666 | BE56: 102.4441 | BF56: 102.4466 | BG56: Debt | BH56: LIC72 | BI56: 2.85229 | BJ56: 2.85232 | BK56: 2.8523 | BL56: 4.8005225e+08 | BM56: 2.6249 | BN56: Power | BO56: 3.04228 | BQ56: 3000000000 | BR56: 15 | BS56: N
A57: LDINPF | B57: LIC MF Banking & PSU Fund | C57: INE848E07AA3 | D57: 7.52% NHPC LTD STRP C SRV2 NCD 06-06-25 | E57: NHPC Ltd. | F57: Investment - Corporate Bonds / Debentures | G57: 45814 | H57: 1000000 | I57: 0.0665 | J57: 100.0411 | K57: 6778301.4 | L57: AAA | M57: CARE | N57: AAA | O57: CARE | P57: Power Generation | Q57: 100000000 | R57: 0.1 | S57: 100000000 | T57: 45777 | U57: 202 | V57: 183073 | W57: INR | X57: 100.0726 | Y57: 100072600 | AA57: 100.0467 | AB57: -0.01 | AC57: 100041100 | AD57: 100041100 | AE57: 0 | AF57: -31500 | AG57: -25900 | AH57: -5600 | AJ57: 1.828812e+10 | AK57: 0.547 | AL57: BBG00GW2MP68 | AM57: SLV | AN57: 73488 | AO57: Power | AP57: 7.52 | AQ57: 45449 | AR57: 45814 | AS57: 37 | AT57: Year | AU57: 45777 | AV57: CBV | AW57: 100 | AY57: LISTED | AZ57: 1 | BA57: IND AAA | BB57: CARE AAA | BC57: 0.0665 | BD57: 0.0665 | BE57: 100.0411 | BF57: 100.0411 | BG57: Debt | BH57: LIC72 | BI57: 0.09248 | BJ57: 0.09248 | BK57: 0.09248 | BL57: 1.068194e+08 | BM57: 0.5841 | BN57: Power | BO57: 0.09863 | BQ57: 2950000000 | BR57: 3.389 | BS57: N
A58: LDINPF | B58: LIC MF Banking & PSU Fund | C58: INE589A07037 | D58: 8.09% NLC INDIA LTD NCD RED 29-05-2029 | E58: NLC India Ltd. | F58: Investment - Corporate Bonds / Debentures | G58: 47267 | H58: 6000000 | I58: 0.0679 | J58: 104.4795 | K58: 44816384 | L58: AAA | M58: ICRA | N58: AAA | O58: ICRA | P58: Power Generation | Q58: 600000000 | R58: 4.08 | S58: 600000000 | T58: 45777 | U58: 202 | V58: 126230 | W58: INR | X58: 102.8828 | Y58: 617296800 | AA58: 104.5172 | AB58: -0.04 | AC58: 626877000 | AD58: 626877000 | AE58: 0 | AF58: 9580200 | AG58: 9806400 | AH58: -226200 | AJ58: 1.828812e+10 | AK58: 3.4278 | AL58: BBG00P8VS9R8 | AM58: SLV | AN58: 7538 | AO58: Power | AP58: 8.09 | AQ58: 45441 | AR58: 45806 | AS58: 1490 | AT58: Year | AU58: 45777 | AV58: CBV | AW58: 100 | AY58: LISTED | AZ58: 1 | BA58: [ICRA]AAA | BB58: [ICRA]AAA | BC58: 0.0675 | BD58: 0.0683 | BE58: 104.6221 | BF58: 104.3368 | BG58: Debt | BH58: LIC72 | BI58: 3.18743 | BJ58: 3.18391 | BK58: 3.18567 | BL58: 6.7169338e+08 | BM58: 3.6728 | BN58: Power | BO58: 3.40198 | BQ58: 29500000000 | BR58: 4.745 | BS58: N
A59: LDINPF | B59: LIC MF Banking & PSU Fund | C59: INE733E08197 | D59: 6.69% NTPC LTD NCD RED 12-09-2031 | E59: NTPC Ltd. | F59: Investment - Corporate Bonds / Debentures | G59: 48103 | H59: 1000000 | I59: 0.06835 | J59: 99.2199 | K59: 4215616.4 | L59: AAA | M59: CRISIL | N59: AAA | O59: CRISIL | P59: Power Generation | Q59: 100000000 | R59: 6.37 | S59: 100000000 | T59: 45777 | U59: 202 | V59: 136443 | W59: INR | X59: 96.8478 | Y59: 96847800 | AA59: 99.2195 | AB59: 0 | AC59: 99219900 | AD59: 99219900 | AE59: 0 | AF59: 2372100 | AG59: 2371700 | AH59: 400 | AJ59: 1.828812e+10 | AK59: 0.5425 | AL59: BBG012FBQ0F8 | AM59: SLV | AN59: 7567 | AO59: Power | AP59: 6.69 | AQ59: 45548 | AR59: 45913 | AS59: 2326 | AT59: Year | AU59: 45777 | AV59: CBV | AW59: 100 | AY59: LISTED | AZ59: 1 | BA59: CRISIL AAA | BB59: [ICRA]AAA | BC59: 0.0682 | BD59: 0.0685 | BE59: 99.295 | BF59: 99.1447 | BG59: Debt | BH59: LIC72 | BI59: 4.84531 | BJ59: 4.84292 | BK59: 4.84411 | BL59: 1.0343552e+08 | BM59: 0.5656 | BN59: Power | BO59: 5.17521 | BQ59: 60000000000 | BR59: 0.833 | BS59: N
A60: LDINPF | B60: LIC MF Banking & PSU Fund | C60: INE206D08469 | D60: 7.34% NPCIL NCD RED 23-01-2030 | E60: Nuclear Power Corporation | F60: Investment - Corporate Bonds / Debentures | G60: 47506 | H60: 2500000 | I60: 0.06783 | J60: 102.145 | K60: 4926849.3 | L60: AAA | M60: ICRA | N60: AAA | O60: ICRA | P60: Power Generation | Q60: 250000000 | R60: 4.74 | S60: 250000000 | T60: 45777 | U60: 202 | V60: 116456 | W60: INR | X60: 100.6744 | Y60: 251686000 | AA60: 102.1464 | AB60: 0 | AC60: 255362500 | AD60: 255362500 | AE60: 0 | AF60: 3676500 | AG60: 3680000 | AH60: -3500 | AJ60: 1.828812e+10 | AK60: 1.3963 | AL60: BBG00RJ0XTV5 | AM60: SLV | AN60: 78530 | AO60: Power | AP60: 7.34 | AQ60: 45680 | AR60: 46045 | AS60: 1729 | AT60: Year | AU60: 45777 | AV60: CBV | AW60: 100 | AY60: LISTED | AZ60: 1 | BA60: [ICRA]AAA | BB60: [ICRA]AAA | BC60: 0.06766 | BD60: 0.068 | BE60: 102.2129 | BF60: 102.077 | BG60: Debt | BH60: LIC72 | BI60: 3.84126 | BJ60: 3.83958 | BK60: 3.84042 | BL60: 2.6028935e+08 | BM60: 1.4233 | BN60: Power | BO60: 4.10091 | BQ60: 23000000000 | BR60: 1.086 | BS60: N
A61: LDINPF | B61: LIC MF Banking & PSU Fund | C61: INE134E08ND3 | D61: 7.27% POWER FIN COR SR 242A NCD 15-10-31 | E61: Power Finance Corporation Ltd. | F61: Investment - Corporate Bonds / Debentures | G61: 48136 | H61: 5000000 | I61: 0.06915 | J61: 101.7512 | K61: 21909589 | L61: AAA | M61: CRISIL | N61: AAA | O61: CRISIL | P61: Financial Institution | Q61: 500000000 | R61: 6.46 | S61: 500000000 | T61: 45777 | U61: 202 | V61: 175522 | W61: INR | X61: 99.9888 | Y61: 499944000 | AA61: 101.7517 | AB61: 0 | AC61: 508756000 | AD61: 508756000 | AE61: 0 | AF61: 8812000 | AG61: 8814500 | AH61: -2500 | AJ61: 1.828812e+10 | AK61: 2.7819 | AL61: BBG01PZJ8Z25 | AM61: SLV | AN61: 7708 | AO61: Finance | AP61: 7.27 | AQ61: 45558 | AR61: 45923 | AS61: 2359 | AT61: Year | AU61: 45777 | AV61: CBV | AW61: 100 | AY61: LISTED | AZ61: 1 | BA61: CRISIL AAA | BB61: [ICRA]AAA | BC61: 0.0697 | BD61: 0.0686 | BE61: 101.4686 | BF61: 102.0337 | BG61: Debt | BH61: LIC72 | BI61: 4.83593 | BJ61: 4.8449 | BK61: 4.84042 | BL61: 5.3066559e+08 | BM61: 2.9017 | BN61: Financial Services | BO61: 5.17513 | BQ61: 35000000000 | BR61: 1.428 | BS61: N
A62: LDINPF | B62: LIC MF Banking & PSU Fund | C62: INE134E08NM4 | D62: 7.38% POWER FIN COR SR 246B NCD 15-01-32 | E62: Power Finance Corporation Ltd. | F62: Investment - Corporate Bonds / Debentures | G62: 48228 | H62: 1000000 | I62: 0.06915 | J62: 102.4076 | K62: 1415342.5 | L62: AAA | M62: CRISIL | N62: AAA | O62: CRISIL | P62: Financial Institution | Q62: 100000000 | R62: 6.72 | S62: 100000000 | T62: 45777 | U62: 202 | V62: 180875 | W62: INR | X62: 100 | Y62: 100000000 | AA62: 102.4088 | AB62: 0 | AC62: 102407600 | AD62: 102407600 | AE62: 0 | AF62: 2407600 | AG62: 2408800 | AH62: -1200 | AJ62: 1.828812e+10 | AK62: 0.56 | AL62: BBG01SCNGLC6 | AM62: SLV | AN62: 7708 | AO62: Finance | AP62: 7.38 | AQ62: 45708 | AR62: 46073 | AS62: 2451 | AT62: Year | AU62: 45777 | AV62: CBV | AW62: 100 | AY62: LISTED | AZ62: 1 | BA62: CRISIL AAA | BB62: [ICRA]AAA | BC62: 0.0697 | BD62: 0.0686 | BE62: 102.1153 | BF62: 102.6999 | BG62: Debt | BH62: LIC72 | BI62: 5.11383 | BJ62: 5.12286 | BK62: 5.11835 | BL62: 1.0382294e+08 | BM62: 0.5677 | BN62: Financial Services | BO62: 5.47228 | BQ62: 56700000000 | BR62: 0.881 | BS62: N
A63: LDINPF | B63: LIC MF Banking & PSU Fund | C63: INE134E08KQ1 | D63: 7.40% POWER FIN CORP NCD RED 08-05-2030 | E63: Power Finance Corporation Ltd. | F63: Investment - Corporate Bonds / Debentures | G63: 47611 | H63: 2500000 | I63: 0.06865 | J63: 102.2026 | K63: 18145205 | L63: AAA | M63: CRISIL | N63: AAA | O63: CRISIL | P63: Financial Institution | Q63: 250000000 | R63: 5.02 | S63: 250000000 | T63: 45777 | U63: 202 | V63: 119587 | W63: INR | X63: 99.8369 | Y63: 249592250 | AA63: 102.313 | AB63: -0.11 | AC63: 255506500 | AD63: 255506500 | AE63: 0 | AF63: 5914250 | AG63: 6190250 | AH63: -276000 | AJ63: 1.828812e+10 | AK63: 1.3971 | AL63: BBG00TQGRFP2 | AM63: SLV | AN63: 7708 | AO63: Finance | AP63: 7.4 | AQ63: 45420 | AR63: 45785 | AS63: 1834 | AT63: Year | AU63: 45777 | AV63: CBV | AW63: 100 | AY63: LISTED | AZ63: 1 | BA63: CRISIL AAA | BB63: [ICRA]AAA | BC63: 0.06871 | BD63: 0.0686 | BE63: 102.1803 | BF63: 102.2249 | BG63: Debt | BH63: LIC72 | BI63: 3.82608 | BJ63: 3.8267 | BK63: 3.82639 | BL63: 2.7365171e+08 | BM63: 1.4963 | BN63: Financial Services | BO63: 4.08908 | BQ63: 29200000000 | BR63: 0.856 | BS63: N
A64: LDINPF | B64: LIC MF Banking & PSU Fund | C64: INE134E08NP7 | D64: 7.45%POWER FIN CO SR248B NCD RED15-07-28 | E64: Power Finance Corporation Ltd. | F64: Investment - Corporate Bonds / Debentures | G64: 46949 | H64: 1500000 | I64: 0.06862 | J64: 101.6611 | K64: 1408356.2 | L64: AAA | M64: CRISIL | N64: AAA | O64: CRISIL | P64: Financial Institution | Q64: 150000000 | R64: 3.21 | S64: 150000000 | T64: 45777 | U64: 202 | V64: 183255 | W64: INR | X64: 101.6531 | Y64: 152479650 | AC64: 152491650 | AD64: 152491650 | AE64: 0 | AF64: 12000 | AH64: 12000 | AJ64: 1.828812e+10 | AK64: 0.8338 | AL64: BBG01SV576H2 | AM64: SLV | AN64: 7708 | AO64: Finance | AP64: 7.45 | AQ64: 45733 | AR64: 46098 | AS64: 1172 | AT64: Year | AU64: 45777 | AV64: CBV | AW64: 100 | AY64: LISTED | AZ64: 1 | BA64: CRISIL AAA | BB64: [ICRA]AAA | BC64: 0.06862 | BD64: 0.06862 | BE64: 101.6611 | BF64: 101.661 | BG64: Debt | BH64: LIC72 | BI64: 2.75214 | BJ64: 2.75214 | BK64: 2.75214 | BL64: 1.5390001e+08 | BM64: 0.8415 | BN64: Financial Services | BO64: 2.94098 | BQ64: 80000000000 | BR64: 0.625 | BS64: N
A65: LDINPF | B65: LIC MF Banking & PSU Fund | C65: INE134E08KU3 | D65: 7.79% POWER FINANCE NCD RED 22-07-2030 | E65: Power Finance Corporation Ltd. | F65: Investment - Corporate Bonds / Debentures | G65: 47686 | H65: 2500000 | I65: 0.0686 | J65: 103.9812 | K65: 18354521 | L65: AAA | M65: CRISIL | N65: AAA | O65: CRISIL | P65: Financial Institution | Q65: 250000000 | R65: 5.23 | S65: 250000000 | T65: 45777 | U65: 202 | V65: 135951 | W65: INR | X65: 102.0765 | Y65: 255191250 | AA65: 104.0907 | AB65: -0.11 | AC65: 259953000 | AD65: 259953000 | AE65: 0 | AF65: 4761750 | AG65: 5035500 | AH65: -273750 | AJ65: 1.828812e+10 | AK65: 1.4214 | AL65: BBG00TZMXBP1 | AM65: SLV | AN65: 7708 | AO65: Finance | AP65: 7.79 | AQ65: 45434 | AR65: 45799 | AS65: 1909 | AT65: Year | AU65: 45777 | AV65: CBV | AW65: 100 | AY65: LISTED | AZ65: 1 | BA65: CRISIL AAA | BB65: [ICRA]AAA | BC65: 0.06861 | BD65: 0.0686 | BE65: 103.9797 | BF65: 103.9826 | BG65: Debt | BH65: LIC72 | BI65: 3.93476 | BJ65: 3.9348 | BK65: 3.93478 | BL65: 2.7830752e+08 | BM65: 1.5218 | BN65: Financial Services | BO65: 4.20472 | BQ65: 38720000000 | BR65: 2.066 | BS65: N
A66: LDINPF | B66: LIC MF Banking & PSU Fund | C66: INE752E08767 | D66: 7.08% POWER GRID CORP SR LXXIX R25-10-34 | E66: Power Grid Corporation of India Ltd. | F66: Investment - Corporate Bonds / Debentures | G66: 49242 | H66: 2500000 | I66: 0.06922 | J66: 101.0143 | K66: 9116712.3 | L66: AAA | M66: CRISIL | N66: AAA | O66: CRISIL | P66: Power - Transmission | Q66: 250000000 | R66: 9.49 | S66: 250000000 | T66: 45777 | U66: 202 | V66: 182387 | W66: INR | X66: 100.8007 | Y66: 252001750 | AA66: 100.868 | AB66: 0.15 | AC66: 252535750 | AD66: 252535750 | AE66: 0 | AF66: 534000 | AG66: 168250 | AH66: 365750 | AJ66: 1.828812e+10 | AK66: 1.3809 | AL66: BBG01QG6FW49 | AM66: SLV | AN66: 7709 | AO66: Power | AP66: 7.08 | AQ66: 45590 | AR66: 45955 | AS66: 3465 | AT66: Year | AU66: 45777 | AV66: CBV | AW66: 100 | AY66: LISTED | AZ66: 1 | BA66: CRISIL AAA | BB66: [ICRA]AAA | BC66: 0.06914 | BD66: 0.0693 | BE66: 101.0698 | BF66: 100.9588 | BG66: Debt | BH66: LIC72 | BI66: 6.54187 | BJ66: 6.53941 | BK66: 6.54064 | BL66: 2.6165246e+08 | BM66: 1.4307 | BN66: Power | BO66: 6.99338 | BQ66: 50000000000 | BR66: 0.5 | BS66: N
A67: LDINPF | B67: LIC MF Banking & PSU Fund | C67: INE752E07OE0 | D67: 7.89% POWER GRID CORP NCD RED 09-03-2027 | E67: Power Grid Corporation of India Ltd. | F67: Investment - Corporate Bonds / Debentures | G67: 46455 | H67: 2500000 | I67: 0.0674 | J67: 101.9125 | K67: 2864178.1 | L67: AAA | M67: CRISIL | N67: AAA | O67: CRISIL | P67: Power - Transmission | Q67: 250000000 | R67: 1.86 | S67: 250000000 | T67: 45777 | U67: 202 | V67: 138862 | W67: INR | X67: 101.4594 | Y67: 253648500 | AA67: 101.9014 | AB67: 0.01 | AC67: 254781250 | AD67: 254781250 | AE67: 0 | AF67: 1132750 | AG67: 1105000 | AH67: 27750 | AJ67: 1.828812e+10 | AK67: 1.3932 | AL67: BBG00FYJY5B6 | AM67: SLV | AN67: 7709 | AO67: Power | AP67: 7.89 | AQ67: 45725 | AR67: 46090 | AS67: 678 | AT67: Year | AU67: 45777 | AV67: CBV | AW67: 100 | AY67: LISTED | AZ67: 1 | BA67: CRISIL AAA | BB67: [ICRA]AAA | BC67: 0.0674 | BD67: 0.0674 | BE67: 101.9125 | BF67: 101.9125 | BG67: Debt | BH67: LIC72 | BI67: 1.66984 | BJ67: 1.66984 | BK67: 1.66984 | BL67: 2.5764543e+08 | BM67: 1.4088 | BN67: Power | BO67: 1.78239 | BQ67: 20600000000 | BR67: 1.213 | BS67: N
A68: LDINPF | B68: LIC MF Banking & PSU Fund | C68: INE752E07MU0 | D68: 8.4% POWER GRID NCD STRP J RED 27-05-28 | E68: Power Grid Corporation of India Ltd. | F68: Investment - Corporate Bonds / Debentures | G68: 46900 | H68: 3500000 | I68: 0.06798 | J68: 104.2931 | K68: 27305753 | L68: AAA | M68: CRISIL | N68: AAA | O68: CRISIL | P68: Power - Transmission | Q68: 350000000 | R68: 3.08 | S68: 350000000 | T68: 45777 | U68: 202 | V68: 179259 | W68: INR | X68: 103.0025 | Y68: 360508750 | AA68: 104.3793 | AB68: -0.08 | AC68: 365025850 | AD68: 365025850 | AE68: 0 | AF68: 4517100 | AG68: 4818800 | AH68: -301700 | AJ68: 1.828812e+10 | AK68: 1.996 | AL68: BBG0099SX2F2 | AM68: SLV | AN68: 7709 | AO68: Power | AP68: 8.4 | AQ68: 45439 | AR68: 45804 | AS68: 1123 | AT68: Year | AU68: 45777 | AV68: CBV | AW68: 100 | AY68: LISTED | AZ68: 1 | BA68: CRISIL AAA | BB68: [ICRA]AAA | BC68: 0.06805 | BD68: 0.0679 | BE68: 104.2723 | BF68: 104.3139 | BG68: Debt | BH68: LIC72 | BI68: 2.47399 | BJ68: 2.47445 | BK68: 2.47422 | BL68: 3.923316e+08 | BM68: 2.1453 | BN68: Power | BO68: 2.6424 | BQ68: 2440000000 | BR68: 14.344 | BS68: N
A69: LDINPF | B69: LIC MF Banking & PSU Fund | C69: INE160A08316 | D69: 7.43%PUNJAB NB TIERII 23-12-39 C23/12/34 | E69: Punjab National Bank | F69: Investment - Corporate Bonds / Debentures | G69: 51127 | H69: 500000 | I69: 0.07267 | J69: 101.3842 | K69: 1312972.6 | L69: AAA | M69: CRISIL | N69: AAA | O69: CRISIL | P69: Public Sector Bank | Q69: 50000000 | R69: 14.66 | S69: 50000000 | T69: 45777 | U69: 202 | V69: 178779 | W69: INR | X69: 100 | Y69: 50000000 | AA69: 101.3404 | AB69: 0.04 | AC69: 50692100 | AD69: 50692100 | AE69: 0 | AF69: 692100 | AG69: 670200 | AH69: 21900 | AJ69: 1.828812e+10 | AK69: 0.2772 | AL69: BBG01RH5DNB2 | AM69: SLV | AN69: 7756 | AO69: Banks | AP69: 7.43 | AQ69: 45649 | AR69: 46014 | AS69: 5350 | AT69: Year | AU69: 45777 | AV69: CBV | AW69: 100 | AX69: 12776 | AY69: LISTED | AZ69: 1 | BA69: CRISIL AAA | BB69: CRISIL AAA | BC69: 0.07359 | BD69: 0.07175 | BE69: 100.5607 | BF69: 102.2076 | BG69: Debt | BH69: LIC72 | BI69: 8.55889 | BJ69: 8.61705 | BK69: 8.58811 | BL69: 52005073 | BM69: 0.2844 | BN69: Financial Services | BO69: 9.21218 | BQ69: 30000000000 | BR69: 0.166 | BS69: N
A70: LDINPF | B70: LIC MF Banking & PSU Fund | C70: INE020B08CO0 | D70: 7.14% REC LTD SR IX NCD RED 02-03-2030 | E70: REC Ltd. | F70: Investment - Corporate Bonds / Debentures | G70: 47544 | H70: 3000000 | I70: 0.06854 | J70: 101.6088 | K70: 3521095.9 | L70: AAA | M70: CRISIL | N70: AAA | O70: CRISIL | P70: Financial Institution | Q70: 300000000 | R70: 4.84 | S70: 300000000 | T70: 45777 | U70: 202 | V70: 170966 | W70: INR | X70: 98.6399 | Y70: 295919700 | AA70: 101.6495 | AB70: -0.04 | AC70: 304826400 | AD70: 304826400 | AE70: 0 | AF70: 8906700 | AG70: 9028800 | AH70: -122100 | AJ70: 1.828812e+10 | AK70: 1.6668 | AL70: BBG00S2F9NN7 | AM70: SLV | AN70: 7881 | AO70: Finance | AP70: 7.14 | AQ70: 45718 | AR70: 45902 | AS70: 1767 | AT70: Half-year | AU70: 45777 | AV70: CBV | AW70: 100 | AY70: LISTED | AZ70: 1 | BA70: CRISIL AAA | BB70: [ICRA]AAA | BC70: 0.0685 | BD70: 0.0686 | BE70: 101.6287 | BF70: 101.5889 | BG70: Debt | BH70: LIC72 | BI70: 3.99732 | BJ70: 3.99697 | BK70: 3.99787 | BL70: 3.083475e+08 | BM70: 1.6861 | BN70: Financial Services | BO70: 4.13488 | BQ70: 30000000000 | BR70: 2.333 | BS70: N
A71: LDINPF | B71: LIC MF Banking & PSU Fund | C71: INE020B08FL9 | D71: 7.34% REC LTD SR 240B NCD RED 30-04-2030 | E71: REC Ltd. | F71: Investment - Corporate Bonds / Debentures | G71: 47603 | H71: 2500000 | I71: 0.06855 | J71: 101.9948 | K71: 50273.97 | L71: AAA | M71: CRISIL | N71: AAA | O71: CRISIL | P71: Financial Institution | Q71: 250000000 | R71: 5 | S71: 250000000 | T71: 45777 | U71: 202 | V71: 176525 | W71: INR | X71: 100 | Y71: 250000000 | AA71: 102.0381 | AB71: -0.04 | AC71: 254987000 | AD71: 254987000 | AE71: 0 | AF71: 4987000 | AG71: 5095250 | AH71: -108250 | AJ71: 1.828812e+10 | AK71: 1.3943 | AL71: BBG01QNTPZ70 | AM71: SLV | AN71: 7881 | AO71: Finance | AP71: 7.34 | AQ71: 45777 | AR71: 46142 | AS71: 1826 | AT71: Year | AU71: 45777 | AV71: CBV | AW71: 100 | AY71: LISTED | AZ71: 1 | BA71: CRISIL AAA | BB71: [ICRA]AAA | BC71: 0.0685 | BD71: 0.0686 | BE71: 102.0156 | BF71: 101.9739 | BG71: Debt | BH71: LIC72 | BI71: 4.08582 | BJ71: 4.08531 | BK71: 4.08556 | BL71: 2.5503727e+08 | BM71: 1.3946 | BN71: Financial Services | BO71: 4.36563 | BQ71: 29010000000 | BR71: 0.861 | BS71: N
A72: LDINPF | B72: LIC MF Banking & PSU Fund | C72: INE020B08EK4 | D72: 7.46% REC LTD SR 233B NCD RED 30-06-2028 | E72: REC Ltd. | F72: Investment - Corporate Bonds / Debentures | G72: 46934 | H72: 5000000 | I72: 0.06861 | J72: 101.6195 | K72: 31168493 | L72: AAA | M72: CRISIL | N72: AAA | O72: CRISIL | P72: Financial Institution | Q72: 500000000 | R72: 3.17 | S72: 500000000 | T72: 45777 | U72: 202 | V72: 170729 | W72: INR | X72: 99.169 | Y72: 495845000 | AA72: 101.707 | AB72: -0.09 | AC72: 508097500 | AD72: 508097500 | AE72: 0 | AF72: 12252500 | AG72: 12690000 | AH72: -437500 | AJ72: 1.828812e+10 | AK72: 2.7783 | AL72: BBG01GZF7WS3 | AM72: SLV | AN72: 7881 | AO72: Finance | AP72: 7.46 | AQ72: 45473 | AR72: 45838 | AS72: 1157 | AT72: Year | AU72: 45777 | AV72: CBV | AW72: 100 | AY72: LISTED | AZ72: 1 | BA72: CRISIL AAA | BB72: [ICRA]AAA | BC72: 0.06882 | BD72: 0.0684 | BE72: 101.5609 | BF72: 101.6781 | BG72: Debt | BH72: LIC72 | BI72: 2.59259 | BJ72: 2.5939 | BK72: 2.59325 | BL72: 5.3926599e+08 | BM72: 2.9487 | BN72: Financial Services | BO72: 2.77117 | BQ72: 29936000000 | BR72: 1.67 | BS72: N
A73: LDINPF | B73: LIC MF Banking & PSU Fund | C73: INE020B08FD6 | D73: 7.58% REC LTD SR 234 B NCD RED31-05-2029 | E73: REC Ltd. | F73: Investment - Corporate Bonds / Debentures | G73: 47269 | H73: 2500000 | I73: 0.0687 | J73: 102.4357 | K73: 17496301 | L73: AAA | M73: ICRA | N73: AAA | O73: ICRA | P73: Financial Institution | Q73: 250000000 | R73: 4.09 | S73: 250000000 | T73: 45777 | U73: 202 | V73: 170791 | W73: INR | X73: 100 | Y73: 250000000 | AA73: 102.507 | AB73: -0.07 | AC73: 256089250 | AD73: 256089250 | AE73: 0 | AF73: 6089250 | AG73: 6267500 | AH73: -178250 | AJ73: 1.828812e+10 | AK73: 1.4003 | AL73: BBG01N2DWF53 | AM73: SLV | AN73: 7881 | AO73: Finance | AP73: 7.58 | AQ73: 45441 | AR73: 45808 | AS73: 1492 | AT73: Year | AU73: 45777 | AV73: CBV | AW73: 100 | AY73: LISTED | AZ73: 1 | BA73: [ICRA]AAA | BB73: [ICRA]AAA | BC73: 0.0687 | BD73: 0.0687 | BE73: 102.4357 | BF73: 102.4357 | BG73: Debt | BH73: LIC72 | BI73: 3.21389 | BJ73: 3.21389 | BK73: 3.21389 | BL73: 2.7358555e+08 | BM73: 1.496 | BN73: Financial Services | BO73: 3.43468 | BQ73: 25000000000 | BR73: 1 | BS73: N
A74: LDINPF | B74: LIC MF Banking & PSU Fund | C74: INE556F08KX8 | D74: 7.49% SIDBI SR VIII NCD RED 11-06-2029 | E74: Small Industries Development Bk of India | F74: Investment - Corporate Bonds / Debentures | G74: 47280 | H74: 2500000 | I74: 0.06933 | J74: 101.9525 | K74: 3180684.9 | L74: AAA | M74: CRISIL | N74: AAA | O74: CRISIL | P74: Financial Institution | Q74: 250000000 | R74: 4.12 | S74: 250000000 | T74: 45777 | U74: 202 | V74: 181187 | W74: INR | X74: 100.0125 | Y74: 250031125 | AA74: 101.9905 | AB74: -0.04 | AC74: 254881250 | AD74: 254881250 | AE74: 0 | AF74: 4850125 | AG74: 4945125 | AH74: -95000 | AJ74: 1.828812e+10 | AK74: 1.3937 | AL74: BBG01SLHQ383 | AM74: SLV | AN74: 8040 | AO74: Finance | AP74: 7.49 | AQ74: 45716 | AR74: 45819 | AS74: 1503 | AT74: Year | AU74: 45777 | AV74: CBV | AW74: 100 | AY74: LISTED | AZ74: 1 | BA74: CRISIL AAA | BB74: CRISIL AAA | BC74: 0.06933 | BD74: 0.06933 | BE74: 101.9525 | BF74: 101.9525 | BG74: Debt | BH74: LIC72 | BI74: 3.40789 | BJ74: 3.40789 | BK74: 3.40789 | BL74: 2.5806193e+08 | BM74: 1.4111 | BN74: Financial Services | BO74: 3.64414 | BQ74: 45930000000 | BR74: 0.544 | BS74: N
A75: LDINPF | B75: LIC MF Banking & PSU Fund | C75: INE556F08KL3 | D75: 7.83% SIDBI NCD SR V NCD RED 24-11-2028 | E75: Small Industries Development Bk of India | F75: Investment - Corporate Bonds / Debentures | G75: 47081 | H75: 7500000 | I75: 0.0689 | J75: 102.8209 | K75: 25420685 | L75: AAA | M75: CRISIL | N75: AAA | O75: CRISIL | P75: Financial Institution | Q75: 750000000 | R75: 3.57 | S75: 750000000 | T75: 45777 | U75: 202 | V75: 163753 | W75: INR | X75: 100.7704 | Y75: 755778250 | AA75: 102.7949 | AB75: 0.03 | AC75: 771156750 | AD75: 771156750 | AE75: 0 | AF75: 15378500 | AG75: 15183500 | AH75: 195000 | AJ75: 1.828812e+10 | AK75: 4.2167 | AL75: BBG01K9G68K3 | AM75: SLV | AN75: 8040 | AO75: Finance | AP75: 7.83 | AQ75: 45620 | AR75: 45985 | AS75: 1304 | AT75: Year | AU75: 45777 | AV75: CBV | AW75: 100 | AY75: LISTED | AZ75: 1 | BA75: CRISIL AAA | BB75: CRISIL AAA | BC75: 0.06881 | BD75: 0.069 | BE75: 102.851 | BF75: 102.7908 | BG75: Debt | BH75: LIC72 | BI75: 2.95589 | BJ75: 2.95522 | BK75: 2.95556 | BL75: 7.9657743e+08 | BM75: 4.3557 | BN75: Financial Services | BO75: 3.15921 | BQ75: 48870000000 | BR75: 1.534 | BS75: N
A76: LDINPF | B76: LIC MF Banking & PSU Fund | C76: IN0020240159 | D76: 6.79% GOVT OF INDIA SGRB RED 02-12-2034 | E76: Government of India | F76: Investment - Government Bonds | G76: 49280 | H76: 2500000 | I76: 0.0638 | J76: 102.9005 | K76: 7025763.9 | L76: SOV | M76: SOVEREIGN | N76: SOV | O76: SOVEREIGN | P76: Government of India | Q76: 250000000 | R76: 9.46 | S76: 250000000 | T76: 45777 | U76: 203 | V76: 177566 | W76: INR | X76: 100.4357 | Y76: 2.5108929e+08 | AA76: 102.932 | AB76: -0.03 | AC76: 257251250 | AD76: 257251250 | AE76: 0 | AF76: 6161964.3 | AG76: 6240714.3 | AH76: -78750 | AJ76: 1.828812e+10 | AK76: 1.4067 | AL76: BBG01R0K0245 | AM76: SLV | AN76: 73639 | AO76: Government of India | AP76: 6.79 | AQ76: 45628 | AR76: 45810 | AS76: 3452 | AT76: Half-year | AU76: 45777 | AV76: CBV | AW76: 100 | AY76: LISTED | AZ76: 1 | BA76: Sovereign | BB76: Sovereign | BC76: 0.0638 | BD76: 0.0638 | BE76: 102.9005 | BF76: 102.9005 | BG76: Debt | BH76: LIC72 | BI76: 6.82938 | BJ76: 6.82938 | BK76: 6.82938 | BL76: 2.6427701e+08 | BM76: 1.4451 | BN76: Government of India | BO76: 7.04723 | BT76: 0.06482
A77: LDINPF | B77: LIC MF Banking & PSU Fund | C77: IN0020240019 | D77: 7.10% GOVT OF INDIA RED 08-04-2034 | E77: Government of India | F77: Investment - Government Bonds | G77: 49042 | H77: 6750000 | I77: 0.06367 | J77: 104.9345 | K77: 3061875 | L77: SOV | M77: SOVEREIGN | N77: SOV | O77: SOVEREIGN | P77: Government of India | Q77: 675000000 | R77: 8.82 | S77: 675000000 | T77: 45777 | U77: 203 | V77: 168644 | W77: INR | X77: 101.3221 | Y77: 6.8392423e+08 | AA77: 105.013 | AB77: -0.07 | AC77: 708307875 | AD77: 708307875 | AE77: 0 | AF77: 24383649 | AG77: 24913524 | AH77: -529875 | AJ77: 1.828812e+10 | AK77: 3.873 | AL77: BBG01M86JP48 | AM77: SLV | AN77: 73639 | AO77: Government of India | AP77: 7.1 | AQ77: 45755 | AR77: 45938 | AS77: 3218 | AT77: Half-year | AU77: 45777 | AV77: CBV | AW77: 100 | AY77: LISTED | AZ77: 1 | BA77: Sovereign | BB77: Sovereign | BC77: 0.06367 | BD77: 0.06367 | BE77: 104.9346 | BF77: 104.9344 | BG77: Debt | BH77: LIC72 | BI77: 6.58768 | BJ77: 6.58767 | BK77: 6.58768 | BL77: 711369750 | BM77: 3.8898 | BN77: Government of India | BO77: 6.79738 | BT77: 0.06468
A78: LDINPF | B78: LIC MF Banking & PSU Fund | C78: IN0020230085 | D78: 7.18% GOVT OF INDIA RED 14-08-2033 | E78: Government of India | F78: Investment - Government Bonds | G78: 48805 | H78: 2400000 | I78: 0.06351 | J78: 105.2655 | K78: 3685733.3 | L78: SOV | M78: SOVEREIGN | N78: SOV | O78: SOVEREIGN | P78: Government of India | Q78: 240000000 | R78: 8.18 | S78: 240000000 | T78: 45777 | U78: 203 | V78: 160576 | W78: INR | X78: 101.7065 | Y78: 2.4409555e+08 | AA78: 105.312 | AB78: -0.04 | AC78: 252637200 | AD78: 252637200 | AE78: 0 | AF78: 8541652.4 | AG78: 8653252.4 | AH78: -111600 | AJ78: 1.828812e+10 | AK78: 1.3814 | AL78: BBG01HT0LQW3 | AM78: SLV | AN78: 73639 | AO78: Government of India | AP78: 7.18 | AQ78: 45702 | AR78: 45883 | AS78: 2984 | AT78: Half-year | AU78: 45777 | AV78: CBV | AW78: 100 | AY78: LISTED | AZ78: 1 | BA78: Sovereign | BB78: Sovereign | BC78: 0.06351 | BD78: 0.06351 | BE78: 105.2656 | BF78: 105.2653 | BG78: Debt | BH78: LIC72 | BI78: 6.15649 | BJ78: 6.15649 | BK78: 6.15649 | BL78: 2.5632293e+08 | BM78: 1.4016 | BN78: Government of India | BO78: 6.35198 | BT78: 0.06452
A79: LDINPF | B79: LIC MF Banking & PSU Fund | C79: IN1520230195 | D79: 7.66% GUJARAT SDL RED 10-01-2032 | E79: State Government of Gujarat | F79: Investment - State Development Loans | G79: 48223 | H79: 2500000 | I79: 0.06657 | J79: 105.3314 | K79: 5904583.3 | L79: SOV | M79: SOVEREIGN | N79: SOV | O79: SOVEREIGN | P79: Government of India | Q79: 250000000 | R79: 6.6 | S79: 250000000 | T79: 45777 | U79: 227 | V79: 177709 | W79: INR | X79: 103.2336 | Y79: 258084000 | AA79: 105.357 | AB79: -0.02 | AC79: 263328500 | AD79: 263328500 | AE79: 0 | AF79: 5244500 | AG79: 5308500 | AH79: -64000 | AJ79: 1.828812e+10 | AK79: 1.4399 | AL79: BBG01KXLM9F1 | AM79: SLV | AN79: 8133 | AO79: Government of India | AP79: 7.66 | AQ79: 45667 | AR79: 45848 | AS79: 2410 | AT79: Half-year | AU79: 45777 | AV79: CBV | AW79: 100 | AY79: LISTED | AZ79: 1 | BA79: Sovereign | BB79: Sovereign | BC79: 0.06644 | BD79: 0.0667 | BE79: 105.4032 | BF79: 105.2595 | BG79: Debt | BH79: LIC72 | BI79: 5.11319 | BJ79: 5.11142 | BK79: 5.11231 | BL79: 2.6923308e+08 | BM79: 1.4722 | BN79: Government of India | BO79: 5.28247 | BT79: 0.06768
A80: LDINPF | B80: LIC MF Banking & PSU Fund | C80: IN1520220279 | D80: 7.71% GUJARAT SDL RED 08-03-2034 | E80: State Government of Gujarat | F80: Investment - State Development Loans | G80: 49011 | H80: 4000000 | I80: 0.0669 | J80: 106.7188 | K80: 4540333.3 | L80: SOV | M80: SOVEREIGN | N80: SOV | O80: SOVEREIGN | P80: Government of India | Q80: 400000000 | R80: 8.73 | S80: 400000000 | T80: 45777 | U80: 227 | V80: 165090 | W80: INR | X80: 102.8853 | Y80: 411541250 | AA80: 106.7549 | AB80: -0.03 | AC80: 426875200 | AD80: 426875200 | AE80: 0 | AF80: 15333950 | AG80: 15478350 | AH80: -144400 | AJ80: 1.828812e+10 | AK80: 2.3342 | AL80: BBG01FQH8B97 | AM80: SLV | AN80: 8133 | AO80: Government of India | AP80: 7.71 | AQ80: 45724 | AR80: 45908 | AS80: 3188 | AT80: Half-year | AU80: 45777 | AV80: CBV | AW80: 100 | AY80: LISTED | AZ80: 1 | BA80: Sovereign | BB80: Sovereign | BC80: 0.0668 | BD80: 0.067 | BE80: 106.7876 | BF80: 106.65 | BG80: Debt | BH80: LIC72 | BI80: 6.37892 | BJ80: 6.37668 | BK80: 6.3778 | BL80: 4.3141553e+08 | BM80: 2.359 | BN80: Government of India | BO80: 6.59114 | BT80: 0.06802
A81: LDINPF | B81: LIC MF Banking & PSU Fund | C81: IN2220240401 | D81: 7.12% MAHARASHTRA SDL RED 05-02-2036 | E81: State Government of Maharashtra | F81: Investment - State Development Loans | G81: 49710 | H81: 1500000 | I81: 0.06726 | J81: 102.9721 | K81: 2551333.3 | L81: SOV | M81: SOVEREIGN | N81: SOV | O81: SOVEREIGN | P81: Government of India | Q81: 150000000 | R81: 10.62 | S81: 150000000 | T81: 45777 | U81: 227 | V81: 180360 | W81: INR | X81: 100.59 | Y81: 150885000 | AA81: 102.8543 | AB81: 0.11 | AC81: 154458150 | AD81: 154458150 | AE81: 0 | AF81: 3573150 | AG81: 3396450 | AH81: 176700 | AJ81: 1.828812e+10 | AK81: 0.8446 | AL81: BBG01S3KMK55 | AM81: SLV | AN81: 8142 | AO81: Government of India | AP81: 7.12 | AQ81: 45693 | AR81: 45874 | AS81: 3875 | AT81: Half-year | AU81: 45777 | AV81: CBV | AW81: 100 | AY81: LISTED | AZ81: 1 | BA81: Sovereign | BB81: Sovereign | BC81: 0.06731 | BD81: 0.0672 | BE81: 102.9293 | BF81: 103.0149 | BG81: Debt | BH81: LIC72 | BI81: 7.37311 | BJ81: 7.37495 | BK81: 7.37403 | BL81: 1.5700948e+08 | BM81: 0.8585 | BN81: Government of India | BO81: 7.622 | BT81: 0.06839
A82: LDINPF | B82: LIC MF Banking & PSU Fund | C82: IN2220230121 | D82: 7.47% MAHARASHTRA SDL RED 13-09-2034 | E82: State Government of Maharashtra | F82: Investment - State Development Loans | G82: 49200 | H82: 1500000 | I82: 0.06675 | J82: 105.4592 | K82: 1494000 | L82: SOV | M82: SOVEREIGN | N82: SOV | O82: SOVEREIGN | P82: Government of India | Q82: 150000000 | R82: 9.24 | S82: 150000000 | T82: 45777 | U82: 227 | V82: 168300 | W82: INR | X82: 100.1746 | Y82: 150261900 | AA82: 105.4962 | AB82: -0.04 | AC82: 158188800 | AD82: 158188800 | AE82: 0 | AF82: 7926900 | AG82: 7982400 | AH82: -55500 | AJ82: 1.828812e+10 | AK82: 0.865 | AL82: BBG01J7V2TR6 | AM82: SLV | AN82: 8142 | AO82: Government of India | AP82: 7.47 | AQ82: 45729 | AR82: 45913 | AS82: 3373 | AT82: Half-year | AU82: 45777 | AV82: CBV | AW82: 100 | AY82: LISTED | AZ82: 1 | BA82: Sovereign | BB82: Sovereign | BC82: 0.0668 | BD82: 0.0667 | BE82: 105.4236 | BF82: 105.4948 | BG82: Debt | BH82: LIC72 | BI82: 6.68735 | BJ82: 6.6886 | BK82: 6.68797 | BL82: 159682800 | BM82: 0.8732 | BN82: Government of India | BO82: 6.91119 | BT82: 0.06786
A83: LDINPF | B83: LIC MF Banking & PSU Fund | C83: IN2220220205 | D83: 7.7% MAHARASHTRA SDL RED 08-03-2033 | E83: State Government of Maharashtra | F83: Investment - State Development Loans | G83: 48646 | H83: 750000 | I83: 0.0668 | J83: 106.1415 | K83: 850208.33 | L83: SOV | M83: SOVEREIGN | N83: SOV | O83: SOVEREIGN | P83: Government of India | Q83: 75000000 | R83: 7.75 | S83: 75000000 | T83: 45777 | U83: 227 | V83: 154831 | W83: INR | X83: 100.0084 | Y83: 75006278 | AA83: 106.2382 | AB83: -0.09 | AC83: 79606125 | AD83: 79606125 | AE83: 0 | AF83: 4599847.5 | AG83: 4672372.5 | AH83: -72525 | AJ83: 1.828812e+10 | AK83: 0.4353 | AL83: BBG01FQH8BJ6 | AM83: SLV | AN83: 8142 | AO83: Government of India | AP83: 7.7 | AQ83: 45724 | AR83: 45908 | AS83: 2828 | AT83: Half-year | AU83: 45777 | AV83: CBV | AW83: 100 | AY83: LISTED | AZ83: 1 | BA83: Sovereign | BB83: Sovereign | BC83: 0.0668 | BD83: 0.0668 | BE83: 106.141 | BF83: 106.1419 | BG83: Debt | BH83: LIC72 | BI83: 5.84016 | BJ83: 5.84017 | BK83: 5.84016 | BL83: 80456333 | BM83: 0.4399 | BN83: Government of India | BO83: 6.03523 | BT83: 0.06792
A84: LDINPF | B84: LIC MF Banking & PSU Fund | C84: IN2220220072 | D84: 7.72% MAHARASHTRA SDL RED 25-05-2034 | E84: State Government of Maharashtra | F84: Investment - State Development Loans | G84: 49089 | H84: 1500000 | I84: 0.0669 | J84: 106.9108 | K84: 5018000 | L84: SOV | M84: SOVEREIGN | N84: SOV | O84: SOVEREIGN | P84: Government of India | Q84: 150000000 | R84: 8.95 | S84: 150000000 | T84: 45777 | U84: 227 | V84: 168121 | W84: INR | X84: 102.0291 | Y84: 153043650 | AA84: 106.9471 | AB84: -0.03 | AC84: 160366200 | AD84: 160366200 | AE84: 0 | AF84: 7322550 | AG84: 7377000 | AH84: -54450 | AJ84: 1.828812e+10 | AK84: 0.8769 | AL84: BBG017Q9Y3Y4 | AM84: SLV | AN84: 8142 | AO84: Government of India | AP84: 7.72 | AQ84: 45621 | AR84: 45802 | AS84: 3265 | AT84: Half-year | AU84: 45777 | AV84: CBV | AW84: 100 | AY84: LISTED | AZ84: 1 | BA84: Sovereign | BB84: Sovereign | BC84: 0.0668 | BD84: 0.067 | BE84: 106.9808 | BF84: 106.8407 | BG84: Debt | BH84: LIC72 | BI84: 6.35731 | BJ84: 6.35484 | BK84: 6.35608 | BL84: 165384200 | BM84: 0.9043 | BN84: Government of India | BO84: 6.56869 | BT84: 0.06802
A85: LDINPF | B85: LIC MF Banking & PSU Fund | C85: INTREP020525 | D85: TREPS_RED_02.05.2025 | E85: Clearing Corporation of India Ltd. | F85: Investment - TREPS | G85: 45779 | H85: 5058970.6 | J85: 99.98357 | K85: 0 | P85: Others | Q85: 5.0589706e+08 | R85: 0.01 | S85: 5.0589706e+08 | T85: 45777 | U85: 247 | V85: 178347 | W85: INR | X85: 99.9671 | Y85: 5.0573085e+08 | Z85: 5.0581396e+08 | AC85: 5.0581396e+08 | AD85: 5.0581396e+08 | AE85: 83103.69 | AF85: 0 | AH85: 0 | AJ85: 1.828812e+10 | AK85: 2.7658 | AL85: BBG01TS2WWP7 | AM85: UNL | AN85: 73640 | AO85: Others | AS85: 2 | AU85: 45777 | AV85: UNL | AW85: 100 | AY85: UNLISTED | AZ85: 1 | BG85: Debt | BH85: LIC72 | BL85: 5.0581396e+08 | BM85: 2.7658 | BN85: Others
A86: LDINPF | B86: LIC MF Banking & PSU Fund | C86: INF0RQ622028 | D86: SBI CDMDF--A2 | E86: SBI Funds Management Ltd. | F86: Investment CDMDF | H86: 4357.967 | J86: 11118.122 | K86: 0 | P86: AIF | R86: 0 | S86: 43579670 | T86: 45777 | U86: 620 | V86: 162785 | W86: INR | X86: 10188.413 | Y86: 44400769 | AA86: 11115.958 | AB86: 0.02 | AC86: 48452411 | AD86: 48452411 | AE86: 0 | AF86: 4051641.2 | AG86: 4042210.6 | AH86: 9430.64 | AJ86: 1.828812e+10 | AK86: 0.2649 | AL86: BBG01JXKFGP7 | AM86: UNL | AN86: 797694 | AO86: AIF | AS86: 0 | AU86: 45777 | AV86: UNL | AW86: 10000 | AY86: UNLISTED | AZ86: 1 | BG86: Debt | BH86: LIC72 | BL86: 48452411 | BM86: 0.2649 | BN86: AIF
A87: LDINPF | B87: LIC MF Banking & PSU Fund | F87: Other Net Assets | P87: MISCELLANEOUS | R87: 0 | T87: 45777 | AC87: 1.2636352e+08 | AD87: 1.2636352e+08 | AH87: 0 | AK87: 0.6909 | AO87: MISCELLANEOUS | AY87: LISTED | AZ87: 1 | BG87: Debt | BH87: LIC72 | BL87: -3.0746207e+08 | BM87: -1.6812 | BN87: MISCELLANEOUS
A88: LDMIPF | B88: LIC MF Conservative Hybrid Fund | C88: INE206D08378 | D88: 8.13% NPCIL NCD 28-03-2028 XXXII B | E88: Nuclear Power Corporation | F88: Investment - Corporate Bonds / Debentures | G88: 46840 | H88: 400000 | I88: 0.06748 | J88: 103.8785 | K88: 302926.03 | L88: AAA | M88: CRISIL | N88: AAA | O88: CRISIL | P88: Power Generation | Q88: 40000000 | R88: 2.91 | S88: 40000000 | T88: 45777 | U88: 202 | V88: 63604 | W88: INR | X88: 102.4705 | Y88: 40988200 | AA88: 103.9572 | AB88: -0.08 | AC88: 41551400 | AD88: 41551400 | AE88: 0 | AF88: 563200 | AG88: 594680 | AH88: -31480 | AJ88: 5.0618015e+08 | AK88: 8.2088 | AL88: BBG00CLB77X6 | AM88: SLV | AN88: 78530 | AO88: Power | AP88: 8.13 | AQ88: 45744 | AR88: 45928 | AS88: 1063 | AT88: Half-year | AU88: 45777 | AV88: CBV | AW88: 100 | AY88: LISTED | AZ88: 1 | BA88: CRISIL AAA | BB88: CRISIL AAA | BC88: 0.06748 | BD88: 0.0674 | BE88: 103.868 | BF88: 103.8889 | BG88: Debt | BH88: LIC31 | BI88: 2.55012 | BJ88: 2.55025 | BK88: 2.55011 | BL88: 41854326 | BM88: 8.2687 | BN88: Power | BO88: 2.63614 | BQ88: 12000000000 | BR88: 2.5 | BS88: N
A89: LDMIPF | B89: LIC MF Conservative Hybrid Fund | C89: INE238A01034 | D89: AXIS BANK LTD | E89: Axis Bank Ltd. | F89: Investment - Equities | H89: 6741 | J89: 1185 | K89: 0 | P89: Private Sector Bank | R89: 0 | S89: 13482 | T89: 45777 | U89: 100 | V89: 6471 | W89: INR | X89: 1150 | Y89: 7752150 | AA89: 1187.3 | AB89: -0.19 | AC89: 7988085 | AD89: 7988085 | AE89: 0 | AF89: 235935 | AG89: 251439.3 | AH89: -15504.3 | AJ89: 5.0618015e+08 | AK89: 1.5781 | AL89: BBG000BD5ZZ7 | AM89: NIE | AN89: 6155 | AO89: Banks | AS89: 0 | AU89: 45777 | AV89: NIE | AW89: 2 | AY89: LISTED | AZ89: 1 | BG89: Debt | BH89: LIC31 | BL89: 7988085 | BM89: 1.5781 | BN89: Financial Services
A90: LDMIPF | B90: LIC MF Conservative Hybrid Fund | C90: INE465A01025 | D90: BHARAT FORGE LTD | E90: Bharat Forge Ltd. | F90: Investment - Equities | H90: 6459 | J90: 1104.2 | K90: 0 | P90: Auto Components & Equipments | R90: 0 | S90: 12918 | T90: 45777 | U90: 100 | V90: 6491 | W90: INR | X90: 1200.1729 | Y90: 7751916.8 | AA90: 1134 | AB90: -2.63 | AC90: 7132027.8 | AD90: 7132027.8 | AE90: 0 | AF90: -619888.96 | AG90: -427410.76 | AH90: -192478.2 | AJ90: 5.0618015e+08 | AK90: 1.409 | AL90: BBG000CP4ZP1 | AM90: NIE | AN90: 6242 | AO90: Auto Components | AS90: 0 | AU90: 45777 | AV90: NIE | AW90: 2 | AY90: LISTED | AZ90: 1 | BG90: Debt | BH90: LIC31 | BL90: 7132027.8 | BM90: 1.409 | BN90: Automobile and Auto Components
A91: LDMIPF | B91: LIC MF Conservative Hybrid Fund | C91: INE040A01034 | D91: HDFC BANK LTD | E91: HDFC Bank Ltd. | F91: Investment - Equities | H91: 9695 | J91: 1925 | K91: 0 | P91: Private Sector Bank | R91: 0 | S91: 9695 | T91: 45777 | U91: 100 | V91: 6593 | W91: INR | X91: 1393.1805 | Y91: 13506884 | AA91: 1908.8 | AB91: 0.85 | AC91: 18662875 | AD91: 18662875 | AE91: 0 | AF91: 5155990.5 | AG91: 4998931.5 | AH91: 157059 | AJ91: 5.0618015e+08 | AK91: 3.687 | AL91: BBG000F8W9K8 | AM91: NIE | AN91: 6884 | AO91: Banks | AQ91: 45421 | AS91: 0 | AU91: 45777 | AV91: NIE | AW91: 1 | AY91: LISTED | AZ91: 1 | BG91: Debt | BH91: LIC31 | BL91: 18662875 | BM91: 3.687 | BN91: Financial Services
A92: LDMIPF | B92: LIC MF Conservative Hybrid Fund | C92: INE030A01027 | D92: HINDUSTAN UNILEVER LTD | E92: Hindustan Unilever Ltd. | F92: Investment - Equities | H92: 3313 | J92: 2342.1 | K92: 0 | P92: Diversified FMCG | R92: 0 | S92: 3313 | T92: 45777 | U92: 100 | V92: 6607 | W92: INR | X92: 1807.1726 | Y92: 5987162.8 | AA92: 2321.7 | AB92: 0.88 | AC92: 7759377.3 | AD92: 7759377.3 | AE92: 0 | AF92: 1772214.5 | AG92: 1704629.3 | AH92: 67585.2 | AJ92: 5.0618015e+08 | AK92: 1.5329 | AL92: BBG000CSMG04 | AM92: NIE | AN92: 6926 | AO92: Diversified FMCG | AQ92: 45601 | AS92: 0 | AU92: 45777 | AV92: NIE | AW92: 1 | AY92: LISTED | AZ92: 1 | BG92: Debt | BH92: LIC31 | BL92: 7759377.3 | BM92: 1.5329 | BN92: Fast Moving Consumer Goods
A93: LDMIPF | B93: LIC MF Conservative Hybrid Fund | C93: INE090A01021 | D93: ICICI BANK LTD | E93: ICICI Bank Ltd. | F93: Investment - Equities | H93: 8260 | J93: 1427 | K93: 0 | P93: Private Sector Bank | R93: 0 | S93: 16520 | T93: 45777 | U93: 100 | V93: 6616 | W93: INR | X93: 330.5229 | Y93: 2730118.8 | AA93: 1429.8 | AB93: -0.2 | AC93: 11787020 | AD93: 11787020 | AE93: 0 | AF93: 9056901.2 | AG93: 9080029.2 | AH93: -23128 | AJ93: 5.0618015e+08 | AK93: 2.3286 | AL93: BBG000BBL437 | AM93: NIE | AN93: 6960 | AO93: Banks | AQ93: 45513 | AS93: 0 | AU93: 45777 | AV93: NIE | AW93: 2 | AY93: LISTED | AZ93: 1 | BG93: Debt | BH93: LIC31 | BL93: 11787020 | BM93: 2.3286 | BN93: Financial Services
A94: LDMIPF | B94: LIC MF Conservative Hybrid Fund | C94: INE009A01021 | D94: INFOSYS LTD | E94: Infosys Ltd. | F94: Investment - Equities | H94: 9229 | J94: 1500.1 | K94: 0 | P94: Computers - Software & Consulting | R94: 0 | S94: 46145 | T94: 45777 | U94: 100 | V94: 6637 | W94: INR | X94: 643.1582 | Y94: 5935706.9 | AA94: 1497.5 | AB94: 0.17 | AC94: 13844423 | AD94: 13844423 | AE94: 0 | AF94: 7908716 | AG94: 7884720.6 | AH94: 23995.4 | AJ94: 5.0618015e+08 | AK94: 2.7351 | AL94: BBG000CT9HP8 | AM94: NIE | AN94: 7079 | AO94: IT - Software | AQ94: 45593 | AS94: 0 | AU94: 45777 | AV94: NIE | AW94: 5 | AY94: LISTED | AZ94: 1 | BG94: Debt | BH94: LIC31 | BL94: 13844423 | BM94: 2.7351 | BN94: Information Technology
A95: LDMIPF | B95: LIC MF Conservative Hybrid Fund | C95: INE391J01032 | D95: JTL INDUSTRIES LIMITED | E95: JTL Industries Ltd. | F95: Investment - Equities | H95: 259201 | J95: 64.94 | K95: 0 | P95: Iron & Steel Products | R95: 0 | S95: 259201 | T95: 45777 | U95: 100 | V95: 176678 | W95: INR | X95: 92.5811 | Y95: 23997106 | AA95: 66.62 | AB95: -2.52 | AC95: 16832513 | AD95: 16832513 | AE95: 0 | AF95: -7164593 | AG95: -6729135.3 | AH95: -435457.68 | AJ95: 5.0618015e+08 | AK95: 3.3254 | AL95: BBG002WN2R52 | AM95: NIE | AN95: 797966 | AO95: Industrial Products | AS95: 0 | AU95: 45777 | AV95: NIE | AW95: 1 | AY95: LISTED | AZ95: 1 | BG95: Debt | BH95: LIC31 | BL95: 16832513 | BM95: 3.3254 | BN95: Capital Goods
A96: LDMIPF | B96: LIC MF Conservative Hybrid Fund | C96: INE101A01026 | D96: MAHINDRA & MAHINDRA LTD | E96: Mahindra & Mahindra Ltd. | F96: Investment - Equities | H96: 899 | J96: 2928.8 | K96: 0 | P96: Passenger Cars & Utility Vehicles | R96: 0 | S96: 4495 | T96: 45777 | U96: 100 | V96: 6678 | W96: INR | X96: 908.9091 | Y96: 817109.3 | AA96: 2909.6 | AB96: 0.66 | AC96: 2632991.2 | AD96: 2632991.2 | AE96: 0 | AF96: 1815881.9 | AG96: 1798621.1 | AH96: 17260.8 | AJ96: 5.0618015e+08 | AK96: 0.5202 | AL96: BBG000BKW6G6 | AM96: NIE | AN96: 7362 | AO96: Automobiles | AQ96: 45477 | AS96: 0 | AU96: 45777 | AV96: NIE | AW96: 5 | AY96: LISTED | AZ96: 1 | BG96: Debt | BH96: LIC31 | BL96: 2632991.2 | BM96: 0.5202 | BN96: Automobile and Auto Components
A97: LDMIPF | B97: LIC MF Conservative Hybrid Fund | C97: INE002A01018 | D97: RELIANCE INDUSTRIES LTD | E97: Reliance Industries Ltd. | F97: Investment - Equities | H97: 10491 | J97: 1405 | K97: 0 | P97: Refineries & Marketing | R97: 0 | S97: 104910 | T97: 45777 | U97: 100 | V97: 6749 | W97: INR | X97: 926.6562 | Y97: 9721549.9 | AA97: 1399.7 | AB97: 0.38 | AC97: 14739855 | AD97: 14739855 | AE97: 0 | AF97: 5018305.1 | AG97: 4962702.8 | AH97: 55602.3 | AJ97: 5.0618015e+08 | AK97: 2.912 | AL97: BBG000BKVP93 | AM97: NIE | AN97: 7842 | AO97: Petroleum Products | AQ97: 45520 | AS97: 0 | AU97: 45777 | AV97: NIE | AW97: 10 | AY97: LISTED | AZ97: 1 | BG97: Debt | BH97: LIC31 | BL97: 14739855 | BM97: 2.912 | BN97: Oil, Gas & Consumable Fuels
A98: LDMIPF | B98: LIC MF Conservative Hybrid Fund | C98: IN0020240159 | D98: 6.79% GOVT OF INDIA SGRB RED 02-12-2034 | E98: Government of India | F98: Investment - Government Bonds | G98: 49280 | H98: 500000 | I98: 0.0638 | J98: 102.9005 | K98: 1405152.8 | L98: SOV | M98: SOVEREIGN | N98: SOV | O98: SOVEREIGN | P98: Government of India | Q98: 50000000 | R98: 9.46 | S98: 50000000 | T98: 45777 | U98: 203 | V98: 177566 | W98: INR | X98: 100.45 | Y98: 50225000 | AA98: 102.932 | AB98: -0.03 | AC98: 51450250 | AD98: 51450250 | AE98: 0 | AF98: 1225250 | AG98: 1241000 | AH98: -15750 | AJ98: 5.0618015e+08 | AK98: 10.1644 | AL98: BBG01R0K0245 | AM98: SLV | AN98: 73639 | AO98: Government of India | AP98: 6.79 | AQ98: 45628 | AR98: 45810 | AS98: 3452 | AT98: Half-year | AU98: 45777 | AV98: CBV | AW98: 100 | AY98: LISTED | AZ98: 1 | BA98: Sovereign | BB98: Sovereign | BC98: 0.0638 | BD98: 0.0638 | BE98: 102.9005 | BF98: 102.9005 | BG98: Debt | BH98: LIC31 | BI98: 6.82938 | BJ98: 6.82938 | BK98: 6.82938 | BL98: 52855403 | BM98: 10.442 | BN98: Government of India | BO98: 7.04723 | BT98: 0.06482
A99: LDMIPF | B99: LIC MF Conservative Hybrid Fund | C99: IN0020230036 | D99: 7.17% GOVT OF INDIA RED 17-04-2030 | E99: Government of India | F99: Investment - Government Bonds | G99: 47590 | H99: 500000 | I99: 0.06116 | J99: 104.4484 | K99: 139416.67 | L99: SOV | M99: SOVEREIGN | N99: SOV | O99: SOVEREIGN | P99: Government of India | Q99: 50000000 | R99: 4.9 | S99: 50000000 | T99: 45777 | U99: 203 | V99: 156694 | W99: INR | X99: 99.37 | Y99: 49685000 | AA99: 104.5094 | AB99: -0.06 | AC99: 52224200 | AD99: 52224200 | AE99: 0 | AF99: 2539200 | AG99: 2569700 | AH99: -30500 | AJ99: 5.0618015e+08 | AK99: 10.3173 | AL99: BBG01G68Q9C8 | AM99: SLV | AN99: 73639 | AO99: Government of India | AP99: 7.17 | AQ99: 45764 | AR99: 45947 | AS99: 1787 | AT99: Half-year | AU99: 45777 | AV99: CBV | AW99: 100 | AY99: LISTED | AZ99: 1 | BA99: Sovereign | BB99: Sovereign | BC99: 0.06116 | BD99: 0.06116 | BE99: 104.4484 | BF99: 104.4484 | BG99: Debt | BH99: LIC31 | BI99: 4.14165 | BJ99: 4.14165 | BK99: 4.14165 | BL99: 52363617 | BM99: 10.3449 | BN99: Government of India | BO99: 4.2683 | BT99: 0.0621
A100: LDMIPF | B100: LIC MF Conservative Hybrid Fund | C100: IN0020220060 | D100: 7.26% GOVT OF INDIA RED 22-08-2032 | E100: Government of India | F100: Investment - Government Bonds | G100: 48448 | H100: 450000 | I100: 0.0628 | J100: 105.6598 | K100: 626175 | L100: SOV | M100: SOVEREIGN | N100: SOV | O100: SOVEREIGN | P100: Government of India | Q100: 45000000 | R100: 7.21 | S100: 45000000 | T100: 45777 | U100: 203 | V100: 148011 | W100: INR | X100: 99.77 | Y100: 44896500 | AA100: 105.8009 | AB100: -0.13 | AC100: 47546910 | AD100: 47546910 | AE100: 0 | AF100: 2650410 | AG100: 2713905 | AH100: -63495 | AJ100: 5.0618015e+08 | AK100: 9.3933 | AL100: BBG01964QZ35 | AM100: SLV | AN100: 73639 | AO100: Government of India | AP100: 7.26 | AQ100: 45710 | AR100: 45891 | AS100: 2632 | AT100: Half-year | AU100: 45777 | AV100: CBV | AW100: 100 | AY100: LISTED | AZ100: 1 | BA100: Sovereign | BB100: Sovereign | BC100: 0.0628 | BD100: 0.0628 | BE100: 105.6597 | BF100: 105.6599 | BG100: Debt | BH100: LIC31 | BI100: 5.59671 | BJ100: 5.59671 | BK100: 5.59671 | BL100: 48173085 | BM100: 9.517 | BN100: Government of India | BO100: 5.77245 | BT100: 0.06379
...

Sheet capitaline data
A1: CAPITALINE CODE | B1: CO_NAME | C1: [Year End[Latest]] | D1: [EPS (Adj)(Unit Curr.)[Latest]] | E1: [Year End[Latest1]] | F1: [EPS (Adj)(Unit Curr.)[Latest1]] | G1: [Year End[Latest2]] | H1: [EPS (Adj)(Unit Curr.)[Latest2]] | I1: [Year End[Latest3]] | J1: [EPS (Adj)(Unit Curr.)[Latest3]] | K1: [Company Long Name | L1: [BSE Code | M1: [NSE Symbol | N1: [Bloomberg | O1: [ISIN No | Q1: EPS T12
A2: 6 | B2: ACC | C2: 202503 | D2: 39.99 | E2: 202412 | F2: 58.14 | G2: 202409 | H2: 10.55 | I2: 202406 | J2: 19.24 | K2: ACC Ltd | L2: 500410 | M2: ACC | N2: ACC IN | O2: INE012A01025 | Q2: =D2+F2+H2+J2 -> 127.92
A3: 9 | B3: Aegis Logistics | C3: 202412 | D3: 3.54 | E3: 202409 | F3: 3.59 | G3: 202406 | H3: 3.75 | I3: 202403 | J3: 5.59 | K3: Aegis Logistics Ltd | L3: 500003 | M3: AEGISLOG | N3: AEGISLOG IN | O3: INE208C01025 | Q3: =D3+F3+H3+J3 -> 16.47
A4: 11 | B4: Alfred Herbert | C4: 202412 | D4: 86.43 | E4: 202409 | F4: -0.39 | G4: 202406 | H4: -4.24 | I4: 202403 | J4: 0.24 | K4: Alfred Herbert (India) Ltd | L4: 505216 | M4: ALFREDHERB | N4: ALFRD IN | O4: INE782D01027 | Q4: =D4+F4+H4+J4 -> 82.04
A5: 14 | B5: Ambalal Sarabhai | C5: 202412 | D5: 0.29 | E5: 202409 | F5: 0.34 | G5: 202406 | H5: 0.05 | I5: 202403 | J5: 1.18 | K5: Ambalal Sarabhai Enterprises Ltd | L5: 500009 | M5: AMBASARABH | N5: SARA IN | O5: INE432A01017 | Q5: =D5+F5+H5+J5 -> 1.86
A6: 23 | B6: Apollo Tyres | C6: 202412 | D6: 5.31 | E6: 202409 | F6: 4.68 | G6: 202406 | H6: 4.76 | I6: 202403 | J6: 5.58 | K6: Apollo Tyres Ltd | L6: 500877 | M6: APOLLOTYRE | N6: APTY IN | O6: INE438A01022 | Q6: =D6+F6+H6+J6 -> 20.33
A7: 24 | B7: Utique Enterp. | C7: 202112 | D7: 0.5 | E7: 202109 | F7: -0.03 | G7: 202106 | H7: 0.15 | I7: 202103 | J7: -0.04 | K7: Utique Enterprises Ltd | L7: 500014 | M7: APPLEIND | N7: UTIQUE IN | O7: INE096A01010 | Q7: =D7+F7+H7+J7 -> 0.58
A8: 29 | B8: Arvind Ltd | C8: 202412 | D8: 3.96 | E8: 202409 | F8: 2.28 | G8: 202406 | H8: 1.5 | I8: 202403 | J8: 3.79 | K8: Arvind Ltd | L8: 500101 | M8: ARVIND | N8: ARVND IN | O8: INE034A01011 | Q8: =D8+F8+H8+J8 -> 11.53
A9: 31 | B9: Ashok Leyland | C9: 202412 | D9: 2.59 | E9: 202409 | F9: 2.4 | G9: 202406 | H9: 1.73 | I9: 202403 | J9: 2.91 | K9: Ashok Leyland Ltd | L9: 500477 | M9: ASHOKLEY | N9: AL IN | O9: INE208A01029 | Q9: =D9+F9+H9+J9 -> 9.63
A10: 33 | B10: Asian Hotels (N) | C10: 202212 | D10: -8.68 | E10: 202209 | F10: -15.34 | G10: 202206 | H10: -17.19 | I10: 202203 | J10: -23.12 | K10: Asian Hotels (North) Ltd | L10: 500023 | M10: ASIANHOTNR | N10: AHOT IN | O10: INE363A01022 | Q10: =D10+F10+H10+J10 -> -64.33
A11: 34 | B11: Asian Paints | C11: 202503 | D11: 7.22 | E11: 202412 | F11: 11.58 | G11: 202409 | H11: 7.25 | I11: 202406 | J11: 12.2 | K11: Asian Paints Ltd | L11: 500820 | M11: ASIANPAINT | N11: APNT IN | O11: INE021A01026 | Q11: =D11+F11+H11+J11 -> 38.25
A12: 37 | B12: SKF India | C12: 202412 | D12: 22.1 | E12: 202409 | F12: 19.1 | G12: 202406 | H12: 32.1 | I12: 202403 | J12: 35.4 | K12: SKF India Ltd | L12: 500472 | M12: SKFINDIA | N12: SKF IN | O12: INE640A01023 | Q12: =D12+F12+H12+J12 -> 108.7
A13: 38 | B13: Asi Industries | C13: 202212 | D13: 0.89 | E13: 202209 | F13: -0.45 | G13: 202206 | H13: -1.7 | I13: 202203 | J13: -6.03 | K13: Asi Industries Ltd | L13: 502015 | M13: ASOCSTONE | N13: ASIIL IN | O13: INE443A01030 | Q13: =D13+F13+H13+J13 -> -7.29
... A59: 142 | B59: Diamines & Chem. | C59: 202412 | D59: 0.77 | E59: 202409 | F59: 2.58 | G59: 202406 | H59: -1.74 | I59: 202403 | J59: 2.25 | K59: Diamines & Chemicals Ltd | L59: 500120 | M59: DIAMINESQ | N59: DIAMINES IN | O59: INE591D01014 | Q59: =D59+F59+H59+J59 -> 3.86
A60: 146 | B60: Fermenta Biotec. | C60: 202412 | D60: 12.71 | E60: 202409 | F60: 3.94 | G60: 202406 | H60: -2.01 | I60: 202403 | J60: -2.41 | K60: Fermenta Biotech Ltd | L60: 506414 | N60: FERMENTA IN | O60: INE225B01021 | Q60: =D60+F60+H60+J60 -> 12.23
A61: 148 | B61: EID Parry | C61: 202412 | D61: 10.97 | E61: 202409 | F61: 17.22 | G61: 202406 | H61: 5.14 | I61: 202403 | J61: 12.41 | K61: EID Parry (India) Ltd | L61: 500125 | M61: EIDPARRY | N61: EID IN | O61: INE126A01031 | Q61: =D61+F61+H61+J61 -> 45.74
A62: 150 | B62: EIH | C62: 202412 | D62: 4.23 | E62: 202409 | F62: 2.08 | G62: 202406 | H62: 1.47 | I62: 202403 | J62: 3.56 | K62: EIH Ltd | L62: 500840 | M62: EIHOTEL | N62: EIH IN | O62: INE230A01023 | Q62: =D62+F62+H62+J62 -> 11.34
A63: 151 | B63: Eicher Motors | C63: 202412 | D63: 42.7 | E63: 202409 | F63: 40.15 | G63: 202406 | H63: 40.21 | I63: 202403 | J63: 39.1 | K63: Eicher Motors Ltd | L63: 505200 | M63: EICHERMOT | N63: EIM IN | O63: INE066A01021 | Q63: =D63+F63+H63+J63 -> 162.16
A64: 152 | B64: Elecon Engg.Co | C64: 202503 | D64: 6.53 | E64: 202412 | F64: 4.79 | G64: 202409 | H64: 3.91 | I64: 202406 | J64: 3.27 | K64: Elecon Engineering Company Ltd | L64: 505700 | M64: ELECON | N64: ELCN IN | O64: INE205B01031 | Q64: =D64+F64+H64+J64 -> 18.5
A65: 154 | B65: Electrost.Cast. | C65: 202503 | D65: 2.72 | E65: 202412 | F65: 2.59 | G65: 202409 | H65: 2.51 | I65: 202406 | J65: 3.65 | K65: Electrosteel Castings Ltd | L65: 500128 | M65: ELECTCAST | N65: ELSC IN | O65: INE086A01029 | Q65: =D65+F65+H65+J65 -> 11.47
A66: 155 | B66: Elgi Equipments | C66: 202412 | D66: 2.55 | E66: 202409 | F66: 2.99 | G66: 202406 | H66: 2.3 | I66: 202403 | J66: 2.41 | K66: Elgi Equipments Ltd | L66: 522074 | M66: ELGIEQUIP | N66: ELEQ IN | O66: INE285A01027 | Q66: =D66+F66+H66+J66 -> 10.25
A67: 156 | B67: Elpro Internatio | C67: 202412 | D67: -1.24 | E67: 202409 | F67: 1.9 | G67: 202406 | H67: 2.81 | I67: 202403 | J67: 1.42 | K67: Elpro International Ltd | L67: 504000 | M67: ELPROINTL | N67: ELPR IN | O67: INE579B01039 | Q67: =D67+F67+H67+J67 -> 4.89
A68: 161 | B68: Escorts Kubota | C68: 202503 | D68: 28.96 | E68: 202412 | F68: 29.16 | G68: 202409 | H68: 29.48 | I68: 202406 | J68: 27.46 | K68: Escorts Kubota Ltd | L68: 500495 | M68: ESCORTS | N68: ESCORTS IN | O68: INE042A01014 | Q68: =D68+F68+H68+J68 -> 115.06
A69: 164 | B69: EPL Ltd | C69: 202503 | D69: 3.58 | E69: 202412 | F69: 2.93 | G69: 202409 | H69: 2.73 | I69: 202406 | J69: 2.02 | K69: EPL Ltd | L69: 500135 | M69: EPL | N69: EPLL IN | O69: INE255A01020 | Q69: =D69+F69+H69+J69 -> 11.26
A70: 165 | B70: Everest Inds. | C70: 202412 | D70: -9.78 | E70: 202409 | F70: -7.39 | G70: 202406 | H70: 10.07 | I70: 202403 | J70: 3.45 | K70: Everest Industries Ltd | L70: 508906 | M70: EVERESTIND | N70: EVI IN | O70: INE295A01018 | Q70: =D70+F70+H70+J70 -> -3.65
A71: 166 | B71: Excel Industries | C71: 202412 | D71: 4.93 | E71: 202409 | F71: 28.39 | G71: 202406 | H71: 24.68 | I71: 202403 | J71: 5.31 | K71: Excel Industries Ltd | L71: 500650 | M71: EXCELINDUS | N71: EXL IN | O71: INE369A01029 | Q71: =D71+F71+H71+J71 -> 63.31
A72: 171 | B72: Finolex Cables | C72: 202412 | D72: 9.63 | E72: 202409 | F72: 7.71 | G72: 202406 | H72: 15.95 | I72: 202403 | J72: 12.17 | K72: Finolex Cables Ltd | L72: 500144 | M72: FINCABLES | N72: FNXC IN | O72: INE235A01022 | Q72: =D72+F72+H72+J72 -> 45.46
... A74: 176 | B74: Foods & Inns | C74: 202412 | D74: 0.1 | E74: 202409 | F74: 1.53 | G74: 202406 | H74: 1.15 | I74: 202403 | J74: 0.93 | K74: Foods & Inns Ltd | L74: 507552 | M74: FOODSIN | N74: FI IN | O74: INE976E01023 | Q74: =D74+F74+H74+J74 -> 3.71
A75: 181 | B75: Graviss Hospital | C75: 202412 | D75: 0.2 | E75: 202409 | F75: 1.26 | G75: 202406 | H75: -0.1 | I75: 202403 | J75: 0.14 | K75: Graviss Hospitality Ltd | L75: 509546 | N75: GHL IN | O75: INE214F01026 | Q75: =D75+F75+H75+J75 -> 1.5
A76: 183 | B76: Delta Manufact. | C76: 202412 | D76: -5.39 | E76: 202409 | F76: -2.73 | G76: 202406 | H76: -2.68 | I76: 202403 | J76: -2.67 | K76: Delta Manufacturing Ltd | L76: 504286 | M76: DELTAMAGNT | N76: DELTAMAG IN | O76: INE393A01011 | Q76: =D76+F76+H76+J76 -> -13.47
A77: 184 | B77: Gabriel India | C77: 202412 | D77: 4.18 | E77: 202409 | F77: 4.38 | G77: 202406 | H77: 4.01 | I77: 202403 | J77: 3.41 | K77: Gabriel India Ltd | L77: 505714 | M77: GABRIEL | N77: GABR IN | O77: INE524A01029 | Q77: =D77+F77+H77+J77 -> 15.98
A78: 186 | B78: Gammon India | C78: 202312 | D78: -4.6 | E78: 202309 | F78: -9.18 | G78: 202306 | H78: -8.14 | I78: 202303 | J78: -2.08 | K78: Gammon India Ltd | L78: 509550 | M78: GAMMONIND | N78: GMON IN | O78: INE259B01020 | Q78: =D78+F78+H78+J78 -> -24
A79: 189 | B79: Garware Hi Tech | C79: 202412 | D79: 26.17 | E79: 202409 | F79: 44.88 | G79: 202406 | H79: 38.03 | I79: 202403 | J79: 24.88 | K79: Garware Hi Tech Films Ltd | L79: 500655 | M79: GRWRHITECH | N79: GRWRHITE IN | O79: INE291A01017 | Q79: =D79+F79+H79+J79 -> 133.96
A80: 190 | B80: Garware Tech. | C80: 202412 | D80: 4.8 | E80: 202409 | F80: 6.62 | G80: 202406 | H80: 4.68 | I80: 202403 | J80: 6.82 | K80: Garware Technical Fibres Ltd | L80: 509557 | M80: GARFIBRES | N80: GTFL IN | O80: INE276A01018 | Q80: =D80+F80+H80+J80 -> 22.92
A81: 195 | B81: Glaxosmi. Pharma | C81: 202412 | D81: 13.57 | E81: 202409 | F81: 14.67 | G81: 202406 | H81: 10.76 | I81: 202403 | J81: 11.37 | K81: Glaxosmithkline Pharmaceuticals Ltd | L81: 500660 | M81: GLAXO | N81: GLXO IN | O81: INE159A01016 | Q81: =D81+F81+H81+J81 -> 50.37
A82: 197 | B82: Federal-Mogul Go | C82: 202412 | D82: 5.2 | E82: 202409 | F82: 6.87 | G82: 202406 | H82: 6.38 | I82: 202403 | J82: 7.25 | K82: Federal-Mogul Goetze (India) Ltd | L82: 505744 | M82: FMGOETZE | N82: FMGI IN | O82: INE529A01010 | Q82: =D82+F82+H82+J82 -> 25.7
A83: 198 | B83: Forbes & Co | C83: 202503 | D83: 80.77 | E83: 202412 | F83: 7.46 | G83: 202409 | H83: 4.04 | I83: 202406 | J83: 4.15 | K83: Forbes & Company Ltd | L83: 502865 | M83: FORBESGOK | N83: FG IN | O83: INE518A01013 | Q83: =D83+F83+H83+J83 -> 96.42
A84: 200 | B84: Kansai Nerolac | C84: 202503 | D84: 1.34 | E84: 202412 | F84: 8.42 | G84: 202409 | H84: 1.52 | I84: 202406 | J84: 2.86 | K84: Kansai Nerolac Paints Ltd | L84: 500165 | M84: KANSAINER | N84: KNPL IN | O84: INE531A01024 | Q84: =D84+F84+H84+J84 -> 14.14
A85: 204 | B85: Saregama India | C85: 202412 | D85: 3.24 | E85: 202409 | F85: 2.33 | G85: 202406 | H85: 1.92 | I85: 202403 | J85: 2.8 | K85: Saregama India Ltd | L85: 532163 | M85: SAREGAMA | N85: SARE IN | O85: INE979A01025 | Q85: =D85+F85+H85+J85 -> 10.29
A86: 207 | B86: GE Shipping Co | C86: 202503 | D86: 25.43 | E86: 202412 | F86: 41.58 | G86: 202409 | H86: 40.32 | I86: 202406 | J86: 56.87 | K86: Great Eastern Shipping Company Ltd | L86: 500620 | M86: GESHIP | N86: GESCO IN | O86: INE017A01032 | Q86: =D86+F86+H86+J86 -> 164.2
A87: 208 | B87: Greaves Cotton | C87: 202503 | D87: 1.03 | E87: 202412 | F87: 0.9 | G87: 202409 | H87: 0.14 | I87: 202406 | J87: 0.44 | K87: Greaves Cotton Ltd | L87: 501455 | M87: GREAVESCOT | N87: GRV IN | O87: INE224A01026 | Q87: =D87+F87+H87+J87 -> 2.51
... A89: 210 | B89: Golden Tobacco | C89: 202112 | D89: -0.88 | E89: 202109 | F89: 0.98 | G89: 202106 | H89: -2.02 | I89: 202103 | J89: 5.86 | K89: Golden Tobacco Ltd | L89: 500151 | M89: GOLDENTOBC | N89: GTO IN | O89: INE973A01010 | Q89: =D89+F89+H89+J89 -> 3.94
A90: 211 | B90: Him Teknoforg. | C90: 202412 | D90: 1.63 | E90: 202409 | F90: 2.55 | G90: 202406 | H90: 2.46 | I90: 202403 | J90: 4.83 | K90: Him Teknoforge Ltd | L90: 505712 | N90: HIMTEK IN | O90: INE705G01021 | Q90: =D90+F90+H90+J90 -> 11.47
A91: 213 | B91: G N F C | C91: 202412 | D91: 11.09 | E91: 202409 | F91: 7.14 | G91: 202406 | H91: 8.03 | I91: 202403 | J91: 8.84 | K91: Gujarat Narmada Valley Fertilizers & Chemicals Ltd | L91: 500670 | M91: GNFC | N91: GNFC IN | O91: INE113A01013 | Q91: =D91+F91+H91+J91 -> 35.1
A92: 214 | B92: Setco Automotive | C92: 202412 | D92: -2.14 | E92: 202409 | F92: -2.16 | G92: 202406 | H92: -2.19 | I92: 202403 | J92: -1.76 | K92: Setco Automotive Ltd | L92: 505075 | M92: SETCO | N92: SETC IN | O92: INE878E01021 | Q92: =D92+F92+H92+J92 -> -8.25
A93: 217 | B93: Gujarat Alkalies | C93: 202412 | D93: -1.53 | E93: 202409 | F93: -2.48 | G93: 202406 | H93: -8.06 | I93: 202403 | J93: -6.29 | K93: Gujarat Alkalies & Chemicals Ltd | L93: 530001 | M93: GUJALKALI | N93: GALK IN | O93: INE186A01019 | Q93: =D93+F93+H93+J93 -> -18.36
A94: 218 | B94: Ambuja Cements | C94: 202503 | D94: 3.88 | E94: 202412 | F94: 8.59 | G94: 202409 | H94: 1.85 | I94: 202406 | J94: 2.65 | K94: Ambuja Cements Ltd | L94: 500425 | M94: AMBUJACEM | N94: ACEM IN | O94: INE079A01024 | Q94: =D94+F94+H94+J94 -> 16.97
A95: 225 | B95: Guj. Petrosynth. | C95: 202206 | D95: 0.44 | E95: 202203 | F95: -0.37 | G95: 202112 | H95: 1.05 | I95: 202109 | J95: 0.78 | K95: Gujarat Petrosynthese Ltd | L95: 506858 | N95: GPS IN | O95: INE636P01011 | Q95: =D95+F95+H95+J95 -> 1.9
A96: 226 | B96: G S F C | C96: 202412 | D96: 3.36 | E96: 202409 | F96: 7.49 | G96: 202406 | H96: 2.19 | I96: 202403 | J96: 0.63 | K96: Gujarat State Fertilizers & Chemicals Ltd | L96: 500690 | M96: GSFC | N96: GSFC IN | O96: INE026A01025 | Q96: =D96+F96+H96+J96 -> 13.67
A97: 227 | B97: Grasim Inds | C97: 202412 | D97: 13.47 | E97: 202409 | F97: 5.86 | G97: 202406 | H97: 18.25 | I97: 202403 | J97: 20.69 | K97: Grasim Industries Ltd | L97: 500300 | M97: GRASIM | N97: GRASIM IN | O97: INE047A01021 | Q97: =D97+F97+H97+J97 -> 58.27
A98: 233 | B98: Harri. Malayalam | C98: 202412 | D98: 6.07 | E98: 202409 | F98: 2.23 | G98: 202406 | H98: -3.04 | I98: 202403 | J98: -5.18 | K98: Harrisons Malayalam Ltd | L98: 500467 | M98: HARRMALAYA | N98: HRM IN | O98: INE544A01019 | Q98: =D98+F98+H98+J98 -> 0.08
A99: 237 | B99: Hero Motocorp | C99: 202412 | D99: 55.38 | E99: 202409 | F99: 53.19 | G99: 202406 | H99: 52.31 | I99: 202403 | J99: 46.78 | K99: Hero MotoCorp Ltd | L99: 500182 | M99: HEROMOTOCO | N99: HMCL IN | O99: INE158A01026 | Q99: =D99+F99+H99+J99 -> 207.66
A100: 242 | B100: A B B | C100: 202206 | D100: 6.87 | E100: 202203 | F100: 3.76 | G100: 201909 | H100: 5.72 | I100: 201906 | J100: 5.52 | K100: ABB India Ltd | L100: 500002 | M100: ABB | N100: ABB IN | O100: INE117A01022 | Q100: =D100+F100+H100+J100 -> 21.87
A101: 245 | B101: Hind.Construct. | C101: 202503 | D101: 0.5 | E101: 202412 | F101: -0.23 | G101: 202409 | H101: 0.38 | I101: 202406 | J101: -0.01 | K101: Hindustan Construction Company Ltd | L101: 500185 | M101: HCC | N101: HCC IN | O101: INE549A01026 | Q101: =D101+F101+H101+J101 -> 0.64
A102: 249 | B102: Bajaj Hindusthan | C102: 202412 | D102: -0.82 | E102: 202409 | F102: -0.61 | G102: 202406 | H102: -0.53 | I102: 202403 | J102: 0.73 | K102: Bajaj Hindusthan Sugar Ltd | L102: 500032 | M102: BAJAJHIND | N102: BJH IN | O102: INE306A01021 | Q102: =D102+F102+H102+J102 -> -1.23
A103: 251 | B103: HEG | C103: 202412 | D103: 4.32 | E103: 202409 | F103: 4.3 | G103: 202406 | H103: 1.19 | I103: 202403 | J103: 1.71 | K103: HEG Ltd | L103: 509631 | M103: HEG | N103: HEG IN | O103: INE545A01024 | Q103: =D103+F103+H103+J103 -> 11.52
A104: 252 | B104: Hindalco Inds. | C104: 202412 | D104: 16.82 | E104: 202409 | F104: 17.59 | G104: 202406 | H104: 13.84 | I104: 202403 | J104: 14.29 | K104: Hindalco Industries Ltd | L104: 500440 | M104: HINDALCO | N104: HNDL IN | O104: INE038A01020 | Q104: =D104+F104+H104+J104 -> 62.54
A105: 253 | B105: Hind.Composites | C105: 202503 | D105: 4.11 | E105: 202412 | F105: 7.43 | G105: 202409 | H105: 6.29 | I105: 202406 | J105: 5.87 | K105: Hindustan Composites Ltd | L105: 509635 | M105: HINDCOMPOS | N105: HDCM IN | O105: INE310C01029 | Q105: =D105+F105+H105+J105 -> 23.7
A106: 255 | B106: Hind. Unilever | C106: 202503 | D106: 10.48 | E106: 202412 | F106: 12.7 | G106: 202409 | H106: 11.03 | I106: 202406 | J106: 11.11 | K106: Hindustan Unilever Ltd | L106: 500696 | M106: HINDUNILVR | N106: HUVR IN | O106: INE030A01027 | Q106: =D106+F106+H106+J106 -> 45.32
A107: 256 | B107: Sanofi India | C107: 202412 | D107: 39.64 | E107: 202409 | F107: 35.69 | G107: 202406 | H107: 44.81 | I107: 202403 | J107: 59.31 | K107: Sanofi India Ltd | L107: 500674 | M107: SANOFI | N107: SANL IN | O107: INE058A01010 | Q107: =D107+F107+H107+J107 -> 179.45
... A112: 266 | B112: Akzo Nobel | C112: 202412 | D112: 23.85 | E112: 202409 | F112: 21.49 | G112: 202406 | H112: 25.17 | I112: 202403 | J112: 23.87 | K112: Akzo Nobel India Ltd | L112: 500710 | M112: AKZOINDIA | N112: AKZO IN | O112: INE133A01011 | Q112: =D112+F112+H112+J112 -> 94.38
A113: 268 | B113: Indag Rubber | C113: 202503 | D113: 0.41 | E113: 202412 | F113: 0.17 | G113: 202409 | H113: 1.34 | I113: 202406 | J113: 0.56 | K113: Indag Rubber Ltd | L113: 509162 | N113: IDR IN | O113: INE802D01023 | Q113: =D113+F113+H113+J113 -> 2.48
A114: 270 | B114: India Cements | C114: 202503 | D114: 0.51 | E114: 202412 | F114: 162.41 | G114: 202409 | H114: -11.55 | I114: 202406 | J114: 1.87 | K114: India Cements Ltd | L114: 530005 | M114: INDIACEM | N114: ICEM IN | O114: INE383A01012 | Q114: =D114+F114+H114+J114 -> 153.24
A115: 278 | B115: Indian CardCloth | C115: 202412 | D115: -0.43 | E115: 202409 | F115: 13.14 | G115: 202406 | H115: 112.5 | I115: 202403 | J115: 2.45 | K115: Indian Card Clothing Company Ltd | L115: 509692 | M115: INDIANCARD | N115: ICC IN | O115: INE061A01014 | Q115: =D115+F115+H115+J115 -> 127.66
A116: 281 | B116: IFB Industries | C116: 202412 | D116: 7.67 | E116: 202409 | F116: 7.76 | G116: 202406 | H116: 9.26 | I116: 202403 | J116: 2.96 | K116: IFB Industries Ltd | L116: 505726 | M116: IFBIND | N116: IFBI IN | O116: INE559A01017 | Q116: =D116+F116+H116+J116 -> 27.65
A117: 282 | B117: Indian Hotels Co | C117: 202503 | D117: 3.67 | E117: 202412 | F117: 4.09 | G117: 202409 | H117: 3.89 | I117: 202406 | J117: 1.75 | K117: Indian Hotels Co Ltd | L117: 500850 | M117: INDHOTEL | N117: IH IN | O117: INE053A01029 | Q117: =D117+F117+H117+J117 -> 13.4
A118: 284 | B118: Linde India | C118: 202412 | D118: 13.64 | E118: 202409 | F118: 12.48 | G118: 202406 | H118: 13.33 | I118: 202403 | J118: 12.36 | K118: Linde India Ltd | L118: 523457 | M118: LINDEINDIA | N118: LIIL IN | O118: INE473A01011 | Q118: =D118+F118+H118+J118 -> 51.81
A119: 287 | B119: Singer India | C119: 202003 | D119: 0.17 | E119: 201912 | F119: 0.76 | G119: 201909 | H119: 0.29 | I119: 201906 | J119: 0.27 | K119: Singer India Ltd | L119: 505729 | M119: SINGER | N119: SING IN | O119: INE638A01035 | Q119: =D119+F119+H119+J119 -> 1.49
A120: 296 | B120: Intl. Combustion | C120: 202009 | D120: -5.05 | E120: 202006 | F120: -23.82 | G120: 202003 | H120: 10.69 | I120: 201912 | J120: -11.46 | K120: International Combustion (India) Ltd | L120: 505737 | N120: ICMB IN | O120: INE403C01014 | Q120: =D120+F120+H120+J120 -> -29.64
A121: 298 | B121: Tata Inv.Corpn. | C121: 202503 | D121: 7.46 | E121: 202412 | F121: 3.88 | G121: 202409 | H121: 24.45 | I121: 202406 | J121: 25.91 | K121: Tata Investment Corporation Ltd | L121: 501301 | M121: TATAINVEST | N121: TICL IN | O121: INE672A01018 | Q121: =D121+F121+H121+J121 -> 61.7
A122: 299 | B122: ION Exchange | C122: 202412 | D122: 4.1 | E122: 202409 | F122: 4.3 | G122: 202406 | H122: 3.79 | I122: 202403 | J122: 6.14 | K122: Ion Exchange (India) Ltd | L122: 500214 | M122: IONEXCHANG | N122: ION IN | O122: INE570A01022 | Q122: =D122+F122+H122+J122 -> 18.33
A123: 301 | B123: ITC | C123: 202412 | D123: 3.74 | E123: 202409 | F123: 4.05 | G123: 202406 | H123: 3.86 | I123: 202403 | J123: 3.88 | K123: ITC Ltd | L123: 500875 | M123: ITC | N123: ITC IN | O123: INE154A01025 | Q123: =D123+F123+H123+J123 -> 15.53
A124: 303 | B124: J B Chemicals & | C124: 202412 | D124: 10.46 | E124: 202409 | F124: 11.24 | G124: 202406 | H124: 11.39 | I124: 202403 | J124: 8.22 | K124: J B Chemicals & Pharmaceuticals Ltd | L124: 506943 | M124: JBCHEPHARM | N124: JBCP IN | O124: INE572A01036 | Q124: =D124+F124+H124+J124 -> 41.31
A125: 304 | B125: JK Tyre & Indust | C125: 202412 | D125: 1.88 | E125: 202409 | F125: 4.93 | G125: 202406 | H125: 7.72 | I125: 202403 | J125: 6.18 | K125: JK Tyre & Industries Ltd | L125: 530007 | M125: JKTYRE | N125: JKI IN | O125: INE573A01042 | Q125: =D125+F125+H125+J125 -> 20.71
A126: 305 | B126: Jaykay Enter. | C126: 202412 | D126: 0.44 | E126: 202409 | F126: 0.04 | G126: 202406 | H126: 0.44 | I126: 202403 | J126: 0.5 | K126: Jaykay Enterprises Ltd | L126: 500306 | M126: JKSYNTHETC | N126: JEL IN | O126: INE903A01025 | Q126: =D126+F126+H126+J126 -> 1.42
A127: 307 | B127: Jagatjit Inds. | C127: 202412 | D127: -0.93 | E127: 202409 | F127: -1.7 | G127: 202406 | H127: -0.92 | I127: 202403 | J127: 0.42 | K127: Jagatjit Industries Ltd | L127: 507155 | M127: JAGAJITIND | N127: JGI IN | O127: INE574A01016 | Q127: =D127+F127+H127+J127 -> -3.13
A128: 311 | B128: Jay Shree Tea | C128: 202412 | D128: 25.48 | E128: 202409 | F128: 10.54 | G128: 202406 | H128: -3.11 | I128: 202403 | J128: -5.2 | K128: Jay Shree Tea & Industries Ltd | L128: 509715 | M128: JAYSREETEA | N128: JTI IN | O128: INE364A01020 | Q128: =D128+F128+H128+J128 -> 27.71
A129: 315 | B129: Jyoti | C129: 202412 | D129: 1.7 | E129: 202409 | F129: 0.66 | G129: 202406 | H129: 1.12 | I129: 202403 | J129: 2.69 | K129: Jyoti Ltd | L129: 504076 | N129: JYTI IN | O129: INE511D01012 | Q129: =D129+F129+H129+J129 -> 6.17
A130: 316 | B130: K C P | C130: 202412 | D130: 1.24 | E130: 202409 | F130: 4.76 | G130: 202406 | H130: 2.49 | I130: 202403 | J130: 4.31 | K130: K C P Ltd | L130: 590066 | M130: KCP | N130: KCPL IN | O130: INE805C01028 | Q130: =D130+F130+H130+J130 -> 12.8
A131: 318 | B131: Kirl.Pneumatic | C131: 202503 | D131: 12.35 | E131: 202412 | F131: 5.67 | G131: 201603 | H131: 3.32 | I131: 201512 | J131: 0.8 | K131: Kirloskar Pneumatic Company Ltd | L131: 505283 | M131: KIRLPNU | N131: KKPC IN | O131: INE811A01020 | Q131: =D131+F131+H131+J131 -> 22.14
A132: 322 | B132: Kalyani Steels | C132: 202503 | D132: 18.37 | E132: 202412 | F132: 12.93 | G132: 202409 | H132: 15.44 | I132: 202406 | J132: 11.96 | K132: Kalyani Steels Ltd | L132: 500235 | M132: KSL | N132: KS IN | O132: INE907A01026 | Q132: =D132+F132+H132+J132 -> 58.7
A133: 327 | B133: Kaycee Inds. | C133: 202412 | D133: 2.95 | E133: 202409 | F133: 4.83 | G133: 202406 | H133: 0.09 | I133: 202403 | J133: 4.96 | K133: Kaycee Industries Ltd | L133: 504084 | N133: KCI IN | O133: INE813G01023 | Q133: =D133+F133+H133+J133 -> 12.83
A134: 328 | B134: Whirlpool India | C134: 202412 | D134: 3.46 | E134: 202409 | F134: 4.1 | G134: 202406 | H134: 11.34 | I134: 202403 | J134: 6.12 | K134: Whirlpool of India Ltd | L134: 500238 | M134: WHIRLPOOL | N134: WHIRL IN | O134: INE716A01013 | Q134: =D134+F134+H134+J134 -> 25.02
A135: 329 | B135: Kesoram Inds. | C135: 202503 | D135: 185.59 | E135: 202412 | F135: -0.11 | G135: 202409 | H135: -0.11 | I135: 202406 | J135: -0.1 | K135: Kesoram Industries Ltd | L135: 502937 | M135: KESORAMIND | N135: KSI IN | O135: INE087A01019 | Q135: =D135+F135+H135+J135 -> 185.27
A136: 332 | B136: Indokem | C136: 202503 | D136: 1.36 | E136: 202412 | F136: 0.26 | G136: 202409 | H136: 0 | I136: 202406 | J136: -0.5 | K136: Indokem Ltd | L136: 504092 | N136: KJ IN | O136: INE716F01012 | Q136: =D136+F136+H136+J136 -> 1.12
A137: 334 | B137: Kinetic Engg. | C137: 202412 | D137: 1.41 | E137: 202409 | F137: 0.97 | G137: 202406 | H137: 0.23 | I137: 202403 | J137: 0.39 | K137: Kinetic Engineering Ltd | L137: 500240 | M137: KINETICENG | N137: KNEL IN | O137: INE266B01017 | Q137: =D137+F137+H137+J137 -> 3
A138: 336 | B138: Kirl. Brothers | C138: 202412 | D138: 14.76 | E138: 202409 | F138: 12.06 | G138: 202406 | H138: 8.2 | I138: 202403 | J138: 19.16 | K138: Kirloskar Brothers Ltd | L138: 500241 | M138: KIRLOSBROS | N138: KKB IN | O138: INE732A01036 | Q138: =D138+F138+H138+J138 -> 54.18
A139: 337 | B139: Cummins India | C139: 202412 | D139: 20.15 | E139: 202409 | F139: 16.21 | G139: 202406 | H139: 16.69 | I139: 202403 | J139: 19.44 | K139: Cummins India Ltd | L139: 500480 | M139: CUMMINSIND | N139: KKC IN | O139: INE298A01020 | Q139: =D139+F139+H139+J139 -> 72.49
A140: 340 | B140: Kothari Indl | C140: 202412 | D140: -0.83 | E140: 202409 | F140: 0.02 | G140: 202406 | H140: 0.22 | I140: 202403 | J140: -12.43 | K140: Kothari Industrial Corporation Ltd | L140: 509732 | M140: KOTHARINDL | N140: KTI IN | O140: INE972A01020 | Q140: =D140+F140+H140+J140 -> -13.02
A141: 342 | B141: KSB | C141: 202503 | D141: 2.97 | E141: 202412 | F141: 4.2 | G141: 202409 | H141: 3.55 | I141: 202406 | J141: 0.78 | K141: KSB Ltd | L141: 500249 | M141: KSB | N141: KSB IN | O141: INE999A01023 | Q141: =D141+F141+H141+J141 -> 11.5
A142: 345 | B142: Trent | C142: 202503 | D142: 8.95 | E142: 202412 | F142: 13.99 | G142: 202409 | H142: 9.53 | I142: 202406 | J142: 11.04 | K142: Trent Ltd | L142: 500251 | M142: TRENT | N142: TRENT IN | O142: INE849A01020 | Q142: =D142+F142+H142+J142 -> 43.51
A143: 346 | B143: LMW | C143: 202412 | D143: 18.06 | E143: 202409 | F143: 22.9 | G143: 202406 | H143: 10.31 | I143: 202403 | J143: 61.76 | K143: LMW Ltd | L143: 500252 | M143: LMW | N143: LMW IN | O143: INE269B01029 | Q143: =D143+F143+H143+J143 -> 113.03
A144: 347 | B144: Lak. Prec. Screw | C144: 200706 | D144: 1.76 | E144: 200609 | F144: 2.37 | G144: 200606 | H144: 2.24 | I144: 200603 | J144: 3.68 | K144: Lakshmi Precision Screws Ltd | L144: 506079 | M144: LAKPRE | N144: LKPS IN | O144: INE651C01018 | Q144: =D144+F144+H144+J144 -> 10.05
A145: 348 | B145: Larsen & Toubro | C145: 202503 | D145: 39.98 | E145: 202412 | F145: 24.43 | G145: 202409 | H145: 24.69 | I145: 202406 | J145: 20.26 | K145: Larsen & Toubro Ltd | L145: 500510 | M145: LT | N145: LT IN | O145: INE018A01030 | Q145: =D145+F145+H145+J145 -> 109.36
A146: 355 | B146: Manugraph India | C146: 202303 | D146: -0.67 | E146: 202212 | F146: -0.02 | G146: 202209 | H146: -1.15 | I146: 202206 | J146: -1.78 | K146: Manugraph India Ltd | L146: 505324 | M146: MANUGRAPH | N146: MI IN | O146: INE867A01022 | Q146: =D146+F146+H146+J146 -> -3.62
A147: 357 | B147: The Ramco Cement | C147: 202412 | D147: 7.62 | E147: 202409 | F147: 1.12 | G147: 202406 | H147: 1.63 | I147: 202403 | J147: 5.65 | K147: The Ramco Cements Ltd | L147: 500260 | M147: RAMCOCEM | N147: TRCL IN | O147: INE331A01037 | Q147: =D147+F147+H147+J147 -> 16.02
A148: 361 | B148: Mafatlal Inds. | C148: 202412 | D148: 3.43 | E148: 202409 | F148: 2.78 | G148: 202406 | H148: 4.24 | I148: 202403 | J148: 4.67 | K148: Mafatlal Industries Ltd | L148: 500264 | M148: MAFATLAIND | N148: MFI IN | O148: INE270B01035 | Q148: =D148+F148+H148+J148 -> 15.12
A149: 365 | B149: M & M | C149: 202503 | D149: 29.52 | E149: 202412 | F149: 28.51 | G149: 202409 | H149: 28.43 | I149: 202406 | J149: 29.44 | K149: Mahindra & Mahindra Ltd | L149: 500520 | M149: M&M | N149: MM IN | O149: INE101A01026 | Q149: =D149+F149+H149+J149 -> 115.9
A150: 366 | B150: Makers Labs. | C150: 202412 | D150: -0.5 | E150: 202409 | F150: 14.94 | G150: 202406 | H150: -1.67 | I150: 202403 | J150: -2.18 | K150: Makers Laboratories Ltd | L150: 506919 | N150: MAKR IN | O150: INE987A01010 | Q150: =D150+F150+H150+J150 -> 10.59
A151: 372 | B151: Max Financial | C151: 202412 | D151: 1.62 | E151: 202409 | F151: 3.26 | G151: 202406 | H151: 3.69 | I151: 202403 | J151: -1.28 | K151: Max Financial Services Ltd | L151: 500271 | M151: MFSL | N151: MAXF IN | O151: INE180A01020 | Q151: =D151+F151+H151+J151 -> 7.29
...

Sheet Bloomberg Data
A1: EQY_FUND_CRNCY | B1: REL_INDEX | D1: Apr'25
A2: LCL
A3: Ticker | B3: Short Name | C3: Market Cap | D3: Average Volume:M-3 | E3: ISIN | F3: P/E | G3: Market Cap | H3: Price:D-1 | I3: EPS T12M | J3: Shares Out LF
A4: None (3000 securities)
A5: 20ML IN Equity | B5: 20 MICRONS LTD | C5: 7.4285144e+09 | D5: 137949 | E5: INE144J01027 | F5: 13.248584 | G5: 7.4285144e+09 | H5: 210.52 | I5: 15.89 | J5: 35286504
A6: 360ONE IN Equity | B6: 360 ONE WAM LTD | C6: 3.8759056e+11 | D6: 1357148 | E6: INE466L01038 | F6: 38.174976 | G6: 3.8759056e+11 | H6: 986.04999 | I6: 25.829746 | J6: 393100000
A7: 3BBLACKB IN Equity | B7: 3B BLACKBIO DX L | C7: 14494413096 | D7: 5928 | E7: INE994E01018 | F7: 45.152248 | G7: 14494413096 | H7: 1688.8 | I7: 37.402348 | J7: 8582670
A8: 3M IN Equity | B8: 3M INDIA LTD | C8: 339191257700 | D8: 6564 | E8: INE470A01017 | F8: 58.138634 | G8: 339191257700 | H8: 30110 | I8: 517.90002 | J8: 11265070
A9: 5PAISA IN Equity | B9: 5PAISA CAPITAL L | C9: 1.1602738e+10 | D9: 47168 | E9: INE618L01018 | F9: 16.992224 | G9: 1.1602738e+10 | H9: 371.45001 | I9: 21.860001 | J9: 31236000
A10: 63MOONS IN Equity | B10: 63 MOONS TECHNOL | C10: 2.9716049e+10 | D10: 202312 | E10: INE111B01023 | F10: 13.354733 | G10: 2.9716049e+10 | H10: 644.90002 | I10: 48.290001 | J10: 46078536
A11: 7SEAS IN Equity | B11: 7SEAS ENTERTAINM | C11: 1.5748344e+09 | D11: 11707 | E11: INE454F01010 | F11: 125.07092 | G11: 1.5748344e+09 | H11: 70.550003 | I11: 0.56408 | J11: 18660130
A12: A1L IN Equity | B12: A-1 LTD | C12: 6005875000 | D12: 67621 | E12: INE911Z01017 | F12: 549.73688 | G12: 6005875000 | H12: 522.25 | I12: 0.94999999 | J12: 11500000
A13: A2ZL IN Equity | B13: A2Z INFRA ENGINE | C13: 2.4551108e+09 | D13: 314288 | E13: INE619I01012 | G13: 2.4551108e+09 | H13: 13.94 | I13: -0.31999999 | J13: 176119856
A14: AAB IN Equity | B14: ASSOC ALCOHOLS | C14: 1.984373e+10 | D14: 101046 | E14: INE073G01016 | F14: 24.374861 | G14: 1.984373e+10 | H14: 1097.6 | I14: 45.029999 | J14: 18079200
A15: AACL IN Equity | B15: ALKYL AMINES | C15: 8.7064865e+10 | D15: 68295 | E15: INE150B01039 | F15: 58.448338 | G15: 8.7064865e+10 | H15: 1702.6 | I15: 29.129999 | J15: 51121396
A16: AADHARHF IN Equity | B16: AADHAR HOUSING F | C16: 2.0147811e+11 | D16: 840158 | E16: INE883F01010 | F16: 26.573484 | G16: 2.0147811e+11 | H16: 467.04999 | I16: 17.57579 | J16: 426518496
A17: AAIL IN Equity | B17: AKAR AUTO INDUST | C17: 1.0353253e+09 | D17: 9915 | E17: INE864E01021 | F17: 18.854616 | G17: 1.0353253e+09 | H17: 95.970001 | I17: 5.0900002 | J17: 10788010
A18: AARNAV IN Equity | B18: AARNAV FASHIONS | C18: 2.117e+09 | D18: 46933 | E18: INE750R01016 | F18: 37.684208 | G18: 2.117e+09 | H18: 50.119999 | I18: 1.33 | J18: 42238628
A19: AARON IN Equity | B19: AARON INDUSTRIES | C19: 3.6745359e+09 | D19: 9030 | E19: INE721Z01010 | F19: 58.041286 | G19: 3.6745359e+09 | H19: 350.85001 | I19: 6.0448351 | J19: 10473239
A20: AARTECH IN Equity | B20: AARTECH SOLONICS | C20: 1.8131353e+09 | D20: 44001 | E20: INE01C001026 | F20: 138.07259 | G20: 1.8131353e+09 | H20: 57.07 | I20: 0.41333334 | J20: 31770375
A21: AARTIPHA IN Equity | B21: AARTI PHARMALABS | C21: 6.4654209e+10 | D21: 952108 | E21: INE0LRU01027 | F21: 29.80986 | G21: 6.4654209e+10 | H21: 713.34998 | I21: 23.93 | J21: 90626008
A22: AARTISUR IN Equity | B22: AARTI SURFACTANT | C22: 3.7297734e+09 | D22: 16723 | E22: INE09EO01013 | F22: 16.558393 | G22: 3.7297734e+09 | H22: 440.95001 | I22: 26.629999 | J22: 8476768
A23: AARVI IN Equity | B23: AARVI ENCON LTD | C23: 1583115723 | D23: 11235 | E23: INE754X01016 | F23: 13.936114 | G23: 1583115723 | H23: 106.89 | I23: 7.6700001 | J23: 14784000
A24: AASHKA IN Equity | B24: AASHKA HOSPITALS | C24: 2411370000 | D24: 11559 | E24: INE0EAX01014 | F24: 102.02971 | G24: 2411370000 | H24: 103.05 | I24: 1.01 | J24: 23368000
A25: AAVAS IN Equity | B25: AAVAS FINANCIERS | C25: 1.5378766e+11 | D25: 399603 | E25: INE216P01012 | F25: 31.321941 | G25: 1.5378766e+11 | H25: 1942.9 | I25: 62.029999 | J25: 79139704
... A27: AAYUSHBU IN Equity | B27: AAYUSH ART AND B | C27: 13030660925 | D27: 7949 | E27: INE777X01017 | F27: 1198.5189 | G27: 13030660925 | H27: 851 | I27: 0.71004301 | J27: 12412200
A28: ABAN IN Equity | B28: ABAN OFFSHORE | C28: 2.2219678e+09 | D28: 111161 | E28: INE421A01028 | G28: 2.2219678e+09 | H28: 38.07 | I28: -166.15 | J28: 58365000
A29: ABATEAS IN Equity | B29: ABATE AS INDUSTR | C29: 1.5161741e+09 | D29: 1676 | E29: INE454E01013 | G29: 1.5161741e+09 | H29: 19.24 | I29: -1.8200001 | J29: 5016100
A30: ABB IN Equity | B30: ABB INDIA LTD | C30: 1166555604375 | D30: 576360 | E30: INE117A01022 | F30: 62.429348 | G30: 1166555604375 | H30: 5522.5 | I30: 88.32 | J30: 211908368
A31: ABCAP IN Equity | B31: ADITYA BIRLA CAP | C31: 5.1193007e+11 | D31: 4864777 | E31: INE674K01013 | F31: 15.046743 | G31: 5.1193007e+11 | H31: 196.36 | I31: 13.05 | J31: 2600021760
A32: ABCOTS IN Equity | B32: AB COTSPIN INDIA | C32: 4.7127984e+09 | D32: 13208 | E32: INE08PH01015 | F32: 243.56383 | G32: 4.7127984e+09 | H32: 457.89999 | I32: 1.88 | J32: 10684200
A33: ABDL IN Equity | B33: ALLIED BLENDERS | C33: 8.5940944e+10 | D33: 725402 | E33: INE552Z01027 | F33: 4389.2856 | G33: 8.5940944e+10 | H33: 307.25 | I33: 0.07 | J33: 244113664
A34: ABEL IN Equity | B34: ABANS ENTERPRISE | C34: 1.8860097e+09 | D34: 6469 | E34: INE365O01028 | F34: 20.314222 | G34: 1.8860097e+09 | H34: 27.040001 | I34: 1.3310872 | J34: 69749000
A35: ABFRL IN Equity | B35: ADITYA BIRLA FAS | C35: 3.2159977e+11 | D35: 2351459 | E35: INE647O01011 | G35: 3.2159977e+11 | H35: 263.54999 | I35: -6.218758 | J35: 1071219968
A36: ABINFRA IN Equity | B36: AB INFRABUILD LT | C36: 4.7355585e+09 | D36: 227738 | E36: INE00YB01017 | F36: 38.224648 | G36: 4.7355585e+09 | H36: 88.959999 | I36: 2.3272941 | J36: 49018735
A37: ABML IN Equity | B37: ADITYA BIRLA MON | C37: 8.113026e+09 | D37: 59402 | E37: INE865C01022 | F37: 15.322307 | G37: 8.113026e+09 | H37: 143.57001 | I37: 9.3699999 | J37: 56509000
A38: ABREL IN Equity | B38: ADITYA BIRLA REA | C38: 214198805536 | D38: 260236 | E38: INE055A01016 | F38: 61.367435 | G38: 214198805536 | H38: 1917.7 | I38: 4.5696478 | J38: 111695680
A39: ABSLAMC IN Equity | B39: ADITYA BIRLA SUN | C39: 190835662689 | D39: 339956 | E39: INE404A01024 | F39: 83.628319 | G39: 190835662689 | H39: 661.5 | I39: 7.9099998 | J39: 288091200
A40: ABSMARIN IN Equity | B40: ABS MARINE SERVI | C40: 2.8760325e+09 | D40: 49263 | E40: INE0QRV01016 | F40: 8.9495802 | G40: 2.8760325e+09 | H40: 117.15 | I40: 13.09
A41: ABVL IN Equity | B41: ARUNJYOTI BIO VE | C41: 1724024250 | D41: 192498 | E41: INE485K01022 | G41: 1724024250 | H41: 9.25 | I41: -0.16799999 | J41: 20710000
A42: ACC IN Equity | B42: ACC LTD | C42: 3.5454235e+11 | D42: 325358 | E42: INE012A01025 | F42: 14.759225 | G42: 3.5454235e+11 | H42: 1888 | I42: 127.92 | J42: 187990000
A43: ACCE IN Equity | B43: ACTION CONSTRUCT | C43: 139148714526 | D43: 298730 | E43: INE731H01025 | F43: 42.398403 | G43: 139148714526 | H43: 1168.5 | I43: 27.559999 | J43: 119083200
A44: ACCELYA IN Equity | B44: ACCELYA SOLUTION | C44: 2.0026564e+10 | D44: 19225 | E44: INE793A01012 | F44: 21.340862 | G44: 2.0026564e+10 | H44: 1341.7 | I44: 62.869999 | J44: 14926261
A45: ACCENTMI IN Equity | B45: ACCENT MICROCELL | C45: 4512671350 | D45: 29212 | E45: INE0Q5D01013 | F45: 11.486341 | G45: 4512671350 | H45: 214.45 | I45: 18.67 | J45: 21043000
A46: ACCURACY IN Equity | B46: ACCURACY SHIPPIN | C46: 1201468800 | D46: 191883 | E46: INE648Z01023 | F46: 14.669118 | G46: 1201468800 | H46: 7.98 | I46: 0.54400001 | J46: 90000000
A47: ACEM IN Equity | B47: AMBUJA CEMENTS | C47: 1.3293477e+12 | D47: 2921132 | E47: INE079A01024 | F47: 31.747059 | G47: 1.3293477e+12 | H47: 539.70001 | I47: 17 | J47: 2463123456
A48: ACESE IN Equity | B48: ACE SOFTWARE EXP | C48: 3.3911614e+09 | D48: 11181 | E48: INE849B01010 | F48: 58.933964 | G48: 3.3911614e+09 | H48: 269.54999 | I48: 4.5737632 | J48: 7909707.6
A49: ACGL IN Equity | B49: AUTOMOBILE GOA | C49: 8.9070451e+09 | D49: 2263 | E49: INE451C01013 | F49: 23.213266 | G49: 8.9070451e+09 | H49: 1462.9 | I49: 63.02 | J49: 6088622
A50: ACI IN Equity | B50: ARCHEAN CHEMICAL | C50: 7.7426185e+10 | D50: 742302 | E50: INE128X01021 | F50: 24.220078 | G50: 7.7426185e+10 | H50: 627.29999 | I50: 25.9 | J50: 123396968
A51: ACL IN Equity | B51: ANDHRA CEMENTS L | C51: 5.1450489e+09 | D51: 50620 | E51: INE666E01020 | G51: 5.1450489e+09 | H51: 55.82 | I51: -7.1199999 | J51: 92172144
A52: ACLD IN Equity | B52: AELEA COMMODITIE | C52: 3525839280 | D52: 29288 | E52: INE0T3401029 | F52: 21.239265 | G52: 3525839280 | H52: 173.10001 | I52: 8.1499996
A53: ACLGATI IN Equity | B53: ALLCARGO GATI LT | C53: 8.9421935e+09 | D53: 666879 | E53: INE152B01027 | G53: 8.9421935e+09 | H53: 60.799999 | I53: -0.42502501 | J53: 147050000
A54: ACM IN Equity | B54: ARIHANT CAP MKTS | C54: 6909966536 | D54: 391352 | E54: INE420B01036 | F54: 9.803546 | G54: 6909966536 | H54: 66.370003 | I54: 6.77 | J54: 104112800
A55: ACMESOLA IN Equity | B55: ACME SOLAR HOLDI | C55: 1.2659041e+11 | D55: 1366605 | E55: INE622W01025 | G55: 1.2659041e+11 | H55: 209.21001
A56: ACML IN Equity | B56: AMBIKA COTTON | C56: 7.6789425e+09 | D56: 16898 | E56: INE540G01014 | F56: 12.193637 | G56: 7.6789425e+09 | H56: 1341.3 | I56: 110 | J56: 5725000
A57: ACMR IN Equity | B57: ACME RESOURCES L | C57: 1026413280 | D57: 2295 | E57: INE636B01011 | F57: 60.409088 | G57: 1026413280 | H57: 39.869999 | I57: 0.66000003 | J57: 25744000
A58: ACTIVE IN Equity | B58: ACTIVE CLOTHING | C58: 1.5101141e+09 | D58: 21481 | E58: INE380Z01015 | F58: 31.102234 | G58: 1.5101141e+09 | H58: 97.349998 | I58: 3.1300001 | J58: 15512215
A59: ACTIVEIN IN Equity | B59: ACTIVE INFRASTRU | C59: 2582582752 | E59: INE0KLO01025 | G59: 2582582752 | H59: 172
A60: AD IN Equity | B60: AAREY DRUGS & PH | C60: 1.5212084e+09 | D60: 63290 | E60: INE198H01019 | F60: 29.110764 | G60: 1.5212084e+09 | H60: 53.650002 | I60: 1.842961 | J60: 28054304
A61: ADANI IN Equity | B61: ADANI POWER LTD | C61: 2.0520844e+12 | D61: 5725532 | E61: INE814H01011 | F61: 16.461943 | G61: 2.0520844e+12 | H61: 532.04999 | I61: 32.32 | J61: 3856939008
A62: ADANIENS IN Equity | B62: ADANI ENERGY SOL | C62: 1.0807339e+12 | D62: 2483030 | E62: INE931S01010 | F62: 104.50534 | G62: 1.0807339e+12 | H62: 899.65002 | I62: 8.8236713 | J62: 1201280000
A63: ADANIGR IN Equity | B63: ADANI GREEN ENER | C63: 1.4267381e+12 | D63: 5248605 | E63: INE364U01010 | F63: 98.802544 | G63: 1.4267381e+12 | H63: 900.70001 | I63: 9.1161623 | J63: 1584032512
A64: ADCH IN Equity | B64: AKSHARCHEM INDIA | C64: 1.7594093e+09 | D64: 9132 | E64: INE542B01011 | G64: 1.7594093e+09 | H64: 219.02 | I64: -23.25 | J64: 8033100
A65: ADCIC IN Equity | B65: ADC INDIA COMMUN | C65: 5446400000 | D65: 4593 | E65: INE833A01016 | F65: 26.328663 | G65: 5446400000 | H65: 1184 | I65: 44.970001 | J65: 4600000
A66: ADE IN Equity | B66: ADANI ENTERPRISE | C66: 2.6561161e+12 | D66: 1404786 | E66: INE423A01024 | F66: 37.347797 | G66: 2.6561161e+12 | H66: 2301.3 | I66: 61.505806 | J66: 1154180736
A67: ADFL IN Equity | B67: ADF FOODS LTD | C67: 2.4402902e+10 | D67: 150085 | E67: INE982B01027 | F67: 32.426277 | G67: 2.4402902e+10 | H67: 222.12 | I67: 6.8499999 | J67: 109863592
A68: ADOR IN Equity | B68: ADOR WELDING LTD | C68: 1.5260528e+10 | D68: 22688 | E68: INE045A01017 | F68: 18.874302 | G68: 1.5260528e+10 | H68: 876.90002 | I68: 46.459999 | J68: 13598467
A69: ADSEZ IN Equity | B69: ADANI PORTS AND | C69: 2.627809e+12 | D69: 2897838 | E69: INE742F01042 | F69: 23.690361 | G69: 2.627809e+12 | H69: 1216.5 | I69: 51.349998 | J69: 2160139008
A70: ADVAIT IN Equity | B70: ADVAIT ENERGY TR | C70: 1.2311056e+10 | D70: 22547 | E70: INE0ALI01010 | F70: 53.139858 | G70: 1.2311056e+10 | H70: 1139.85 | I70: 21.450001 | J70: 10200000
A71: ADVENZY IN Equity | B71: ADVANCED ENZYME | C71: 3.2025979e+10 | D71: 236864 | E71: INE837H01020 | F71: 24.014261 | G71: 3.2025979e+10 | H71: 286.25 | I71: 11.92 | J71: 111824072
A72: ADVIKCA IN Equity | B72: ADVIK CAPITAL LT | C72: 1.0344847e+09 | D72: 1552441 | E72: INE178T01024 | F72: 9.0091906 | G72: 1.0344847e+09 | H72: 1.7 | I72: 0.1886962 | J72: 3.3604492e+08
A73: ADVX IN Equity | B73: AXTEL INDUSTRIES | C73: 7.511982e+09 | D73: 12515 | E73: INE767C01012 | F73: 23.378582 | G73: 7.511982e+09 | H73: 465 | I73: 19.889999 | J73: 16154800
A74: AEGISLOG IN Equity | B74: AEGIS LOGISTICS | C74: 2.756754e+11 | D74: 2267365 | E74: INE208C01025 | F74: 44.944904 | G74: 2.756754e+11 | H74: 785.40002 | I74: 17.474729 | J74: 351000000
A75: AEIM IN Equity | B75: ARTIFICIAL ELECT | C75: 4840354152 | D75: 2571 | E75: INE072B01027 | F75: 186.47058 | G75: 4840354152 | H75: 285.29999 | I75: 1.53 | J75: 1131840
A76: AEPL IN Equity | B76: ARTEMIS ELECTRIC | C76: 4.8224188e+09 | D76: 89245 | E76: INE757T01025 | F76: 128.06665 | G76: 4.8224188e+09 | H76: 19.209999 | I76: 0.15000001 | J76: 251036896
... A78: AERON IN Equity | B78: AERON COMPOSITE | C78: 2261107000 | D78: 43932 | E78: INE0WL801011 | F78: 2.0587325 | G78: 2261107000 | H78: 132.85001 | I78: 64.529999 | J78: 1566500
A79: AERPACE IN Equity | B79: AERPACE INDUSTRI | C79: 3.8387567e+09 | D79: 242479 | E79: INE175N01023 | G79: 3.8387567e+09 | H79: 24.950001 | I79: -0.32708499 | J79: 136673328
A80: AESTHETI IN Equity | B80: AESTHETIK ENGINE | C80: 1360393825 | D80: 59186 | E80: INE0TSF01011 | G80: 1360393825 | H80: 79
A81: AETHER IN Equity | B81: AETHER INDUSTRIE | C81: 1.0678155e+11 | D81: 88780 | E81: INE0BWX01014 | F81: 127.63956 | G81: 1.0678155e+11 | H81: 805.34998 | I81: 6.3095641 | J81: 132550272
A82: AFCOM IN Equity | B82: AFCOM HOLDINGS L | C82: 1.7037472e+10 | D82: 117397 | E82: INE0OXY01013 | G82: 1.7037472e+10 | H82: 685.40002
A83: AFCONS IN Equity | B83: AFCONS INFRASTUC | C83: 1.5397304e+11 | D83: 1353294 | E83: INE101I01011 | G83: 1.5397304e+11 | H83: 418.64999
A84: AFFLE IN Equity | B84: AFFLE INDIA LTD | C84: 2.2254616e+11 | D84: 333907 | E84: INE00WC01027 | F84: 72.295753 | G84: 2.2254616e+11 | H84: 1584 | I84: 21.91 | J84: 140104416
A85: AFFORDAB IN Equity | B85: AFFORDABLE ROBOT | C85: 4.3343109e+09 | D85: 24739 | E85: INE692Z01013 | F85: 61.271858 | G85: 4.3343109e+09 | H85: 385.39999 | I85: 6.29 | J85: 11246266
A86: AFH IN Equity | B86: ARIHANT FOUNDATI | C86: 7.2016582e+09 | D86: 4030 | E86: INE413D01011 | F86: 46.028664 | G86: 7.2016582e+09 | H86: 722.65002 | I86: 15.7 | J86: 8600000
A87: AFIL IN Equity | B87: AKME FINTRADE IN | C87: 3.1451472e+09 | D87: 3839635 | E87: INE916Y01027 | F87: 12.59829 | G87: 3.1451472e+09 | H87: 7.3699999 | I87: 0.58499999 | J87: 316749960
A88: AFSL IN Equity | B88: ABANS FINANCIAL | C88: 9.3232117e+09 | D88: 66290 | E88: INE00ZE01026 | F88: 11.309203 | G88: 9.3232117e+09 | H88: 184.34 | I88: 16.299999 | J88: 50145952
A89: AGAR IN Equity | B89: AGARWAL INDUSTRI | C89: 1.4668356e+10 | D89: 25047 | E89: INE204E01012 | F89: 13.429883 | G89: 1.4668356e+10 | H89: 980.65002 | I89: 73.019997 | J89: 14957789
A90: AGARWALE IN Equity | B90: DR AGARWAL'S HEA | C90: 1.1526456e+11 | E90: INE943P01029 | G90: 1.1526456e+11 | H90: 364.89999
A91: AGARWALT IN Equity | B91: AGARWAL TOUGHENE | C91: 2.1589524e+09 | D91: 84061 | E91: INE0P8X01016 | G91: 2.1589524e+09 | H91: 122.15
A92: AGIG IN Equity | B92: AGI GREENPAC LTD | C92: 5.2841586e+10 | D92: 249153 | E92: INE415A01038 | F92: 21.023167 | G92: 5.2841586e+10 | H92: 816.75 | I92: 38.849998 | J92: 64697380
A93: AGIIL IN Equity | B93: AGI INFRA LTD | C93: 2.1149586e+10 | D93: 77588 | E93: INE976R01025 | F93: 40.600376 | G93: 2.1149586e+10 | H93: 865.59998 | I93: 21.32 | J93: 24433400
A94: AGLL IN Equity | B94: ALLCARGO LOGISTI | C94: 29237767356 | D94: 4357397 | E94: INE418H01029 | F94: 69.186043 | G94: 29237767356 | H94: 29.75 | I94: 0.43000001 | J94: 982782016
A95: AGOL IN Equity | B95: ASHAPURI GOLD OR | C95: 2.2032099e+09 | D95: 984329 | E95: INE05FR01029 | F95: 26.135757 | G95: 2.2032099e+09 | H95: 6.6100001 | I95: 0.25291021 | J95: 2.9653134e+08
A96: AGRIBIO IN Equity | B96: AGRIBIO SPIRITS | C96: 1.8195803e+09 | D96: 9289 | E96: INE679E01015 | F96: 44.235588 | G96: 1.8195803e+09 | H96: 176.5 | I96: 3.99 | J96: 7684237
A97: AGSL IN Equity | B97: ALMONDS GLOBAL | C97: 3.857456e+09 | D97: 505616 | E97: INE326B01035 | F97: 10.53647 | G97: 3.857456e+09 | H97: 22.389999 | I97: 2.125 | J97: 160859808
A98: AGTL IN Equity | B98: ATHENA GLOBAL TE | C98: 1199027000 | D98: 8250 | E98: INE576B01019 | F98: 0.58316249 | G98: 1199027000 | H98: 85.339996 | I98: 146.34 | J98: 14050000
A99: AHDC IN Equity | B99: ALPINE HOUSING | C99: 2026662066 | D99: 5597 | E99: INE840D01015 | F99: 59.090908 | G99: 2026662066 | H99: 117 | I99: 1.98 | J99: 17321898
A100: AHEL IN Equity | B100: ASIAN HOTELS EAS | C100: 2.3679249e+09 | D100: 12719 | E100: INE926K01017 | F100: 7.4667397 | G100: 2.3679249e+09 | H100: 136.94 | I100: 18.34 | J100: 17291696
A101: AHLU IN Equity | B101: AHLUWALIA CONTRA | C101: 56832245904 | D101: 115372 | E101: INE758C01029 | F101: 15.163539 | G101: 56832245904 | H101: 848.40002 | I101: 55.950001 | J101: 66987560
A102: AHOT IN Equity | B102: ASIAN HOTELS NOR | C102: 6.9418848e+09 | D102: 7288 | E102: INE363A01022 | G102: 6.9418848e+09 | H102: 356.85001 | I102: -44.98 | J102: 19453228
...

Sheet Reporting Format
A1: Format for disclosure of Stress Test & Liquidity Analysis
A3: AMFI Scheme Code | B3: As of (Portfolio date) | C3: Fund name | D3: AUM (Rs. Cr) | E3: Stress Test | G3: Concentration | L3: Volatility | O3: Valuation
E4: Pro-rata liquidation after removing bottom 20% of portfolio based on scrip liquidity (considering 10% PV with 3x volumes) | G4: Liability side | H4: Asset side (AUM held in) | L4: Portfolio Annualised Standard Deviation (%) | M4: Benchmark Annualised Standard Deviation (%) | N4: Portfolio Beta | O4: Portfolio Trailing 12m PE | P4: Benchmark PE | S4: Portfolio Turnover Ratio
E5: 50% portfolio | F5: 25% portfolio | G5: Top 10 investor (%) | H5: Large Cap (%) | I5: Mid Cap (%) | J5: Small Cap (%) | K5: Cash (%) | P5: Trailing 12m PE | Q5: Trailing 12m PE 1 year ago | R5: Trailing 12m PE 2 years ago
E6: (A) | F6: (B) | G6: (C) | H6: (D) | I6: (E) | J6: (F) | K6: (G) | L6: (H) | M6: (I) | N6: (J) | O6: (K) | P6: (L) | Q6: (M) | R6: (N) | S6: (O)
A7: 13750 | B7: 45807 | C7: LIC MF Mid Cap Fund | D7: 334.52642 | E7: 1 | F7: 1 | G7: 5.3518015 | H7: 11.5423 | I7: 66.072 | J7: 19.4544 | K7: 2.9313 | L7: 17.5453 | M7: 17.0063 | N7: 0.9701 | O7: 35.2691 | P7: 34.26 | Q7: 39.46 | R7: 24.98 | S7: 0.57
A8: 13751 | B8: 45807 | C8: LIC MF Small Cap Fund | D8: 575.59051 | E8: 3 | F8: 2 | G8: 9.4141145 | H8: 4.1767 | I8: 11.2612 | J8: 81.0702 | K8: 3.4919 | L8: 19.31 | M8: 19.9884 | N8: 0.8807 | O8: 33.716963 | P8: 32.19 | Q8: 27.72 | R8: 19.5 | S8: 0.88
A10: Note:
A11: (1) 3-Month Daily Average traded volumes on both NSE and BSE.
A12: (2) Large -Cap /Mid Cap /Small Cap as per List Published by AMFI
A13: (3) Standard Deviation(H), Beta(I) and Portfolio Turnover Ratio (N) as per AMFI Best Practice Guidelines Circulars no. 61 & 64 dated 14-Sep-2015 and 29-Oct-2015 respectively and as disclosed in Monthly Factsheets
A14: (4) Cash shall be assumed to be used on a Pro-rata basis
A15: (5) PV – Participation Volume
A16: (6) PE – Price to Earnings Ratio
A19: Explanation:
A20: Stress test results: 1). Stress test results given at column A and B above indicates number of days that will be required to liquidate 50% and 25% of the portfolio respectively on a pro-rata basis, under stress condition. 2). While calculating the time taken to liquidate portfolio on pro-rata basis, the 20% of least liquid securities of the portfolio are ignored. 3). While it is not mandatory for AMCs to sell securities on pro-rate basis (i.e. sell securities in the same ratio as the portfolio composition), for the purpose of stress test it is assumed that Mutual Fund Scheme will sell the securities on pro-rata basis to ensure equal treatment to all investors of the scheme.
A21: Concentration Liability Side: Column C indicates % of AUM held by top 10 investors of the scheme.
A22: Concentration Asset Side: Column D, E and F indicates % of scheme AUM invested in large cap, mid cap and small cap securities, and Column G indicates % held in cash.
A25: Terminologies:
... A32: Portfolio turnover is a measure of how frequently assets within a mutual fund scheme are bought and sold by the fund manager over a given period of time. Portfolio turnover is calculated by taking either the total amount of new securities purchased or the number of securities sold (whichever is less) over a particular period, divided by the total net asset value (NAV) of the fund. The measurement is usually reported for a 12-month time period. For example, a 5% portfolio turnover ratio suggests that 5% of the portfolio holdings changed over a one-year time period. A ratio of 100% or greater indicates that all the securities in the fund were either sold or replaced with other holdings over a one-year period and would have a higher transaction cost.

Sheet Large&Midcap
A1: Stress Test
A2: Pro-rata liquidation after removing bottom 20% of portfolio based on scrip liquidity (considering 10% PV with 3x volumes)
A3: After removing 20% bottom liquid portfolio - Highlighted in red
A5: No. of days for 100% Pro-rata | B5: =_xlfn.XLOOKUP(20%,BZ:BZ,BX:BX,0,1) -> 2.9962882 | E5: Large Cap | F5: 1 | G5: =SUMIFS(BY:BY,CA:CA,F5) -> 0 | I5: P/E Ratio | J5: =SUMPRODUCT(CB12:CB121,BY12:BY121) -> 42.676278
A6: No. of days for 50% Pro-rata | B6: =B5*50% -> 1.4981441 | C6: 50% portfolio | E6: Midcap | F6: 2 | G6: =SUMIFS(BY:BY,CA:CA,F6) -> 0
A7: No. of days for 25% Pro-rata | B7: =B5*25% -> 0.74907204 | C7: 25% portfolio | E7: Smallcap | F7: 3 | G7: =SUMIFS(BY:BY,CA:CA,F7) -> 0
E8: Cash | F8: 247 | G8: =SUMIFS(BY:BY,U:U,F8) -> 0.029508
A11: Fund ID | B11: FUND NAME | C11: ISIN | D11: Security Desc | E11: ISSUER_NAME | F11: INV_TYPE | G11: Maturity Date | H11: HOLDING | I11: YTM | J11: Market Price | K11: Accrued Interest | L11: SEC_RATING_SHORT_TERM | M11: RATING_PROV | N11: SEC_RATING_LONG_TERM | O11: RATING PROV | P11: ASS_INDUSTRY | Q11: MAT_VALUE | R11: Maturity In Years | S11: Total Face Value | T11: NAV_DATE | U11: GTI | V11: SEC CODE | W11: SEC_CURR | X11: WT COST | Y11: Book Cost | Z11: AMORT_COST | AA11: Prev Market Price | AB11: % Price Var | AC11: Mkt Val- Sec curr | AD11: MKT_VAL_FUND_CURR | AE11: YTD Amort-Sec Curr | AF11: Ureal G/L-Currt Day | AG11: Ureal G/L-Prev Day | AH11: Ureal G/L Per Day | AI11: Realised Gain/Loss | AJ11: TNA | AK11: Percentage of TNA | AL11: SEC_CODE_AMC | AM11: PRICE_SOURCE | AN11: ISSUER_ID | AO11: BASIC_MAIN_INDUS | AP11: INT_RATE | AQ11: LAST_COUPON_DT | AR11: NEXT_COUPON_DT | AS11: DAYS_TO_MAT | AT11: INT_FREQ | AU11: PRICE_DT | AV11: SECQUOTPLACE | AW11: Face Value | AX11: Put/Call | AY11: Listed/Unlisted | AZ11: Closing FX rate | BA11: Rating_Crisil | BB11: Rating_ICRA | BC11: Yield_Crisils | BD11: Yield_ICRAs | BE11: Price_Crisils | BF11: Price_ICRAs | BG11: Fund_Type | BH11: Fund Code_Client | BI11: Modified Duration CRISIL | BJ11: Modified Duration ICRA | BK11: Aggregated Modified Duration | BL11: Value of incl Market Value + Accrued Int | BM11: Percentage of TNA Incl. Accrued interest | BN11: Sector | BO11: Aggregated MacD | BP11: Total Amount | BQ11: Amt Outstanding | BR11: Bespoke Pct | BS11: Bespoke Flag | BT11: Annualised_Yield | BU11: Average Volume | BV11: 3x Volume | BW11: =10% -> 0.1 | BX11: Days to Liquidate | BY11: Holding | BZ11: Cumulative Holding | CA11: Market Cap | CB11: P/E Ratio
A12: LEMIDF | B12: LIC MF Large & Mid Cap Fund | C12: INE717A01029 | D12: KENNAMETAL INDIA LTD | E12: Kennametal India Ltd. | F12: Investment - Equities | H12: 131491 | J12: 2314.8 | K12: 0 | P12: Industrial Products | R12: 0 | S12: 1314910 | T12: 45351 | U12: 100 | V12: 148890 | W12: INR | X12: 2502.9964 | Y12: 3.291215e+08 | AA12: 2273.35 | AB12: 1.82 | AC12: 3.0437537e+08 | AD12: 3.0437537e+08 | AE12: 0 | AF12: -24746136 | AG12: -30196438 | AH12: 5450302 | AJ12: 2.5499577e+10 | AK12: 1.1936 | AL12: BBG000D26L52 | AM12: BSE | AN12: 7230 | AO12: Industrial Manufacturing | AQ12: 45070 | AS12: 0 | AU12: 45351 | AV12: NIE | AW12: 10 | AY12: LISTED | AZ12: 1 | BG12: Equity | BH12: LIC170 | BL12: 3.0437537e+08 | BM12: 1.1936 | BN12: Capital Goods | BU12: =IF(A12="","",_xlfn.XLOOKUP(C12,'Bloomberg Data'!E:E,'Bloomberg Data'!D:D,0,0)) -> 4114 | BV12: =IF(A12="","",BU12*3) -> 12342 | BW12: =IF(A12="","",BV12*BW$11) -> 1234.2 | BX12: =IF(A12="","",IF(BU12=0,0,H12/BW12)) -> 106.53946 | BY12: =IF(A12="","",BM12%) -> 0.011936 | BZ12: =IF(A12="","",SUM($BY$12:BY12)) -> 0.011936 | CA12: =IF(A12="","",_xlfn.XLOOKUP(C12,#REF!,#REF!,0,0)) -> #REF! | CB12: =IF(A12="","",_xlfn.XLOOKUP(C12,'Bloomberg Data'!E:E,'Bloomberg Data'!F:F,0,0)) -> 41.112236
A13: LEMIDF | B13: LIC MF Large & Mid Cap Fund | C13: INE291A01017 | D13: GARWARE HI-TECH FILMS LIMITED | E13: Garware Hi-Tech Films Ltd. | F13: Investment - Equities | H13: 153435 | J13: 1903.35 | K13: 0 | P13: Plastic Products - Industrial | R13: 0 | S13: 1534350 | T13: 45351 | U13: 100 | V13: 139277 | W13: INR | X13: 1376.1974 | Y13: 2.1115685e+08 | AA13: 1898.55 | AB13: 0.25 | AC13: 2.9204051e+08 | AD13: 2.9204051e+08 | AE13: 0 | AF13: 80883652 | AG13: 80147164 | AH13: 736488 | AJ13: 2.5499577e+10 | AK13: 1.1453 | AL13: BBG000CRKB27 | AM13: NIE | AN13: 6724 | AO13: Industrial Products | AQ13: 45188 | AS13: 0 | AU13: 45351 | AV13: NIE | AW13: 10 | AY13: LISTED | AZ13: 1 | BG13: Equity | BH13: LIC170 | BL13: 2.9204051e+08 | BM13: 1.1453 | BN13: Capital Goods | BU13: =IF(A13="","",_xlfn.XLOOKUP(C13,'Bloomberg Data'!E:E,'Bloomberg Data'!D:D,0,0)) -> 166008 | BV13: =IF(A13="","",BU13*3) -> 498024 | BW13: =IF(A13="","",BV13*BW$11) -> 49802.4 | BX13: =IF(A13="","",IF(BU13=0,0,H13/BW13)) -> 3.0808756 | BY13: =IF(A13="","",BM13%) -> 0.011453 | BZ13: =IF(A13="","",SUM($BY$12:BY13)) -> 0.023389 | CA13: =IF(A13="","",_xlfn.XLOOKUP(C13,#REF!,#REF!,0,0)) -> #REF! | CB13: =IF(A13="","",_xlfn.XLOOKUP(C13,'Bloomberg Data'!E:E,'Bloomberg Data'!F:F,0,0)) -> 36.422855
A14: LEMIDF | B14: LIC MF Large & Mid Cap Fund | C14: INE753U01022 | D14: DIVGI TORQTRANSFER SYSTEMS LTD | E14: Divgi Torqtransfer Systems Ltd. | F14: Investment - Equities | H14: 122357 | J14: 842.35 | K14: 0 | P14: Auto Components & Equipments | R14: 0 | S14: 611785 | T14: 45351 | U14: 100 | V14: 155036 | W14: INR | X14: 827.1311 | Y14: 1.0120528e+08 | AA14: 838.5 | AB14: 0.46 | AC14: 1.0306742e+08 | AD14: 1.0306742e+08 | AE14: 0 | AF14: 1862143.6 | AG14: 1391069.1 | AH14: 471074.45 | AJ14: 2.5499577e+10 | AK14: 0.4042 | AL14: BBG001BMZMM5 | AM14: NIE | AN14: 796305 | AO14: Auto Components | AQ14: 45128 | AS14: 0 | AU14: 45351 | AV14: NIE | AW14: 5 | AY14: LISTED | AZ14: 1 | BG14: Equity | BH14: LIC170 | BL14: 1.0306742e+08 | BM14: 0.4042 | BN14: Automobile and Auto Components | BU14: =IF(A14="","",_xlfn.XLOOKUP(C14,'Bloomberg Data'!E:E,'Bloomberg Data'!D:D,0,0)) -> 18301 | BV14: =IF(A14="","",BU14*3) -> 54903 | BW14: =IF(A14="","",BV14*BW$11) -> 5490.3 | BX14: =IF(A14="","",IF(BU14=0,0,H14/BW14)) -> 22.286032 | BY14: =IF(A14="","",BM14%) -> 0.004042 | BZ14: =IF(A14="","",SUM($BY$12:BY14)) -> 0.027431 | CA14: =IF(A14="","",_xlfn.XLOOKUP(C14,#REF!,#REF!,0,0)) -> #REF! | CB14: =IF(A14="","",_xlfn.XLOOKUP(C14,'Bloomberg Data'!E:E,'Bloomberg Data'!F:F,0,0)) -> 36.096996
A15: LEMIDF | B15: LIC MF Large & Mid Cap Fund | C15: INE688A01022 | D15: TRANSPORT CORPORATION OF INDIA LTD | E15: Transport Corporation Of India Ltd. | F15: Investment - Equities | H15: 326619 | J15: 830.35 | K15: 0 | P15: Logistics Solution Provider | R15: 0 | S15: 653238 | T15: 45351 | U15: 100 | V15: 16470 | W15: INR | X15: 479.0839 | Y15: 1.5647792e+08 | AA15: 834.45 | AB15: -0.49 | AC15: 2.7120809e+08 | AD15: 2.7120809e+08 | AE15: 0 | AF15: 1.1473017e+08 | AG15: 1.160693e+08 | AH15: -1339137.9 | AJ15: 2.5499577e+10 | AK15: 1.0636 | AL15: BBG000C1YRR7 | AM15: NIE | AN15: 8333 | AO15: Transport Services | AQ15: 45330 | AS15: 0 | AU15: 45351 | AV15: NIE | AW15: 2 | AY15: LISTED | AZ15: 1 | BG15: Equity | BH15: LIC170 | BL15: 2.7120809e+08 | BM15: 1.0636 | BN15: Services | BU15: =IF(A15="","",_xlfn.XLOOKUP(C15,'Bloomberg Data'!E:E,'Bloomberg Data'!D:D,0,0)) -> 35631 | BV15: =IF(A15="","",BU15*3) -> 106893 | BW15: =IF(A15="","",BV15*BW$11) -> 10689.3 | BX15: =IF(A15="","",IF(BU15=0,0,H15/BW15)) -> 30.555696 | BY15: =IF(A15="","",BM15%) -> 0.010636 | BZ15: =IF(A15="","",SUM($BY$12:BY15)) -> 0.038067 | CA15: =IF(A15="","",_xlfn.XLOOKUP(C15,#REF!,#REF!,0,0)) -> #REF! | CB15: =IF(A15="","",_xlfn.XLOOKUP(C15,'Bloomberg Data'!E:E,'Bloomberg Data'!F:F,0,0)) -> 20.116024
A16: LEMIDF | B16: LIC MF Large & Mid Cap Fund | C16: INE531A01024 | D16: KANSAI NEROLAC PAINTS LTD | E16: Kansai Nerolac Paints Ltd. | F16: Investment - Equities | H16: 1090949 | J16: 289.6 | K16: 0 | P16: Paints | R16: 0 | S16: 1090949 | T16: 45351 | U16: 100 | V16: 6658 | W16: INR | X16: 336.762 | Y16: 3.6739017e+08 | AA16: 292 | AB16: -0.82 | AC16: 3.1593883e+08 | AD16: 3.1593883e+08 | AE16: 0 | AF16: -51451339 | AG16: -48833062 | AH16: -2618277.6 | AJ16: 2.5499577e+10 | AK16: 1.239 | AL16: BBG000CRR5L2 | AM16: NIE | AN16: 7206 | AO16: Consumer Durables | AQ16: 45070 | AS16: 0 | AU16: 45351 | AV16: NIE | AW16: 1 | AY16: LISTED | AZ16: 1 | BG16: Equity | BH16: LIC170 | BL16: 3.1593883e+08 | BM16: 1.239 | BN16: Consumer Durables | BU16: =IF(A16="","",_xlfn.XLOOKUP(C16,'Bloomberg Data'!E:E,'Bloomberg Data'!D:D,0,0)) -> 368043 | BV16: =IF(A16="","",BU16*3) -> 1104129 | BW16: =IF(A16="","",BV16*BW$11) -> 110412.9 | BX16: =IF(A16="","",IF(BU16=0,0,H16/BW16)) -> 9.8806299 | BY16: =IF(A16="","",BM16%) -> 0.01239 | BZ16: =IF(A16="","",SUM($BY$12:BY16)) -> 0.050457 | CA16: =IF(A16="","",_xlfn.XLOOKUP(C16,#REF!,#REF!,0,0)) -> #REF! | CB16: =IF(A16="","",_xlfn.XLOOKUP(C16,'Bloomberg Data'!E:E,'Bloomberg Data'!F:F,0,0)) -> 17.542294
A17: LEMIDF | B17: LIC MF Large & Mid Cap Fund | C17: INE419M01027 | D17: TD POWER SYSTEMS LTD | E17: TD Power Systems Ltd. | F17: Investment - Equities | H17: 1286198 | J17: 298.3 | K17: 0 | P17: Heavy Electrical Equipment | R17: 0 | S17: 2572396 | T17: 45351 | U17: 100 | V17: 156816 | W17: INR | X17: 206.1949 | Y17: 2.6520745e+08 | AA17: 293.7 | AB17: 1.57 | AC17: 3.8367286e+08 | AD17: 3.8367286e+08 | AE17: 0 | AF17: 1.1846541e+08 | AG17: 1.125489e+08 | AH17: 5916510.8 | AJ17: 2.5499577e+10 | AK17: 1.5046 | AL17: BBG001CS9208 | AM17: NIE | AN17: 796742 | AO17: Electrical Equipment | AQ17: 45251 | AS17: 0 | AU17: 45351 | AV17: NIE | AW17: 2 | AY17: LISTED | AZ17: 1 | BG17: Equity | BH17: LIC170 | BL17: 3.8367286e+08 | BM17: 1.5046 | BN17: Capital Goods | BU17: =IF(A17="","",_xlfn.XLOOKUP(C17,'Bloomberg Data'!E:E,'Bloomberg Data'!D:D,0,0)) -> 877341 | BV17: =IF(A17="","",BU17*3) -> 2632023 | BW17: =IF(A17="","",BV17*BW$11) -> 263202.3 | BX17: =IF(A17="","",IF(BU17=0,0,H17/BW17)) -> 4.8867278 | BY17: =IF(A17="","",BM17%) -> 0.015046 | BZ17: =IF(A17="","",SUM($BY$12:BY17)) -> 0.065503 | CA17: =IF(A17="","",_xlfn.XLOOKUP(C17,#REF!,#REF!,0,0)) -> #REF! | CB17: =IF(A17="","",_xlfn.XLOOKUP(C17,'Bloomberg Data'!E:E,'Bloomberg Data'!F:F,0,0)) -> 57.044853
A18: LEMIDF | B18: LIC MF Large & Mid Cap Fund | C18: INE387A01021 | D18: SUNDRAM FASTENERS LTD | E18: Sundram Fasteners Ltd. | F18: Investment - Equities | H18: 239925 | J18: 1070.5 | K18: 0 | P18: Auto Components & Equipments | R18: 0 | S18: 239925 | T18: 45351 | U18: 100 | V18: 6792 | W18: INR | X18: 1224.5919 | Y18: 2.9381022e+08 | AA18: 1072.95 | AB18: -0.23 | AC18: 2.5683971e+08 | AD18: 2.5683971e+08 | AE18: 0 | AF18: -36970504 | AG18: -36382688 | AH18: -587816.25 | AJ18: 2.5499577e+10 | AK18: 1.0072 | AL18: BBG000D0JFF4 | AM18: NIE | AN18: 8189 | AO18: Auto Components | AS18: 0 | AU18: 45351 | AV18: NIE | AW18: 1 | AY18: LISTED | AZ18: 1 | BG18: Equity | BH18: LIC170 | BL18: 2.5683971e+08 | BM18: 1.0072 | BN18: Automobile and Auto Components | BU18: =IF(A18="","",_xlfn.XLOOKUP(C18,'Bloomberg Data'!E:E,'Bloomberg Data'!D:D,0,0)) -> 235996 | BV18: =IF(A18="","",BU18*3) -> 707988 | BW18: =IF(A18="","",BV18*BW$11) -> 70798.8 | BX18: =IF(A18="","",IF(BU18=0,0,H18/BW18)) -> 3.3888286 | BY18: =IF(A18="","",BM18%) -> 0.010072 | BZ18: =IF(A18="","",SUM($BY$12:BY18)) -> 0.075575 | CA18: =IF(A18="","",_xlfn.XLOOKUP(C18,#REF!,#REF!,0,0)) -> #REF! | CB18: =IF(A18="","",_xlfn.XLOOKUP(C18,'Bloomberg Data'!E:E,'Bloomberg Data'!F:F,0,0)) -> 35.740452
A19: LEMIDF | B19: LIC MF Large & Mid Cap Fund | C19: INE513A01022 | D19: SCHAEFFLER INDIA LTD | E19: Schaeffler India Ltd. | F19: Investment - Equities | H19: 124186 | J19: 2892.8 | K19: 0 | P19: Auto Components & Equipments | R19: 0 | S19: 248372 | T19: 45351 | U19: 100 | V19: 6555 | W19: INR | X19: 1971.2085 | Y19: 2.447965e+08 | AA19: 2888.4 | AB19: 0.15 | AC19: 3.5924526e+08 | AD19: 3.5924526e+08 | AE19: 0 | AF19: 1.1444876e+08 | AG19: 1.1390234e+08 | AH19: 546418.4 | AJ19: 2.5499577e+10 | AK19: 1.4088 | AL19: BBG000CR3H05 | AM19: NIE | AN19: 6651 | AO19: Auto Components | AQ19: 45026 | AS19: 0 | AU19: 45351 | AV19: NIE | AW19: 2 | AY19: LISTED | AZ19: 1 | BG19: Equity | BH19: LIC170 | BL19: 3.5924526e+08 | BM19: 1.4088 | BN19: Automobile and Auto Components | BU19: =IF(A19="","",_xlfn.XLOOKUP(C19,'Bloomberg Data'!E:E,'Bloomberg Data'!D:D,0,0)) -> 89668 | BV19: =IF(A19="","",BU19*3) -> 269004 | BW19: =IF(A19="","",BV19*BW$11) -> 26900.4 | BX19: =IF(A19="","",IF(BU19=0,0,H19/BW19)) -> 4.6165113 | BY19: =IF(A19="","",BM19%) -> 0.014088 | BZ19: =IF(A19="","",SUM($BY$12:BY19)) -> 0.089663 | CA19: =IF(A19="","",_xlfn.XLOOKUP(C19,#REF!,#REF!,0,0)) -> #REF! | CB19: =IF(A19="","",_xlfn.XLOOKUP(C19,'Bloomberg Data'!E:E,'Bloomberg Data'!F:F,0,0)) -> 57.817673
A20: LEMIDF | B20: LIC MF Large & Mid Cap Fund | C20: INE671A01010 | D20: HONEYWELL AUTOMATION INDIA LTD | E20: Honeywell Automation India Ltd. | F20: Investment - Equities | H20: 11542 | J20: 37930.65 | K20: 0 | P20: Industrial Products | R20: 0 | S20: 115420 | T20: 45351 | U20: 100 | V20: 6610 | W20: INR | X20: 41343.733 | Y20: 4.7718937e+08 | AA20: 37961.95 | AB20: -0.08 | AC20: 4.3779556e+08 | AD20: 4.3779556e+08 | AE20: 0 | AF20: -39393807 | AG20: -39032543 | AH20: -361264.6 | AJ20: 2.5499577e+10 | AK20: 1.7169 | AL20: BBG000D0Z9G9 | AM20: NIE | AN20: 6936 | AO20: Industrial Manufacturing | AQ20: 45140 | AS20: 0 | AU20: 45351 | AV20: NIE | AW20: 10 | AY20: LISTED | AZ20: 1 | BG20: Equity | BH20: LIC170 | BL20: 4.3779556e+08 | BM20: 1.7169 | BN20: Capital Goods | BU20: =IF(A20="","",_xlfn.XLOOKUP(C20,'Bloomberg Data'!E:E,'Bloomberg Data'!D:D,0,0)) -> 6501 | BV20: =IF(A20="","",BU20*3) -> 19503 | BW20: =IF(A20="","",BV20*BW$11) -> 1950.3 | BX20: =IF(A20="","",IF(BU20=0,0,H20/BW20)) -> 5.9180639 | BY20: =IF(A20="","",BM20%) -> 0.017169 | BZ20: =IF(A20="","",SUM($BY$12:BY20)) -> 0.106832 | CA20: =IF(A20="","",_xlfn.XLOOKUP(C20,#REF!,#REF!,0,0)) -> #REF! | CB20: =IF(A20="","",_xlfn.XLOOKUP(C20,'Bloomberg Data'!E:E,'Bloomberg Data'!F:F,0,0)) -> 60.871437
A21: LEMIDF | B21: LIC MF Large & Mid Cap Fund | C21: INE342J01019 | D21: ZF COMMERCIAL VEHICLE CTRL SYS IND LTD. | E21: ZF Commercial Vehicle Ctrl Sys Ind Ltd. | F21: Investment - Equities | H21: 13256 | J21: 14524.05 | K21: 0 | P21: Auto Components & Equipments | R21: 0 | S21: 66280 | T21: 45351 | U21: 100 | V21: 24424 | W21: INR | X21: 14752.069 | Y21: 1.9555342e+08 | AA21: 14575.55 | AB21: -0.35 | AC21: 1.9253081e+08 | AD21: 1.9253081e+08 | AE21: 0 | AF21: -3022615.7 | AG21: -2339931.7 | AH21: -682684 | AJ21: 2.5499577e+10 | AK21: 0.755 | AL21: BBG000VF9L14 | AM21: NIE | AN21: 8479 | AO21: Auto Components | AQ21: 44748 | AS21: 0 | AU21: 45351 | AV21: NIE | AW21: 5 | AY21: LISTED | AZ21: 1 | BG21: Equity | BH21: LIC170 | BL21: 1.9253081e+08 | BM21: 0.755 | BN21: Automobile and Auto Components | BU21: =IF(A21="","",_xlfn.XLOOKUP(C21,'Bloomberg Data'!E:E,'Bloomberg Data'!D:D,0,0)) -> 0 | BV21: =IF(A21="","",BU21*3) -> 0 | BW21: =IF(A21="","",BV21*BW$11) -> 0 | BX21: =IF(A21="","",IF(BU21=0,0,H21/BW21)) -> 0 | BY21: =IF(A21="","",BM21%) -> 0.00755 | BZ21: =IF(A21="","",SUM($BY$12:BY21)) -> 0.114382 | CA21: =IF(A21="","",_xlfn.XLOOKUP(C21,#REF!,#REF!,0,0)) -> #REF! | CB21: =IF(A21="","",_xlfn.XLOOKUP(C21,'Bloomberg Data'!E:E,'Bloomberg Data'!F:F,0,0)) -> 0
A22: LEMIDF | B22: LIC MF Large & Mid Cap Fund | C22: INE955V01021 | D22: ARVIND FASHIONS LTD | E22: Arvind Fashions Ltd. | F22: Investment - Equities | H22: 482998 | J22: 457.5 | K22: 0 | P22: Speciality Retail | R22: 0 | S22: 1931992 | T22: 45351 | U22: 100 | V22: 99994 | W22: INR | X22: 421.0766 | Y22: 2.0337913e+08 | AA22: 460.1 | AB22: -0.57 | AC22: 220971585 | AD22: 220971585 | AE22: 0 | AF22: 17592451 | AG22: 18848245 | AH22: -1255794.8 | AJ22: 2.5499577e+10 | AK22: 0.8666 | AL22: BBG00F33ZXQ7 | AM22: NIE | AN22: 786005 | AO22: Retailing | AS22: 0 | AU22: 45351 | AV22: NIE | AW22: 4 | AY22: LISTED | AZ22: 1 | BG22: Equity | BH22: LIC170 | BL22: 220971585 | BM22: 0.8666 | BN22: Consumer Services | BU22: =IF(A22="","",_xlfn.XLOOKUP(C22,'Bloomberg Data'!E:E,'Bloomberg Data'!D:D,0,0)) -> 421083 | BV22: =IF(A22="","",BU22*3) -> 1263249 | BW22: =IF(A22="","",BV22*BW$11) -> 126324.9 | BX22: =IF(A22="","",IF(BU22=0,0,H22/BW22)) -> 3.8234584 | BY22: =IF(A22="","",BM22%) -> 0.008666 | BZ22: =IF(A22="","",SUM($BY$12:BY22)) -> 0.123048 | CA22: =IF(A22="","",_xlfn.XLOOKUP(C22,#REF!,#REF!,0,0)) -> #REF! | CB22: =IF(A22="","",_xlfn.XLOOKUP(C22,'Bloomberg Data'!E:E,'Bloomberg Data'!F:F,0,0)) -> 105.13263
A23: LEMIDF | B23: LIC MF Large & Mid Cap Fund | C23: INE464A01028 | D23: BHARAT BIJLEE LIMITED | E23: Bharat Bijlee Ltd. | F23: Investment - Equities | H23: 64475 | J23: 5706.55 | K23: 0 | P23: Other Electrical Equipment | R23: 0 | S23: 644750 | T23: 45351 | U23: 100 | V23: 16407 | W23: INR | X23: 3500.6668 | Y23: 2.2570549e+08 | AA23: 5739.7 | AB23: -0.58 | AC23: 3.6792981e+08 | AD23: 3.6792981e+08 | AE23: 0 | AF23: 1.4222432e+08 | AG23: 1.4436167e+08 | AH23: -2137346.2 | AJ23: 2.5499577e+10 | AK23: 1.4429 | AL23: BBG000CP3JY8 | AM23: NIE | AN23: 6238 | AO23: Electrical Equipment | AQ23: 45174 | AS23: 0 | AU23: 45351 | AV23: NIE | AW23: 10 | AY23: LISTED | AZ23: 1 | BG23: Equity | BH23: LIC170 | BL23: 3.6792981e+08 | BM23: 1.4429 | BN23: Capital Goods | BU23: =IF(A23="","",_xlfn.XLOOKUP(C23,'Bloomberg Data'!E:E,'Bloomberg Data'!D:D,0,0)) -> 0 | BV23: =IF(A23="","",BU23*3) -> 0 | BW23: =IF(A23="","",BV23*BW$11) -> 0 | BX23: =IF(A23="","",IF(BU23=0,0,H23/BW23)) -> 0 | BY23: =IF(A23="","",BM23%) -> 0.014429 | BZ23: =IF(A23="","",SUM($BY$12:BY23)) -> 0.137477 | CA23: =IF(A23="","",_xlfn.XLOOKUP(C23,#REF!,#REF!,0,0)) -> #REF! | CB23: =IF(A23="","",_xlfn.XLOOKUP(C23,'Bloomberg Data'!E:E,'Bloomberg Data'!F:F,0,0)) -> 0
A24: LEMIDF | B24: LIC MF Large & Mid Cap Fund | C24: INE169A01031 | D24: COROMANDEL INTERNATIONAL LTD | E24: Coromandel International Ltd. | F24: Investment - Equities | H24: 361059 | J24: 1076.25 | K24: 0 | P24: Fertilizers | R24: 0 | S24: 361059 | T24: 45351 | U24: 100 | V24: 15316 | W24: INR | X24: 869.4265 | Y24: 3.1391426e+08 | AA24: 1048.3 | AB24: 2.67 | AC24: 3.8858975e+08 | AD24: 3.8858975e+08 | AE24: 0 | AF24: 74675485 | AG24: 64583886 | AH24: 10091599 | AJ24: 2.5499577e+10 | AK24: 1.5239 | AL24: BBG000CQ7F43 | AM24: NIE | AN24: 73279 | AO24: Fertilizers & Agrochemicals | AQ24: 45120 | AS24: 0 | AU24: 45351 | AV24: NIE | AW24: 1 | AY24: LISTED | AZ24: 1 | BG24: Equity | BH24: LIC170 | BL24: 3.8858975e+08 | BM24: 1.5239 | BN24: Chemicals | BU24: =IF(A24="","",_xlfn.XLOOKUP(C24,'Bloomberg Data'!E:E,'Bloomberg Data'!D:D,0,0)) -> 672007 | BV24: =IF(A24="","",BU24*3) -> 2016021 | BW24: =IF(A24="","",BV24*BW$11) -> 201602.1 | BX24: =IF(A24="","",IF(BU24=0,0,H24/BW24)) -> 1.7909486 | BY24: =IF(A24="","",BM24%) -> 0.015239 | BZ24: =IF(A24="","",SUM($BY$12:BY24)) -> 0.152716 | CA24: =IF(A24="","",_xlfn.XLOOKUP(C24,#REF!,#REF!,0,0)) -> #REF! | CB24: =IF(A24="","",_xlfn.XLOOKUP(C24,'Bloomberg Data'!E:E,'Bloomberg Data'!F:F,0,0)) -> 31.527836
A25: LEMIDF | B25: LIC MF Large & Mid Cap Fund | C25: INE536H01010 | D25: CIE AUTOMOTIVE INDIA LIMITED | E25: CIE Automotive India Ltd. | F25: Investment - Equities | H25: 551528 | J25: 440.9 | K25: 0 | P25: Auto Components & Equipments | R25: 0 | S25: 5515280 | T25: 45351 | U25: 100 | V25: 24630 | W25: INR | X25: 479.8385 | Y25: 2.6464436e+08 | AA25: 453.65 | AB25: -2.81 | AC25: 2.431687e+08 | AD25: 2.431687e+08 | AE25: 0 | AF25: -21475669 | AG25: -14443687 | AH25: -7031982 | AJ25: 2.5499577e+10 | AK25: 0.9536 | AL25: BBG000NZY5R8 | AM25: NIE | AN25: 7364 | AO25: Auto Components | AQ25: 45078 | AS25: 0 | AU25: 45351 | AV25: NIE | AW25: 10 | AY25: LISTED | AZ25: 1 | BG25: Equity | BH25: LIC170 | BL25: 2.431687e+08 | BM25: 0.9536 | BN25: Automobile and Auto Components | BU25: =IF(A25="","",_xlfn.XLOOKUP(C25,'Bloomberg Data'!E:E,'Bloomberg Data'!D:D,0,0)) -> 214639 | BV25: =IF(A25="","",BU25*3) -> 643917 | BW25: =IF(A25="","",BV25*BW$11) -> 64391.7 | BX25: =IF(A25="","",IF(BU25=0,0,H25/BW25)) -> 8.5652033 | BY25: =IF(A25="","",BM25%) -> 0.009536 | BZ25: =IF(A25="","",SUM($BY$12:BY25)) -> 0.162252 | CA25: =IF(A25="","",_xlfn.XLOOKUP(C25,#REF!,#REF!,0,0)) -> #REF! | CB25: =IF(A25="","",_xlfn.XLOOKUP(C25,'Bloomberg Data'!E:E,'Bloomberg Data'!F:F,0,0)) -> 18.776596
A26: LEMIDF | B26: LIC MF Large & Mid Cap Fund | C26: INE358A01014 | D26: ABBOTT INDIA LTD | E26: Abbott India Ltd. | F26: Investment - Equities | H26: 15353 | J26: 28434.2 | K26: 0 | P26: Pharmaceuticals | R26: 0 | S26: 153530 | T26: 45351 | U26: 100 | V26: 16442 | W26: INR | X26: 22891.503 | Y26: 3.5145324e+08 | AA26: 28610 | AB26: -0.61 | AC26: 4.3655027e+08 | AD26: 4.3655027e+08 | AE26: 0 | AF26: 85097028 | AG26: 87796086 | AH26: -2699057.4 | AJ26: 2.5499577e+10 | AK26: 1.712 | AL26: BBG000CPK597 | AM26: NIE | AN26: 5961 | AO26: Pharmaceuticals & Biotechnology | AS26: 0 | AU26: 45351 | AV26: NIE | AW26: 10 | AY26: LISTED | AZ26: 1 | BG26: Equity | BH26: LIC170 | BL26: 4.3655027e+08 | BM26: 1.712 | BN26: Healthcare | BU26: =IF(A26="","",_xlfn.XLOOKUP(C26,'Bloomberg Data'!E:E,'Bloomberg Data'!D:D,0,0)) -> 15159 | BV26: =IF(A26="","",BU26*3) -> 45477 | BW26: =IF(A26="","",BV26*BW$11) -> 4547.7 | BX26: =IF(A26="","",IF(BU26=0,0,H26/BW26)) -> 3.3759923 | BY26: =IF(A26="","",BM26%) -> 0.01712 | BZ26: =IF(A26="","",SUM($BY$12:BY26)) -> 0.179372 | CA26: =IF(A26="","",_xlfn.XLOOKUP(C26,#REF!,#REF!,0,0)) -> #REF! | CB26: =IF(A26="","",_xlfn.XLOOKUP(C26,'Bloomberg Data'!E:E,'Bloomberg Data'!F:F,0,0)) -> 53.044506
A27: LEMIDF | B27: LIC MF Large & Mid Cap Fund | C27: INE575P01011 | D27: STAR HEALTH & ALLIED INSURANCE CO LTD | E27: Star Health & Allied Insurance Co Ltd. | F27: Investment - Equities | H27: 474236 | J27: 561.5 | K27: 0 | P27: General Insurance | R27: 0 | S27: 4742360 | T27: 45351 | U27: 100 | V27: 138665 | W27: INR | X27: 558.1528 | Y27: 2.6469615e+08 | AA27: 568.3 | AB27: -1.2 | AC27: 266283514 | AD27: 266283514 | AE27: 0 | AF27: 1587365.9 | AG27: 4812170.7 | AH27: -3224804.8 | AJ27: 2.5499577e+10 | AK27: 1.0443 | AL27: BBG001CBRJ26 | AM27: NIE | AN27: 794103 | AO27: Insurance | AS27: 0 | AU27: 45351 | AV27: NIE | AW27: 10 | AY27: LISTED | AZ27: 1 | BG27: Equity | BH27: LIC170 | BL27: 266283514 | BM27: 1.0443 | BN27: Financial Services | BU27: =IF(A27="","",_xlfn.XLOOKUP(C27,'Bloomberg Data'!E:E,'Bloomberg Data'!D:D,0,0)) -> 1280439 | BV27: =IF(A27="","",BU27*3) -> 3841317 | BW27: =IF(A27="","",BV27*BW$11) -> 384131.7 | BX27: =IF(A27="","",IF(BU27=0,0,H27/BW27)) -> 1.2345662 | BY27: =IF(A27="","",BM27%) -> 0.010443 | BZ27: =IF(A27="","",SUM($BY$12:BY27)) -> 0.189815 | CA27: =IF(A27="","",_xlfn.XLOOKUP(C27,#REF!,#REF!,0,0)) -> #REF! | CB27: =IF(A27="","",_xlfn.XLOOKUP(C27,'Bloomberg Data'!E:E,'Bloomberg Data'!F:F,0,0)) -> 35.404175
A28: LEMIDF | B28: LIC MF Large & Mid Cap Fund | C28: INE0FS801015 | D28: MOTHERSON SUMI WIRING INDIA LIMITED | E28: Motherson Sumi Wiring India Ltd. | F28: Investment - Equities | H28: 5447802 | J28: 70.15 | K28: 0 | P28: Auto Components & Equipments | R28: 0 | S28: 5447802 | T28: 45351 | U28: 100 | V28: 140647 | W28: INR | X28: 54.7735 | Y28: 2.9839495e+08 | AA28: 71.05 | AB28: -1.27 | AC28: 3.8216331e+08 | AD28: 3.8216331e+08 | AE28: 0 | AF28: 83768362 | AG28: 88671384 | AH28: -4903021.8 | AJ28: 2.5499577e+10 | AK28: 1.4987 | AL28: BBG014GT0T05 | AM28: NIE | AN28: 794284 | AO28: Auto Components | AQ28: 45146 | AS28: 0 | AU28: 45351 | AV28: NIE | AW28: 1 | AY28: LISTED | AZ28: 1 | BG28: Equity | BH28: LIC170 | BL28: 3.8216331e+08 | BM28: 1.4987 | BN28: Automobile and Auto Components | BU28: =IF(A28="","",_xlfn.XLOOKUP(C28,'Bloomberg Data'!E:E,'Bloomberg Data'!D:D,0,0)) -> 6060612 | BV28: =IF(A28="","",BU28*3) -> 18181836 | BW28: =IF(A28="","",BV28*BW$11) -> 1818183.6 | BX28: =IF(A28="","",IF(BU28=0,0,H28/BW28)) -> 2.9962882 | BY28: =IF(A28="","",BM28%) -> 0.014987 | BZ28: =IF(A28="","",SUM($BY$12:BY28)) -> 0.204802 | CA28: =IF(A28="","",_xlfn.XLOOKUP(C28,#REF!,#REF!,0,0)) -> #REF! | CB28: =IF(A28="","",_xlfn.XLOOKUP(C28,'Bloomberg Data'!E:E,'Bloomberg Data'!F:F,0,0)) -> 38.993004
A29: LEMIDF | B29: LIC MF Large & Mid Cap Fund | C29: INE0LCL01028 | D29: AVALON TECHNOLOGIES LTD. | E29: Avalon Technologies Ltd. | F29: Investment - Equities | H29: 152794 | J29: 530.95 | K29: 0 | P29: Other Electrical Equipment | R29: 0 | S29: 305588 | T29: 45351 | U29: 100 | V29: 156556 | W29: INR | X29: 500.9207 | Y29: 76537678 | AA29: 521.95 | AB29: 1.72 | AC29: 81125974 | AD29: 81125974 | AE29: 0 | AF29: 4588296.2 | AG29: 3213150.2 | AH29: 1375146 | AJ29: 2.5499577e+10 | AK29: 0.3181 | AL29: BBG001BMZSY9 | AM29: NIE | AN29: 796697 | AO29: Electrical Equipment | AS29: 0 | AU29: 45351 | AV29: NIE | AW29: 2 | AY29: LISTED | AZ29: 1 | BG29: Equity | BH29: LIC170 | BL29: 81125974 | BM29: 0.3181 | BN29: Capital Goods | BU29: =IF(A29="","",_xlfn.XLOOKUP(C29,'Bloomberg Data'!E:E,'Bloomberg Data'!D:D,0,0)) -> 511297 | BV29: =IF(A29="","",BU29*3) -> 1533891 | BW29: =IF(A29="","",BV29*BW$11) -> 153389.1 | BX29: =IF(A29="","",IF(BU29=0,0,H29/BW29)) -> 0.99612032 | BY29: =IF(A29="","",BM29%) -> 0.003181 | BZ29: =IF(A29="","",SUM($BY$12:BY29)) -> 0.207983 | CA29: =IF(A29="","",_xlfn.XLOOKUP(C29,#REF!,#REF!,0,0)) -> #REF! | CB29: =IF(A29="","",_xlfn.XLOOKUP(C29,'Bloomberg Data'!E:E,'Bloomberg Data'!F:F,0,0)) -> 200.72261
A30: LEMIDF | B30: LIC MF Large & Mid Cap Fund | C30: INE839M01018 | D30: SCHNEIDER ELECTRIC INFRASTRUCTURE LTD | E30: Schneider Electric Infrastructure Ltd. | F30: Investment - Equities | H30: 368641 | J30: 637.2 | K30: 0 | P30: Heavy Electrical Equipment | R30: 0 | S30: 737282 | T30: 45351 | U30: 100 | V30: 164974 | W30: INR | X30: 560.8789 | Y30: 2.0676298e+08 | AA30: 616.1 | AB30: 3.42 | AC30: 2.3489805e+08 | AD30: 2.3489805e+08 | AE30: 0 | AF30: 28135069 | AG30: 20356744 | AH30: 7778325.1 | AJ30: 2.5499577e+10 | AK30: 0.9212 | AL30: BBG0029TYYK8 | AM30: NIE | AN30: 797930 | AO30: Electrical Equipment | AS30: 0 | AU30: 45351 | AV30: NIE | AW30: 2 | AY30: LISTED | AZ30: 1 | BG30: Equity | BH30: LIC170 | BL30: 2.3489805e+08 | BM30: 0.9212 | BN30: Capital Goods | BU30: =IF(A30="","",_xlfn.XLOOKUP(C30,'Bloomberg Data'!E:E,'Bloomberg Data'!D:D,0,0)) -> 364320 | BV30: =IF(A30="","",BU30*3) -> 1092960 | BW30: =IF(A30="","",BV30*BW$11) -> 109296 | BX30: =IF(A30="","",IF(BU30=0,0,H30/BW30)) -> 3.3728682 | BY30: =IF(A30="","",BM30%) -> 0.009212 | BZ30: =IF(A30="","",SUM($BY$12:BY30)) -> 0.217195 | CA30: =IF(A30="","",_xlfn.XLOOKUP(C30,#REF!,#REF!,0,0)) -> #REF! | CB30: =IF(A30="","",_xlfn.XLOOKUP(C30,'Bloomberg Data'!E:E,'Bloomberg Data'!F:F,0,0)) -> 80.041725
A31: LEMIDF | B31: LIC MF Large & Mid Cap Fund | C31: INE405E01023 | D31: UNO MINDA LTD | E31: UNO Minda Ltd. | F31: Investment - Equities | H31: 248117 | J31: 669.6 | K31: 0 | P31: Auto Components & Equipments | R31: 0 | S31: 496234 | T31: 45351 | U31: 100 | V31: 81534 | W31: INR | X31: 538.826 | Y31: 1.3369189e+08 | AA31: 655.9 | AB31: 2.09 | AC31: 1.6613914e+08 | AD31: 1.6613914e+08 | AE31: 0 | AF31: 32447257 | AG31: 29048054 | AH31: 3399202.9 | AJ31: 2.5499577e+10 | AK31: 0.6515 | AL31: BBG000BSTSN7 | AM31: NIE | AN31: 782034 | AO31: Auto Components | AQ31: 45336 | AS31: 0 | AU31: 45351 | AV31: NIE | AW31: 2 | AY31: LISTED | AZ31: 1 | BG31: Equity | BH31: LIC170 | BL31: 1.6613914e+08 | BM31: 0.6515 | BN31: Automobile and Auto Components | BU31: =IF(A31="","",_xlfn.XLOOKUP(C31,'Bloomberg Data'!E:E,'Bloomberg Data'!D:D,0,0)) -> 887466 | BV31: =IF(A31="","",BU31*3) -> 2662398 | BW31: =IF(A31="","",BV31*BW$11) -> 266239.8 | BX31: =IF(A31="","",IF(BU31=0,0,H31/BW31)) -> 0.93193054 | BY31: =IF(A31="","",BM31%) -> 0.006515 | BZ31: =IF(A31="","",SUM($BY$12:BY31)) -> 0.22371 | CA31: =IF(A31="","",_xlfn.XLOOKUP(C31,#REF!,#REF!,0,0)) -> #REF! | CB31: =IF(A31="","",_xlfn.XLOOKUP(C31,'Bloomberg Data'!E:E,'Bloomberg Data'!F:F,0,0)) -> 58.216148
A32: LEMIDF | B32: LIC MF Large & Mid Cap Fund | C32: INE048G01026 | D32: NAVIN FLUORINE INTERNATIONAL LTD | E32: Navin Fluorine International Ltd. | F32: Investment - Equities | H32: 95671 | J32: 3021.1 | K32: 0 | P32: Commodity Chemicals | R32: 0 | S32: 191342 | T32: 45351 | U32: 100 | V32: 51367 | W32: INR | X32: 4094.5275 | Y32: 3.9172754e+08 | AA32: 3017.7 | AB32: 0.11 | AC32: 2.8903166e+08 | AD32: 2.8903166e+08 | AE32: 0 | AF32: -1.0269588e+08 | AG32: -1.0302116e+08 | AH32: 325281.4 | AJ32: 2.5499577e+10 | AK32: 1.1335 | AL32: BBG000BSGBP6 | AM32: NIE | AN32: 772790 | AO32: Chemicals & Petrochemicals | AQ32: 45239 | AS32: 0 | AU32: 45351 | AV32: NIE | AW32: 2 | AY32: LISTED | AZ32: 1 | BG32: Equity | BH32: LIC170 | BL32: 2.8903166e+08 | BM32: 1.1335 | BN32: Chemicals | BU32: =IF(A32="","",_xlfn.XLOOKUP(C32,'Bloomberg Data'!E:E,'Bloomberg Data'!D:D,0,0)) -> 241090 | BV32: =IF(A32="","",BU32*3) -> 723270 | BW32: =IF(A32="","",BV32*BW$11) -> 72327 | BX32: =IF(A32="","",IF(BU32=0,0,H32/BW32)) -> 1.3227564 | BY32: =IF(A32="","",BM32%) -> 0.011335 | BZ32: =IF(A32="","",SUM($BY$12:BY32)) -> 0.235045 | CA32: =IF(A32="","",_xlfn.XLOOKUP(C32,#REF!,#REF!,0,0)) -> #REF! | CB32: =IF(A32="","",_xlfn.XLOOKUP(C32,'Bloomberg Data'!E:E,'Bloomberg Data'!F:F,0,0)) -> 82.858719
A33: LEMIDF | B33: LIC MF Large & Mid Cap Fund | C33: INE398R01022 | D33: SYNGENE INTERNATIONAL LTD | E33: Syngene International Ltd. | F33: Investment - Equities | H33: 403508 | J33: 706.05 | K33: 0 | P33: Healthcare Research, Analytics & Technology | R33: 0 | S33: 4035080 | T33: 45351 | U33: 100 | V33: 60748 | W33: INR | X33: 720.0387 | Y33: 2.9054136e+08 | AA33: 708.9 | AB33: -0.4 | AC33: 2.8489682e+08 | AD33: 2.8489682e+08 | AE33: 0 | AF33: -5644534.2 | AG33: -4494536.4 | AH33: -1149997.8 | AJ33: 2.5499577e+10 | AK33: 1.1173 | AL33: BBG001BT00L7 | AM33: NIE | AN33: 776309 | AO33: Healthcare Services | AS33: 0 | AU33: 45351 | AV33: NIE | AW33: 10 | AY33: LISTED | AZ33: 1 | BG33: Equity | BH33: LIC170 | BL33: 2.8489682e+08 | BM33: 1.1173 | BN33: Healthcare | BU33: =IF(A33="","",_xlfn.XLOOKUP(C33,'Bloomberg Data'!E:E,'Bloomberg Data'!D:D,0,0)) -> 1326412 | BV33: =IF(A33="","",BU33*3) -> 3979236 | BW33: =IF(A33="","",BV33*BW$11) -> 397923.6 | BX33: =IF(A33="","",IF(BU33=0,0,H33/BW33)) -> 1.0140338 | BY33: =IF(A33="","",BM33%) -> 0.011173 | BZ33: =IF(A33="","",SUM($BY$12:BY33)) -> 0.246218 | CA33: =IF(A33="","",_xlfn.XLOOKUP(C33,#REF!,#REF!,0,0)) -> #REF! | CB33: =IF(A33="","",_xlfn.XLOOKUP(C33,'Bloomberg Data'!E:E,'Bloomberg Data'!F:F,0,0)) -> 51.34008
A34: LEMIDF | B34: LIC MF Large & Mid Cap Fund | C34: INE126A01031 | D34: E.I.D. PARRY (INDIA) LTD | E34: EID Parry India Ltd. | F34: Investment - Equities | H34: 355804 | J34: 629.5 | K34: 0 | P34: Fertilizers | R34: 0 | S34: 355804 | T34: 45351 | U34: 100 | V34: 6539 | W34: INR | X34: 566.5568 | Y34: 2.0158319e+08 | AA34: 622.4 | AB34: 1.14 | AC34: 223978618 | AD34: 223978618 | AE34: 0 | AF34: 22395430 | AG34: 19869222 | AH34: 2526208.4 | AJ34: 2.5499577e+10 | AK34: 0.8784 | AL34: BBG000CQR2R5 | AM34: NIE | AN34: 6590 | AO34: Fertilizers & Agrochemicals | AS34: 0 | AU34: 45351 | AV34: NIE | AW34: 1 | AY34: LISTED | AZ34: 1 | BG34: Equity | BH34: LIC170 | BL34: 223978618 | BM34: 0.8784 | BN34: Chemicals | BU34: =IF(A34="","",_xlfn.XLOOKUP(C34,'Bloomberg Data'!E:E,'Bloomberg Data'!D:D,0,0)) -> 284560 | BV34: =IF(A34="","",BU34*3) -> 853680 | BW34: =IF(A34="","",BV34*BW$11) -> 85368 | BX34: =IF(A34="","",IF(BU34=0,0,H34/BW34)) -> 4.1678849 | BY34: =IF(A34="","",BM34%) -> 0.008784 | BZ34: =IF(A34="","",SUM($BY$12:BY34)) -> 0.255002 | CA34: =IF(A34="","",_xlfn.XLOOKUP(C34,#REF!,#REF!,0,0)) -> #REF! | CB34: =IF(A34="","",_xlfn.XLOOKUP(C34,'Bloomberg Data'!E:E,'Bloomberg Data'!F:F,0,0)) -> 16.127663
A35: LEMIDF | B35: LIC MF Large & Mid Cap Fund | C35: INE621L01012 | D35: TEXMACO RAIL & ENGINEERING LTD | E35: Texmaco Rail & Engineering Ltd. | F35: Investment - Equities | H35: 1848228 | J35: 190.35 | K35: 0 | P35: Industrial Products | R35: 0 | S35: 1848228 | T35: 45351 | U35: 100 | V35: 24681 | W35: INR | X35: 151.2613 | Y35: 2.795654e+08 | AA35: 185.7 | AB35: 2.5 | AC35: 3.518102e+08 | AD35: 3.518102e+08 | AE35: 0 | AF35: 72244804 | AG35: 63657986 | AH35: 8586818 | AJ35: 2.5499577e+10 | AK35: 1.3797 | AL35: BBG000QF4JJ1 | AM35: NIE | AN35: 75305 | AO35: Industrial Manufacturing | AS35: 0 | AU35: 45351 | AV35: NIE | AW35: 1 | AY35: LISTED | AZ35: 1 | BG35: Equity | BH35: LIC170 | BL35: 3.518102e+08 | BM35: 1.3797 | BN35: Capital Goods | BU35: =IF(A35="","",_xlfn.XLOOKUP(C35,'Bloomberg Data'!E:E,'Bloomberg Data'!D:D,0,0)) -> 2946898 | BV35: =IF(A35="","",BU35*3) -> 8840694 | BW35: =IF(A35="","",BV35*BW$11) -> 884069.4 | BX35: =IF(A35="","",IF(BU35=0,0,H35/BW35)) -> 2.0905915 | BY35: =IF(A35="","",BM35%) -> 0.013797 | BZ35: =IF(A35="","",SUM($BY$12:BY35)) -> 0.268799 | CA35: =IF(A35="","",_xlfn.XLOOKUP(C35,#REF!,#REF!,0,0)) -> #REF! | CB35: =IF(A35="","",_xlfn.XLOOKUP(C35,'Bloomberg Data'!E:E,'Bloomberg Data'!F:F,0,0)) -> 40.957447
A36: LEMIDF | B36: LIC MF Large & Mid Cap Fund | C36: INE180A01020 | D36: MAX FINANCIAL SERVICES LTD | E36: Max Financial Services Ltd. | F36: Investment - Equities | H36: 348358 | J36: 969.7 | K36: 0 | P36: Life Insurance | R36: 0 | S36: 696716 | T36: 45351 | U36: 100 | V36: 15324 | W36: INR | X36: 918.2984 | Y36: 3.1989659e+08 | AA36: 964.35 | AB36: 0.55 | AC36: 3.3780275e+08 | AD36: 3.3780275e+08 | AE36: 0 | AF36: 17906162 | AG36: 16042447 | AH36: 1863715.3 | AJ36: 2.5499577e+10 | AK36: 1.3247 | AL36: BBG000CW8248 | AM36: NIE | AN36: 73289 | AO36: Insurance | AS36: 0 | AU36: 45351 | AV36: NIE | AW36: 2 | AY36: LISTED | AZ36: 1 | BG36: Equity | BH36: LIC170 | BL36: 3.3780275e+08 | BM36: 1.3247 | BN36: Financial Services | BU36: =IF(A36="","",_xlfn.XLOOKUP(C36,'Bloomberg Data'!E:E,'Bloomberg Data'!D:D,0,0)) -> 1073967 | BV36: =IF(A36="","",BU36*3) -> 3221901 | BW36: =IF(A36="","",BV36*BW$11) -> 322190.1 | BX36: =IF(A36="","",IF(BU36=0,0,H36/BW36)) -> 1.0812188 | BY36: =IF(A36="","",BM36%) -> 0.013247 | BZ36: =IF(A36="","",SUM($BY$12:BY36)) -> 0.282046 | CA36: =IF(A36="","",_xlfn.XLOOKUP(C36,#REF!,#REF!,0,0)) -> #REF! | CB36: =IF(A36="","",_xlfn.XLOOKUP(C36,'Bloomberg Data'!E:E,'Bloomberg Data'!F:F,0,0)) -> 132.4873
A37: LEMIDF | B37: LIC MF Large & Mid Cap Fund | C37: INE530B01024 | D37: IIFL FINANCE LTD | E37: IIFL Finance Ltd. | F37: Investment - Equities | H37: 514076 | J37: 590.35 | K37: 0 | P37: Non Banking Financial Company (NBFC) | R37: 0 | S37: 1028152 | T37: 45351 | U37: 100 | V37: 6626 | W37: INR | X37: 636.6873 | Y37: 3.2730564e+08 | AA37: 581.25 | AB37: 1.57 | AC37: 3.0348477e+08 | AD37: 3.0348477e+08 | AE37: 0 | AF37: -23820870 | AG37: -28498961 | AH37: 4678091.6 | AJ37: 2.5499577e+10 | AK37: 1.1902 | AL37: BBG000BG42S2 | AM37: NIE | AN37: 7013 | AO37: Finance | AQ37: 45315 | AS37: 0 | AU37: 45351 | AV37: NIE | AW37: 2 | AY37: LISTED | AZ37: 1 | BG37: Equity | BH37: LIC170 | BL37: 3.0348477e+08 | BM37: 1.1902 | BN37: Financial Services | BU37: =IF(A37="","",_xlfn.XLOOKUP(C37,'Bloomberg Data'!E:E,'Bloomberg Data'!D:D,0,0)) -> 2391553 | BV37: =IF(A37="","",BU37*3) -> 7174659 | BW37: =IF(A37="","",BV37*BW$11) -> 717465.9 | BX37: =IF(A37="","",IF(BU37=0,0,H37/BW37)) -> 0.71651628 | BY37: =IF(A37="","",BM37%) -> 0.011902 | BZ37: =IF(A37="","",SUM($BY$12:BY37)) -> 0.293948 | CA37: =IF(A37="","",_xlfn.XLOOKUP(C37,#REF!,#REF!,0,0)) -> #REF! | CB37: =IF(A37="","",_xlfn.XLOOKUP(C37,'Bloomberg Data'!E:E,'Bloomberg Data'!F:F,0,0)) -> 7.9885597
A38: LEMIDF | B38: LIC MF Large & Mid Cap Fund | C38: INE647O01011 | D38: ADITYA BIRLA FASHION & RETAIL LTD | E38: Aditya Birla Fashion and Retail Ltd. | F38: Investment - Equities | H38: 1478767 | J38: 225.2 | K38: 0 | P38: Speciality Retail | R38: 0 | S38: 14787670 | T38: 45351 | U38: 100 | V38: 56602 | W38: INR | X38: 237.4738 | Y38: 3.5116849e+08 | AA38: 230.9 | AB38: -2.47 | AC38: 3.3301833e+08 | AD38: 3.3301833e+08 | AE38: 0 | AF38: -18150160 | AG38: -9721188.2 | AH38: -8428971.9 | AJ38: 2.5499577e+10 | AK38: 1.306 | AL38: BBG001HSF3J4 | AM38: NIE | AN38: 774764 | AO38: Retailing | AS38: 0 | AU38: 45351 | AV38: NIE | AW38: 10 | AY38: LISTED | AZ38: 1 | BG38: Equity | BH38: LIC170 | BL38: 3.3301833e+08 | BM38: 1.306 | BN38: Consumer Services | BU38: =IF(A38="","",_xlfn.XLOOKUP(C38,'Bloomberg Data'!E:E,'Bloomberg Data'!D:D,0,0)) -> 2351459 | BV38: =IF(A38="","",BU38*3) -> 7054377 | BW38: =IF(A38="","",BV38*BW$11) -> 705437.7 | BX38: =IF(A38="","",IF(BU38=0,0,H38/BW38)) -> 2.0962404 | BY38: =IF(A38="","",BM38%) -> 0.01306 | BZ38: =IF(A38="","",SUM($BY$12:BY38)) -> 0.307008 | CA38: =IF(A38="","",_xlfn.XLOOKUP(C38,#REF!,#REF!,0,0)) -> #REF! | CB38: =IF(A38="","",_xlfn.XLOOKUP(C38,'Bloomberg Data'!E:E,'Bloomberg Data'!F:F,0,0)) -> 0
A39: LEMIDF | B39: LIC MF Large & Mid Cap Fund | C39: INE503A01015 | D39: DCB BANK LTD | E39: DCB Bank Ltd. | F39: Investment - Equities | H39: 1327729 | J39: 127.95 | K39: 0 | P39: Private Sector Bank | R39: 0 | S39: 13277290 | T39: 45351 | U39: 100 | V39: 16416 | W39: INR | X39: 113.4457 | Y39: 1.5062519e+08 | AA39: 128.85 | AB39: -0.7 | AC39: 1.6988293e+08 | AD39: 1.6988293e+08 | AE39: 0 | AF39: 19257739 | AG39: 20452696 | AH39: -1194956.1 | AJ39: 2.5499577e+10 | AK39: 0.6662 | AL39: BBG000PQ2TS8 | AM39: NIE | AN39: 6527 | AO39: Banks | AQ39: 45091 | AS39: 0 | AU39: 45351 | AV39: NIE | AW39: 10 | AY39: LISTED | AZ39: 1 | BG39: Equity | BH39: LIC170 | BL39: 1.6988293e+08 | BM39: 0.6662 | BN39: Financial Services | BU39: =IF(A39="","",_xlfn.XLOOKUP(C39,'Bloomberg Data'!E:E,'Bloomberg Data'!D:D,0,0)) -> 1709865 | BV39: =IF(A39="","",BU39*3) -> 5129595 | BW39: =IF(A39="","",BV39*BW$11) -> 512959.5 | BX39: =IF(A39="","",IF(BU39=0,0,H39/BW39)) -> 2.58837 | BY39: =IF(A39="","",BM39%) -> 0.006662 | BZ39: =IF(A39="","",SUM($BY$12:BY39)) -> 0.31367 | CA39: =IF(A39="","",_xlfn.XLOOKUP(C39,#REF!,#REF!,0,0)) -> #REF! | CB39: =IF(A39="","",_xlfn.XLOOKUP(C39,'Bloomberg Data'!E:E,'Bloomberg Data'!F:F,0,0)) -> 6.8994389
A40: LEMIDF | B40: LIC MF Large & Mid Cap Fund | C40: INE465A01025 | D40: BHARAT FORGE LTD | E40: Bharat Forge Ltd. | F40: Investment - Equities | H40: 327439 | J40: 1151 | K40: 0 | P40: Castings & Forgings | R40: 0 | S40: 654878 | T40: 45351 | U40: 100 | V40: 6491 | W40: INR | X40: 706.1422 | Y40: 2.3121849e+08 | AA40: 1152.25 | AB40: -0.11 | AC40: 376882289 | AD40: 376882289 | AE40: 0 | AF40: 1.456638e+08 | AG40: 1.460731e+08 | AH40: -409298.75 | AJ40: 2.5499577e+10 | AK40: 1.478 | AL40: BBG000CP4ZP1 | AM40: NIE | AN40: 6242 | AO40: Industrial Products | AQ40: 45344 | AS40: 0 | AU40: 45351 | AV40: NIE | AW40: 2 | AY40: LISTED | AZ40: 1 | BG40: Equity | BH40: LIC170 | BL40: 376882289 | BM40: 1.478 | BN40: Capital Goods | BU40: =IF(A40="","",_xlfn.XLOOKUP(C40,'Bloomberg Data'!E:E,'Bloomberg Data'!D:D,0,0)) -> 1511525 | BV40: =IF(A40="","",BU40*3) -> 4534575 | BW40: =IF(A40="","",BV40*BW$11) -> 453457.5 | BX40: =IF(A40="","",IF(BU40=0,0,H40/BW40)) -> 0.72209413 | BY40: =IF(A40="","",BM40%) -> 0.01478 | BZ40: =IF(A40="","",SUM($BY$12:BY40)) -> 0.32845 | CA40: =IF(A40="","",_xlfn.XLOOKUP(C40,#REF!,#REF!,0,0)) -> #REF! | CB40: =IF(A40="","",_xlfn.XLOOKUP(C40,'Bloomberg Data'!E:E,'Bloomberg Data'!F:F,0,0)) -> 54.047966
